Workbook

Sheet Resumo
B1: RESUMO
C2: Mínimo | D2: Média | E2: Mediana | F2: Média Aparada
B3: ='Eventos_IRP '!D3 -> GRUPO I - ALIMENTAÇÃO E BEBIDAS | C3: ='Eventos_IRP '!BJ24 -> 2335465.5 | D3: ='Eventos_IRP '!BK24 -> 5688590.2 | E3: ='Eventos_IRP '!BL24 -> 4102318 | F3: ='Eventos_IRP '!N24 -> 7870940.2
B4: ='Eventos_IRP '!D25 -> GRUPO II - INSTALAÇÕES | C4: ='Eventos_IRP '!BJ47 -> 1710561.5 | D4: ='Eventos_IRP '!BK47 -> 9115799 | E4: ='Eventos_IRP '!BL47 -> 5248571.5 | F4: ='Eventos_IRP '!N47 -> 8832104.2
B5: ='Eventos_IRP '!D48 -> GRUPO III - COMUNICAÇÃO VISUAL | C5: ='Eventos_IRP '!BJ55 -> 348126 | D5: ='Eventos_IRP '!BK55 -> 1131262 | E5: ='Eventos_IRP '!BL55 -> 1074263 | F5: ='Eventos_IRP '!N55 -> 1528846.7
B6: ='Eventos_IRP '!D56 -> GRUPO IV - EQUIPAMENTOS | C6: ='Eventos_IRP '!BJ86 -> 667709.9 | D6: ='Eventos_IRP '!BK86 -> 3643129 | E6: ='Eventos_IRP '!BL86 -> 2479716.1 | F6: ='Eventos_IRP '!N86 -> 4139715.4
B7: ='Eventos_IRP '!D87 -> GRUPO V - INFRA AUDIOVISUAL | C7: ='Eventos_IRP '!BJ141 -> 3946180.7 | D7: ='Eventos_IRP '!BK141 -> 24174000 | E7: ='Eventos_IRP '!BL141 -> 11647764 | F7: ='Eventos_IRP '!N141 -> 18354356
B8: ='Eventos_IRP '!D142 -> GRUPO VI - INSUMOS GRÁFICOS | C8: ='Eventos_IRP '!BJ167 -> 1354516 | D8: ='Eventos_IRP '!BK167 -> 5170900.1 | E8: ='Eventos_IRP '!BL167 -> 3351970 | F8: ='Eventos_IRP '!N167 -> 9504101.5
B9: ='Eventos_IRP '!D168 -> GRUPO VII - MOBILIÁRIO | C9: ='Eventos_IRP '!BJ227 -> 2079368 | D9: ='Eventos_IRP '!BK227 -> 9197293.9 | E9: ='Eventos_IRP '!BL227 -> 5385609.3 | F9: ='Eventos_IRP '!N227 -> 6873594.6
B10: ='Eventos_IRP '!D228 -> GRUPO VIII - ORNAMENTAÇÃO | C10: ='Eventos_IRP '!BJ252 -> 258324.28 | D10: ='Eventos_IRP '!BK252 -> 1071286.5 | E10: ='Eventos_IRP '!BL252 -> 752273.17 | F10: ='Eventos_IRP '!N252 -> 1268896.5
B11: ='Eventos_IRP '!D253 -> GRUPO IX - PRODUÇÃO | C11: ='Eventos_IRP '!BJ265 -> 4159924.6 | D11: ='Eventos_IRP '!BK265 -> 27238197 | E11: ='Eventos_IRP '!BL265 -> 14258207 | F11: ='Eventos_IRP '!N265 -> 16428202
B12: ='Eventos_IRP '!D266 -> GRUPO X- RECURSOS HUMANOS | C12: ='Eventos_IRP '!BJ289 -> 968973.94 | D12: ='Eventos_IRP '!BK289 -> 3664757.7 | E12: ='Eventos_IRP '!BL289 -> 2434752.2 | F12: ='Eventos_IRP '!N289 -> 4419781.2
B13: ='Eventos_IRP '!D290 -> GRUPO XI - TECNOLOGIA | C13: ='Eventos_IRP '!BJ311 -> 2878456.7 | D13: ='Eventos_IRP '!BK311 -> 9110222.1 | E13: ='Eventos_IRP '!BL311 -> 4970652.8 | F13: ='Eventos_IRP '!N311 -> 6161508.1
B14: ='Eventos_IRP '!D312 -> GRUPO XII - TRANSPORTES | C14: ='Eventos_IRP '!BJ320 -> 150900 | D14: ='Eventos_IRP '!BK320 -> 467407.7 | E14: ='Eventos_IRP '!BL320 -> 321187.5 | F14: ='Eventos_IRP '!N320 -> 706825.82
B15: ='Eventos_IRP '!D321 -> GRUPO XIII - SERVIÇOS EVENTUAIS | C15: ='Eventos_IRP '!$N$323 -> 5625641 | D15: ='Eventos_IRP '!$N$323 -> 5625641 | E15: ='Eventos_IRP '!$N$323 -> 5625641 | F15: ='Eventos_IRP '!$N$323 -> 5625641
B16: TOTAL | C16: =SUM(C3:C15) -> 26484148 | D16: =SUM(D3:D15) -> 1.0529849e+08 | E16: =SUM(E3:E15) -> 61652926 | F16: =SUM(F3:F15) -> 91714513
B18: ='UASG 160060'!F2 -> UASG 160060 | C18: ='UASG 160060'!I1 -> 1180552.2
B19: ='UASG 389087'!F2 -> UASG 389087 | C19: ='UASG 389087'!I1 -> 13630247
B20: ='UASG 389092'!F2 -> UASG 389092 | C20: ='UASG 389092'!I1 -> 702395.5
B21: ='UASG 926265'!F2 -> UASG 926265 | C21: ='UASG 926265'!I1 -> 727952.39
B22: ='UASG 389086'!F2 -> UASG 389086 | C22: ='UASG 389086'!I1 -> 8759250.7
B23: TOTAL | C23: =SUM(C18:C22) -> 25000398

Sheet Eventos_IRP 
D1: PLANILHA ESTIMATIVA DE PREÇOS | M1: VALOR TOTAL | N1: =N24+N47+N55+N86+N141+N167+N227+N252+N265+N289+N311+N320+N323 -> 91714513
A2: ITEM | B2: GRUPO | C2: TIPO DE SERVIÇO OU PRODUTO | D2: ESPECIFICAÇÕES DETALHADAS | E2: UNIDADE | F2: QUANTIDADE CONFEA | G2: UASG 160060 | H2: UASG 389087 | I2: UASG 389092 | J2: UASG 926265 | K2: UASG 389086 | L2: QUANTIDADE TOTAL | M2: VALOR UNITÁRIO | N2: VALOR TOTAL | O2: CATMAT | P2: QUANT. | Q2: CONTRATO TCU | T2: ARP MIN. COMUNICAÇÕES | W2: ARP MIN. DO TRABALHO E EMPREGO | Z2: CONTRATO CGU | AC2: ARP MIN. DAS CIDADES | AF2: ARP POLÍCIA FEDERAL | AI2: ARP CONSELHO FEDERAL DE ENFERMAGEM - COFEN | AL2: ARP MGI | AO2: ARP MDH | AR2: PROPOSTA IMPACTO PRODUTORA | AU2: PROPOSTA GRUPO RG | AX2: PROPOSTA RD7 | BA2: PROPOSTA AGOGÔ | BE2: Valor unitário | BK2: Valor total
D3: GRUPO I - ALIMENTAÇÃO E BEBIDAS | O3: CATSER | Q3: ITEM DO CONTRATO | R3: VALOR UNITÁRIO | S3: VALOR TOTAL | T3: ITEM DO ARP nº 2/2025 | U3: VALOR UNITÁRIO | V3: VALOR TOTAL | W3: ITEM DO ARP nº 2/2025 | X3: VALOR UNITÁRIO | Y3: VALOR TOTAL | Z3: ITEM DO CONTRATO | AA3: VALOR UNITÁRIO | AB3: VALOR TOTAL | AC3: ITEM DO ARP nº 8/2025 | AD3: VALOR UNITÁRIO | AE3: VALOR TOTAL | AF3: ITEM DO ARP nº 9/2025 | AG3: VALOR UNITÁRIO | AH3: VALOR TOTAL | AI3: ITEM DO ARP nº 10/2025 | AJ3: VALOR UNITÁRIO | AK3: VALOR TOTAL | AL3: ITEM DO ARP nº 11/2025 | AM3: VALOR UNITÁRIO | AN3: VALOR TOTAL | AO3: ITEM DO ARP nº 01/2026 | AP3: VALOR UNITÁRIO | AQ3: VALOR TOTAL | AR3: ITEM | AS3: VALOR UNITÁRIO | AT3: VALOR TOTAL | AU3: ITEM | AV3: VALOR UNITÁRIO | AW3: VALOR TOTAL | AX3: ITEM | AY3: VALOR UNITÁRIO | AZ3: VALOR TOTAL | BA3: ITEM | BB3: VALOR UNITÁRIO | BC3: VALOR TOTAL | BE3: Mínimo | BF3: Média | BG3: Mediana | BH3: Máximo | BJ3: Mínimo | BK3: Média | BL3: Mediana | BM3: Média Aparada
A4: 1 | B4: ALIMENTAÇÃO E BEBIDAS | C4: Água mineral - copo 200 ml | D4: Fornecimento de água mineral em copo individual de 200 ml. OBSERVAÇÃO: A água deverá estar gelada, bandejas para atendimento a mesas diretoras e salas de apoio pelo período do evento. | E4: UNIDADE | F4: 25000 | K4: 2400 | L4: =SUM(F4:K4) -> 27400 | M4: 4.73 | N4: =L4*M4 -> 129602 | O4: 445484 | P4: 25000 | Q4: Não tem | S4: =R4*P4 -> 0 | T4: 284 | U4: 3 | V4: =U4*P4 -> 75000 | W4: Não tem | Y4: =X4*P4 -> 0 | Z4: Não tem | AB4: =AA4*P4 -> 0 | AC4: 121 | AD4: 2.58 | AE4: =AD4*P4 -> 64500 | AF4: Não tem | AH4: =AG4*P4 -> 0 | AI4: Não tem | AK4: =AJ4*P4 -> 0 | AL4: Não tem | AN4: =AM4*P4 -> 0 | AO4: Não tem | AQ4: =AP4*P4 -> 0 | AR4: 1 | AS4: 4.9 | AT4: =AS4*P4 -> 122500 | AU4: 1 | AV4: 8 | AW4: =AV4*F4 -> 200000 | AX4: 1 | AY4: 6.5 | AZ4: =AY4*F4 -> 162500 | BA4: 1 | BB4: 4.52 | BC4: =BB4*F4 -> 113000 | BE4: =MIN(AP4,AM4,AJ4,AG4,AD4,AA4,X4,U4,R4,AS4,AV4,AY4,BB4) -> 2.58 | BF4: =AVERAGE(AP4,AM4,AJ4,AG4,AD4,AA4,X4,U4,R4,AS4,AV4,AY4,BB4) -> 4.9166667 | BG4: =MEDIAN(AP4,AM4,AJ4,AG4,AD4,AA4,X4,U4,R4,AS4,AV4,AY4,BB4) -> 4.71 | BH4: =MAX(AP4,AM4,AJ4,AG4,AD4,AA4,X4,U4,R4,AS4,AV4,AY4,BB4) -> 8 | BJ4: =BE4*$P4 -> 64500 | BK4: =BF4*$P4 -> 122916.67 | BL4: =BG4*$P4 -> 117750 | BM4: =(SUM(R4,U4,X4,AA4,AD4,AG4,AJ4,AM4,AP4,AS4,AV4,AY4,BB4)-MAX(R4,U4,X4,AA4,AD4,AG4,AJ4,AM4,AP4,AS4,AV4,AY4,BB4)-MIN(R4,U4,X4,AA4,AD4,AG4,AJ4,AM4,AP4,AS4,AV4,AY4,BB4))/(COUNT(R4,U4,X4,AA4,AD4,AG4,AJ4,AM4,AP4,AS4,AV4,AY4,BB4)-2) -> 4.73
A5: 2 | B5: ALIMENTAÇÃO E BEBIDAS | C5: Água mineral – Garrafão 20 litros | D5: Fornecimento de garrafão de água mineral com capacidade de 20 litros, devidamente lacrado e apropriado para consumo, destinado ao abastecimento de bebedouros ou utilização em pontos de apoio durante a realização do evento, conforme demanda e quantitativo definido pelo contratante. OBSERVAÇÃO: Deve acompanhar porta copo ou mobiliário de apoio. Ver item "Bebedouro". | E5: UNIDADE | F5: 2450 | H5: 400 | K5: 20 | L5: =SUM(F5:K5) -> 2870 | M5: 35.68 | N5: =L5*M5 -> 102401.6 | O5: 445485 | P5: 2450 | Q5: Não tem | S5: =R5*P5 -> 0 | T5: Não tem | V5: =U5*P5 -> 0 | W5: 579 | X5: 30 | Y5: =X5*P5 -> 73500 | Z5: 4.9 | AA5: 20 | AB5: =AA5*P5 -> 49000 | AC5: Não tem | AE5: =AD5*P5 -> 0 | AF5: 2 | AG5: 21 | AH5: =AG5*P5 -> 51450 | AI5: 98 | AJ5: 23.39 | AK5: =AJ5*P5 -> 57305.5 | AL5: Não tem | AN5: =AM5*P5 -> 0 | AO5: 4.2 | AP5: 15 | AQ5: =AP5*P5 -> 36750 | AR5: 2 | AS5: 44.8 | AT5: =AS5*P5 -> 109760 | AU5: 2 | AV5: 120 | AW5: =AV5*F5 -> 294000 | AX5: 2 | AY5: 75 | AZ5: =AY5*F5 -> 183750 | BA5: 2 | BB5: 35.54 | BC5: =BB5*F5 -> 87073 | BE5: =MIN(AP5,AM5,AJ5,AG5,AD5,AA5,X5,U5,R5,AS5,AV5,AY5,BB5) -> 15 | BF5: =AVERAGE(AP5,AM5,AJ5,AG5,AD5,AA5,X5,U5,R5,AS5,AV5,AY5,BB5) -> 42.747778 | BG5: =MEDIAN(AP5,AM5,AJ5,AG5,AD5,AA5,X5,U5,R5,AS5,AV5,AY5,BB5) -> 30 | BH5: =MAX(AP5,AM5,AJ5,AG5,AD5,AA5,X5,U5,R5,AS5,AV5,AY5,BB5) -> 120 | BJ5: =BE5*$P5 -> 36750 | BK5: =BF5*$P5 -> 104732.06 | BL5: =BG5*$P5 -> 73500 | BM5: =(SUM(R5,U5,X5,AA5,AD5,AG5,AJ5,AM5,AP5,AS5,AV5,AY5,BB5)-MAX(R5,U5,X5,AA5,AD5,AG5,AJ5,AM5,AP5,AS5,AV5,AY5,BB5)-MIN(R5,U5,X5,AA5,AD5,AG5,AJ5,AM5,AP5,AS5,AV5,AY5,BB5))/(COUNT(R5,U5,X5,AA5,AD5,AG5,AJ5,AM5,AP5,AS5,AV5,AY5,BB5)-2) -> 35.675714
A6: 3 | B6: ALIMENTAÇÃO E BEBIDAS | C6: Água mineral com gás – 500 ml | D6: Fornecimento de água mineral natural com gás, acondicionada em garrafa individual de 500 ml, devidamente lacrada e própria para consumo humano, atendendo às normas sanitárias vigentes. OBSERVAÇÃO: A água deverá estar gelada, bandejas para atendimento a mesas diretoras e salas de apoio pelo período do evento. | E6: UNIDADE | F6: 12300 | H6: 500 | K6: 1200 | L6: =SUM(F6:K6) -> 14000 | M6: 6.86 | N6: =L6*M6 -> 96040 | O6: 445479 | P6: 12300 | Q6: Não tem | S6: =R6*P6 -> 0 | T6: 276 | U6: 3 | V6: =U6*P6 -> 36900 | W6: 578 | X6: 2.55 | Y6: =X6*P6 -> 31365 | Z6: Não tem | AB6: =AA6*P6 -> 0 | AC6: 121 | AD6: 2.58 | AE6: =AD6*P6 -> 31734 | AF6: Não tem | AH6: =AG6*P6 -> 0 | AI6: Não tem | AK6: =AJ6*P6 -> 0 | AL6: Não tem | AN6: =AM6*P6 -> 0 | AO6: Não tem | AQ6: =AP6*P6 -> 0 | AR6: 3 | AS6: 7.7 | AT6: =AS6*P6 -> 94710 | AU6: 3 | AV6: 12 | AW6: =AV6*F6 -> 147600 | AX6: 3 | AY6: 9 | AZ6: =AY6*F6 -> 110700 | BA6: 3 | BB6: 12.12 | BC6: =BB6*F6 -> 149076 | BE6: =MIN(AP6,AM6,AJ6,AG6,AD6,AA6,X6,U6,R6,AS6,AV6,AY6,BB6) -> 2.55 | BF6: =AVERAGE(AP6,AM6,AJ6,AG6,AD6,AA6,X6,U6,R6,AS6,AV6,AY6,BB6) -> 6.9928571 | BG6: =MEDIAN(AP6,AM6,AJ6,AG6,AD6,AA6,X6,U6,R6,AS6,AV6,AY6,BB6) -> 7.7 | BH6: =MAX(AP6,AM6,AJ6,AG6,AD6,AA6,X6,U6,R6,AS6,AV6,AY6,BB6) -> 12.12 | BJ6: =BE6*$P6 -> 31365 | BK6: =BF6*$P6 -> 86012.143 | BL6: =BG6*$P6 -> 94710 | BM6: =(SUM(R6,U6,X6,AA6,AD6,AG6,AJ6,AM6,AP6,AS6,AV6,AY6,BB6)-MAX(R6,U6,X6,AA6,AD6,AG6,AJ6,AM6,AP6,AS6,AV6,AY6,BB6)-MIN(R6,U6,X6,AA6,AD6,AG6,AJ6,AM6,AP6,AS6,AV6,AY6,BB6))/(COUNT(R6,U6,X6,AA6,AD6,AG6,AJ6,AM6,AP6,AS6,AV6,AY6,BB6)-2) -> 6.856
A7: 4 | B7: ALIMENTAÇÃO E BEBIDAS | C7: Água mineral sem gás – 500 ml | D7: Fornecimento de água mineral natural sem gás, acondicionada em garrafa individual de 500 ml, devidamente lacrada e apropriada para consumo humano, conforme padrões sanitários vigentes. OBSERVAÇÃO: A água deverá estar gelada, bandejas para atendimento a mesas diretoras e salas de apoio pelo período do evento. | E7: UNIDADE | F7: 39000 | H7: 1000 | K7: 2400 | L7: =SUM(F7:K7) -> 42400 | M7: 4.74 | N7: =L7*M7 -> 200976 | O7: 445484 | P7: 39000 | Q7: Não tem | S7: =R7*P7 -> 0 | T7: 276 | U7: 3 | V7: =U7*P7 -> 117000 | W7: 577 | X7: 2.5 | Y7: =X7*P7 -> 97500 | Z7: Não tem | AB7: =AA7*P7 -> 0 | AC7: 121 | AD7: 2.58 | AE7: =AD7*P7 -> 100620 | AF7: 1 | AG7: 3 | AH7: =AG7*P7 -> 117000 | AI7: 97 | AJ7: 1.62 | AK7: =AJ7*P7 -> 63180 | AL7: 106 | AM7: 0.47 | AN7: =AM7*P7 -> 18330 | AO7: 4.1 | AP7: 5 | AQ7: =AP7*P7 -> 195000 | AR7: 4 | AS7: 6.3 | AT7: =AS7*P7 -> 245700 | AU7: 4 | AV7: 12 | AW7: =AV7*F7 -> 468000 | AX7: 4 | AY7: 9 | AZ7: =AY7*F7 -> 351000 | BA7: 4 | BB7: 9.69 | BC7: =BB7*F7 -> 377910 | BE7: =MIN(AP7,AM7,AJ7,AG7,AD7,AA7,X7,U7,R7,AS7,AV7,AY7,BB7) -> 0.47 | BF7: =AVERAGE(AP7,AM7,AJ7,AG7,AD7,AA7,X7,U7,R7,AS7,AV7,AY7,BB7) -> 5.0145455 | BG7: =MEDIAN(AP7,AM7,AJ7,AG7,AD7,AA7,X7,U7,R7,AS7,AV7,AY7,BB7) -> 3 | BH7: =MAX(AP7,AM7,AJ7,AG7,AD7,AA7,X7,U7,R7,AS7,AV7,AY7,BB7) -> 12 | BJ7: =BE7*$P7 -> 18330 | BK7: =BF7*$P7 -> 195567.27 | BL7: =BG7*$P7 -> 117000 | BM7: =(SUM(R7,U7,X7,AA7,AD7,AG7,AJ7,AM7,AP7,AS7,AV7,AY7,BB7)-MAX(R7,U7,X7,AA7,AD7,AG7,AJ7,AM7,AP7,AS7,AV7,AY7,BB7)-MIN(R7,U7,X7,AA7,AD7,AG7,AJ7,AM7,AP7,AS7,AV7,AY7,BB7))/(COUNT(R7,U7,X7,AA7,AD7,AG7,AJ7,AM7,AP7,AS7,AV7,AY7,BB7)-2) -> 4.7433333
A8: 5 | B8: ALIMENTAÇÃO E BEBIDAS | C8: Almoço/Jantar em restaurante - Tipo 01 | D8: Em restaurante de padrão internacional, cardápio mínimo: 2 opções de entradas, saladas variadas, 2 opções de carne, 3 guarnições, 2 sobremesas. Bebidas não alcoólicas (água, suco ou refrigerante). Cafezinho expresso ou filtrado no final. Podendo o cardápio ser vegetariano. OBSERVAÇÃO: A CONTRATADA providenciará a alocação de equipes de empregados, bem como disponibilizará todo o material necessário para a realização dos serviços de alimentação, tais como: mesas, toalhas, copos, talheres, louças, sousplats, pratarias, balde de gelo, bandejas, réchauds, copos de vidro, xícaras, açúcar, adoçante e demais materiais necessários à prestação dos serviços), materiais de serviço e limpeza (guardanapos, gelo, caixa térmica, fornos, fogões, fritadeiras e outros), e os custos deverão estar inclusos nos preços. Toda a alimentação deverá estar de acordo com o guia de alimentação saudável e com a Portaria nº 1.274 de 07 de julho de 2016, do Ministério da Saúde. | E8: POR PESSOA | F8: 500 | H8: 500 | K8: 500 | L8: =SUM(F8:K8) -> 1500 | M8: 253.96 | N8: =L8*M8 -> 380940 | O8: 12807 | P8: 500 | Q8: 169 | R8: 336 | S8: =R8*P8 -> 168000 | T8: 270 | U8: 80 | V8: =U8*P8 -> 40000 | W8: Não tem | Y8: =X8*P8 -> 0 | Z8: 4.13 | AA8: 50 | AB8: =AA8*P8 -> 25000 | AC8: Não tem | AE8: =AD8*P8 -> 0 | AF8: Não tem | AH8: =AG8*P8 -> 0 | AI8: Não tem | AK8: =AJ8*P8 -> 0 | AL8: Não tem | AN8: =AM8*P8 -> 0 | AO8: Não tem | AQ8: =AP8*P8 -> 0 | AR8: 5 | AS8: 252 | AT8: =AS8*P8 -> 126000 | AU8: 5 | AV8: 370 | AW8: =AV8*F8 -> 185000 | AX8: 5 | AY8: 311 | AZ8: =AY8*F8 -> 155500 | BA8: 5 | BB8: 290.79 | BC8: =BB8*F8 -> 145395 | BE8: =MIN(AP8,AM8,AJ8,AG8,AD8,AA8,X8,U8,R8,AS8,AV8,AY8,BB8) -> 50 | BF8: =AVERAGE(AP8,AM8,AJ8,AG8,AD8,AA8,X8,U8,R8,AS8,AV8,AY8,BB8) -> 241.39857 | BG8: =MEDIAN(AP8,AM8,AJ8,AG8,AD8,AA8,X8,U8,R8,AS8,AV8,AY8,BB8) -> 290.79 | BH8: =MAX(AP8,AM8,AJ8,AG8,AD8,AA8,X8,U8,R8,AS8,AV8,AY8,BB8) -> 370 | BJ8: =BE8*$P8 -> 25000 | BK8: =BF8*$P8 -> 120699.29 | BL8: =BG8*$P8 -> 145395 | BM8: =(SUM(R8,U8,X8,AA8,AD8,AG8,AJ8,AM8,AP8,AS8,AV8,AY8,BB8)-MAX(R8,U8,X8,AA8,AD8,AG8,AJ8,AM8,AP8,AS8,AV8,AY8,BB8)-MIN(R8,U8,X8,AA8,AD8,AG8,AJ8,AM8,AP8,AS8,AV8,AY8,BB8))/(COUNT(R8,U8,X8,AA8,AD8,AG8,AJ8,AM8,AP8,AS8,AV8,AY8,BB8)-2) -> 253.958
A9: 6 | B9: ALIMENTAÇÃO E BEBIDAS | C9: Almoço/Jantar em restaurante - Tipo 02 | D9: Em restaurante de padrão internacional, cardápio mínimo: 2 opções de entradas, saladas variadas, 2 opções de carne, 3 guarnições, 2 sobremesas. Bebidas: Água mineral (com e sem gás), refrigerante (normal e zero), 2 opções de suco da fruta natural, cerveja ou chopp, vinho tinto e branco nacional de reconhecida qualidade. Cafezinho expresso ou filtrado no final. Podendo o cardápio ser vegetariano. OBSERVAÇÃO: A CONTRATADA providenciará a alocação de equipes de empregados, bem como disponibilizará todo o material necessário para a realização dos serviços de alimentação, tais como: mesas, toalhas, copos, talheres, louças, sousplats, pratarias, balde de gelo, bandejas, réchauds, copos de vidro, xícaras, açúcar, adoçante e demais materiais necessários à prestação dos serviços), materiais de serviço e limpeza (guardanapos, gelo, caixa térmica, fornos, fogões, fritadeiras e outros), e os custos deverão estar inclusos nos preços. Toda a alimentação deverá estar de acordo com o guia de alimentação saudável e com a Portaria nº 1.274 de 07 de julho de 2016, do Ministério da Saúde. | E9: POR PESSOA | F9: 500 | H9: 500 | K9: 500 | L9: =SUM(F9:K9) -> 1500 | M9: 353.97 | N9: =L9*M9 -> 530955 | O9: 12807 | P9: 500 | Q9: 170 | R9: 395 | S9: =R9*P9 -> 197500 | T9: Não tem | V9: =U9*P9 -> 0 | W9: 590 | X9: 250 | Y9: =X9*P9 -> 125000 | Z9: Não tem | AB9: =AA9*P9 -> 0 | AC9: Não tem | AE9: =AD9*P9 -> 0 | AF9: Não tem | AH9: =AG9*P9 -> 0 | AI9: Não tem | AK9: =AJ9*P9 -> 0 | AL9: 97 | AM9: 290.42 | AN9: =AM9*P9 -> 145210 | AO9: Não tem | AQ9: =AP9*P9 -> 0 | AR9: 6 | AS9: 364 | AT9: =AS9*P9 -> 182000 | AU9: 6 | AV9: 385 | AW9: =AV9*F9 -> 192500 | AX9: 6 | AY9: 375 | AZ9: =AY9*F9 -> 187500 | BA9: 6 | BB9: 355.41 | BC9: =BB9*F9 -> 177705 | BE9: =MIN(AP9,AM9,AJ9,AG9,AD9,AA9,X9,U9,R9,AS9,AV9,AY9,BB9) -> 250 | BF9: =AVERAGE(AP9,AM9,AJ9,AG9,AD9,AA9,X9,U9,R9,AS9,AV9,AY9,BB9) -> 344.97571 | BG9: =MEDIAN(AP9,AM9,AJ9,AG9,AD9,AA9,X9,U9,R9,AS9,AV9,AY9,BB9) -> 364 | BH9: =MAX(AP9,AM9,AJ9,AG9,AD9,AA9,X9,U9,R9,AS9,AV9,AY9,BB9) -> 395 | BJ9: =BE9*$P9 -> 125000 | BK9: =BF9*$P9 -> 172487.86 | BL9: =BG9*$P9 -> 182000 | BM9: =(SUM(R9,U9,X9,AA9,AD9,AG9,AJ9,AM9,AP9,AS9,AV9,AY9,BB9)-MAX(R9,U9,X9,AA9,AD9,AG9,AJ9,AM9,AP9,AS9,AV9,AY9,BB9)-MIN(R9,U9,X9,AA9,AD9,AG9,AJ9,AM9,AP9,AS9,AV9,AY9,BB9))/(COUNT(R9,U9,X9,AA9,AD9,AG9,AJ9,AM9,AP9,AS9,AV9,AY9,BB9)-2) -> 353.966
A10: 7 | B10: ALIMENTAÇÃO E BEBIDAS | C10: Almoço/Jantar em restaurante - Tipo 03 | D10: Em restaurante de padrão internacional, cardápio mínimo: couvert, 2 opções de entrada, 2 pratos principais (opções de peixe, carne nobre ou massa, com respectivas guarnições), saladas variadas, 3 opções de sobremesa. Bebidas: Água mineral (com e sem gás), refrigerante (normal e zero), 2 opções de suco da fruta natural, deverão ser servidos vinhos tintos e brancos, espumantes do tipo brut. Deverá ser oferecido com serviço à francesa ou à inglesa, de acordo com a conveniência do contratante. Cafezinho expresso ou filtrado no final. Podendo o cardápio ser vegetariano. OBSERVAÇÃO: A CONTRATADA providenciará a alocação de equipes de empregados, bem como disponibilizará todo o material necessário para a realização dos serviços de alimentação, tais como: mesas, toalhas, copos, talheres, louças, sousplats, pratarias, balde de gelo, bandejas, réchauds, copos de vidro, xícaras, açúcar, adoçante e demais materiais necessários à prestação dos serviços), materiais de serviço e limpeza (guardanapos, gelo, caixa térmica, fornos, fogões, fritadeiras e outros), e os custos deverão estar inclusos nos preços. Toda a alimentação deverá estar de acordo com o guia de alimentação saudável e com a Portaria nº 1.274 de 07 de julho de 2016, do Ministério da Saúde. | E10: POR PESSOA | F10: 500 | H10: 500 | K10: 500 | L10: =SUM(F10:K10) -> 1500 | M10: 473.59 | N10: =L10*M10 -> 710385 | O10: 12807 | P10: 500 | Q10: 171 | R10: 558 | S10: =R10*P10 -> 279000 | T10: Não tem | V10: =U10*P10 -> 0 | W10: Não tem | Y10: =X10*P10 -> 0 | Z10: Não tem | AB10: =AA10*P10 -> 0 | AC10: Não tem | AE10: =AD10*P10 -> 0 | AF10: Não tem | AH10: =AG10*P10 -> 0 | AI10: Não tem | AK10: =AJ10*P10 -> 0 | AL10: 98 | AM10: 385.4 | AN10: =AM10*P10 -> 192700 | AO10: Não tem | AQ10: =AP10*P10 -> 0 | AR10: 7 | AS10: 532 | AT10: =AS10*P10 -> 266000 | AU10: 7 | AV10: 430 | AW10: =AV10*F10 -> 215000 | AX10: 7 | AY10: 480 | AZ10: =AY10*F10 -> 240000 | BA10: 7 | BB10: 452.34 | BC10: =BB10*F10 -> 226170 | BE10: =MIN(AP10,AM10,AJ10,AG10,AD10,AA10,X10,U10,R10,AS10,AV10,AY10,BB10) -> 385.4 | BF10: =AVERAGE(AP10,AM10,AJ10,AG10,AD10,AA10,X10,U10,R10,AS10,AV10,AY10,BB10) -> 472.95667 | BG10: =MEDIAN(AP10,AM10,AJ10,AG10,AD10,AA10,X10,U10,R10,AS10,AV10,AY10,BB10) -> 466.17 | BH10: =MAX(AP10,AM10,AJ10,AG10,AD10,AA10,X10,U10,R10,AS10,AV10,AY10,BB10) -> 558 | BJ10: =BE10*$P10 -> 192700 | BK10: =BF10*$P10 -> 236478.33 | BL10: =BG10*$P10 -> 233085 | BM10: =(SUM(R10,U10,X10,AA10,AD10,AG10,AJ10,AM10,AP10,AS10,AV10,AY10,BB10)-MAX(R10,U10,X10,AA10,AD10,AG10,AJ10,AM10,AP10,AS10,AV10,AY10,BB10)-MIN(R10,U10,X10,AA10,AD10,AG10,AJ10,AM10,AP10,AS10,AV10,AY10,BB10))/(COUNT(R10,U10,X10,AA10,AD10,AG10,AJ10,AM10,AP10,AS10,AV10,AY10,BB10)-2) -> 473.585
A11: 8 | B11: ALIMENTAÇÃO E BEBIDAS | C11: Almoço/Jantar nas dependências do evento - Tipo 01 | D11: Prestação de serviço de alimentação do tipo buffet, com cardápio variado composto por: 2 opções de entradas, saladas variadas, 2 opções de carne, 3 guarnições, 2 sobremesas e bebidas não alcoólicas (água, suco ou refrigerante). Mesa de café filtrado e chá. Podendo o cardápio ser vegetariano. OBSERVAÇÃO: A CONTRATADA providenciará a alocação de equipes de empregados, bem como disponibilizará todo o material necessário para a realização dos serviços de alimentação, tais como: mesas, toalhas, copos, talheres, louças, sousplats, pratarias, balde de gelo, bandejas, réchauds, copos de vidro, xícaras, açúcar, adoçante e demais materiais necessários à prestação dos serviços), materiais de serviço e limpeza (guardanapos, gelo, caixa térmica, fornos, fogões, fritadeiras e outros), e os custos deverão estar inclusos nos preços. Toda a alimentação deverá estar de acordo com o guia de alimentação saudável e com a Portaria nº 1.274 de 07 de julho de 2016, do Ministério da Saúde. | E11: POR PESSOA | F11: 1600 | H11: 500 | K11: 800 | L11: =SUM(F11:K11) -> 2900 | M11: 145.6 | N11: =L11*M11 -> 422240 | O11: 12807 | P11: 1600 | Q11: 172 | R11: 257 | S11: =R11*P11 -> 411200 | T11: 278 | U11: 87 | V11: =U11*P11 -> 139200 | W11: 588 | X11: 90 | Y11: =X11*P11 -> 144000 | Z11: 4.2 | AA11: 60 | AB11: =AA11*P11 -> 96000 | AC11: 122 | AD11: 55 | AE11: =AD11*P11 -> 88000 | AF11: 6 | AG11: 95 | AH11: =AG11*P11 -> 152000 | AI11: 91 | AJ11: 75.21 | AK11: =AJ11*P11 -> 120336 | AL11: 93 | AM11: 62.43 | AN11: =AM11*P11 -> 99888 | AO11: 4.4 | AP11: 85 | AQ11: =AP11*P11 -> 136000 | AR11: 8 | AS11: 203 | AT11: =AS11*P11 -> 324800 | AU11: 8 | AV11: 372 | AW11: =AV11*F11 -> 595200 | AX11: 8 | AY11: 280 | AZ11: =AY11*F11 -> 448000 | BA11: 8 | BB11: 306.95 | BC11: =BB11*F11 -> 491120 | BE11: =MIN(AP11,AM11,AJ11,AG11,AD11,AA11,X11,U11,R11,AS11,AV11,AY11,BB11) -> 55 | BF11: =AVERAGE(AP11,AM11,AJ11,AG11,AD11,AA11,X11,U11,R11,AS11,AV11,AY11,BB11) -> 156.04538 | BG11: =MEDIAN(AP11,AM11,AJ11,AG11,AD11,AA11,X11,U11,R11,AS11,AV11,AY11,BB11) -> 90 | BH11: =MAX(AP11,AM11,AJ11,AG11,AD11,AA11,X11,U11,R11,AS11,AV11,AY11,BB11) -> 372 | BJ11: =BE11*$P11 -> 88000 | BK11: =BF11*$P11 -> 249672.62 | BL11: =BG11*$P11 -> 144000 | BM11: =(SUM(R11,U11,X11,AA11,AD11,AG11,AJ11,AM11,AP11,AS11,AV11,AY11,BB11)-MAX(R11,U11,X11,AA11,AD11,AG11,AJ11,AM11,AP11,AS11,AV11,AY11,BB11)-MIN(R11,U11,X11,AA11,AD11,AG11,AJ11,AM11,AP11,AS11,AV11,AY11,BB11))/(COUNT(R11,U11,X11,AA11,AD11,AG11,AJ11,AM11,AP11,AS11,AV11,AY11,BB11)-2) -> 145.59909
A12: 9 | B12: ALIMENTAÇÃO E BEBIDAS | C12: Almoço/Jantar nas dependências do evento - Tipo 02 | D12: Prestação de serviço de alimentação do tipo buffet, com cardápio variado composto por: couvert, 2 opções de entrada, saladas variadas, 2 pratos principais (opções de peixe, carne nobre ou massa, com respectivas guarnições), 3 opções de sobremesa. Bebidas: Água mineral (com e sem gás), refrigerante (normal e zero), 2 opções de suco da fruta natural. Poderá ser oferecido com serviço à francesa ou à inglesa, de acordo com a conveniência do contratante. Mesa de café filtrado e chá. Podendo o cardápio ser vegetariano. OBSERVAÇÃO: A contratada providenciará a alocação de equipes de empregados, bem como disponibilizará todo o material necessário para a realização dos serviços de alimentação, tais como: mesas, toalhas, copos, talheres, louças, sousplats, pratarias, balde de gelo, bandejas, réchauds, copos de vidro, xícaras, açúcar, adoçante e demais materiais necessários à prestação dos serviços), materiais de serviço e limpeza (guardanapos, gelo, caixa térmica, fornos, fogões, fritadeiras e outros), e os custos deverão estar inclusos nos preços. Toda a alimentação deverá estar de acordo com o guia de alimentação saudável e com a Portaria nº 1.274 de 07 de julho de 2016, do Ministério da Saúde. | E12: POR PESSOA | F12: 800 | H12: 100 | K12: 800 | L12: =SUM(F12:K12) -> 1700 | M12: 230.71 | N12: =L12*M12 -> 392207 | O12: 12807 | P12: 800 | Q12: 173 | R12: 350 | S12: =R12*P12 -> 280000 | T12: 279 | U12: 100 | V12: =U12*P12 -> 80000 | W12: 591 | X12: 197.67 | Y12: =X12*P12 -> 158136 | Z12: Não tem | AB12: =AA12*P12 -> 0 | AC12: 123 | AD12: 80 | AE12: =AD12*P12 -> 64000 | AF12: Não tem | AH12: =AG12*P12 -> 0 | AI12: 92 | AJ12: 130.57 | AK12: =AJ12*P12 -> 104456 | AL12: 94 | AM12: 90.4 | AN12: =AM12*P12 -> 72320 | AO12: Não tem | AQ12: =AP12*P12 -> 0 | AR12: 9 | AS12: 266 | AT12: =AS12*P12 -> 212800 | AU12: 9 | AV12: 386 | AW12: =AV12*F12 -> 308800 | AX12: 9 | AY12: 325 | AZ12: =AY12*F12 -> 260000 | BA12: 9 | BB12: 387.72 | BC12: =BB12*F12 -> 310176 | BE12: =MIN(AP12,AM12,AJ12,AG12,AD12,AA12,X12,U12,R12,AS12,AV12,AY12,BB12) -> 80 | BF12: =AVERAGE(AP12,AM12,AJ12,AG12,AD12,AA12,X12,U12,R12,AS12,AV12,AY12,BB12) -> 231.336 | BG12: =MEDIAN(AP12,AM12,AJ12,AG12,AD12,AA12,X12,U12,R12,AS12,AV12,AY12,BB12) -> 231.835 | BH12: =MAX(AP12,AM12,AJ12,AG12,AD12,AA12,X12,U12,R12,AS12,AV12,AY12,BB12) -> 387.72 | BJ12: =BE12*$P12 -> 64000 | BK12: =BF12*$P12 -> 185068.8 | BL12: =BG12*$P12 -> 185468 | BM12: =(SUM(R12,U12,X12,AA12,AD12,AG12,AJ12,AM12,AP12,AS12,AV12,AY12,BB12)-MAX(R12,U12,X12,AA12,AD12,AG12,AJ12,AM12,AP12,AS12,AV12,AY12,BB12)-MIN(R12,U12,X12,AA12,AD12,AG12,AJ12,AM12,AP12,AS12,AV12,AY12,BB12))/(COUNT(R12,U12,X12,AA12,AD12,AG12,AJ12,AM12,AP12,AS12,AV12,AY12,BB12)-2) -> 230.705
A13: 10 | B13: ALIMENTAÇÃO E BEBIDAS | C13: Bebedouro | D13: Bebedouro, em regime de locação, para fornecimento de água mineral em garrafão de 20 litros, contendo 2 torneiras, sendo uma de água gelada e 1 de água natural. Voltagem 127/220V. OBSERVAÇÃO: O serviço deverá incluir todos os insumos e procedimentos necessários para garantir o adequado funcionamento e reposição de água durante o período do evento. Entregue, montado e pronto para uso com no mínimo 1 hora de antecedência. Ver item "Água mineral – Garrafão 20 litros". | E13: UNIDADE/DIÁRIA | F13: 570 | H13: 570 | K13: 10 | L13: =SUM(F13:K13) -> 1150 | M13: 120.06 | N13: =L13*M13 -> 138069 | O13: 328593 | P13: 570 | Q13: Não tem | S13: =R13*P13 -> 0 | T13: Não tem | V13: =U13*P13 -> 0 | W13: 580 | X13: 102.5 | Y13: =X13*P13 -> 58425 | Z13: 6.20 | AA13: 30 | AB13: =AA13*P13 -> 17100 | AC13: Não tem | AE13: =AD13*P13 -> 0 | AF13: 12 | AG13: 117 | AH13: =AG13*P13 -> 66690 | AI13: 99 | AJ13: 177.58 | AK13: =AJ13*P13 -> 101220.6 | AL13: 149 | AM13: 100.41 | AN13: =AM13*P13 -> 57233.7 | AO13: 4.3 | AP13: 40 | AQ13: =AP13*P13 -> 22800 | AR13: 10 | AS13: 133 | AT13: =AS13*P13 -> 75810 | AU13: 10 | AV13: 150 | AW13: =AV13*F13 -> 85500 | AX13: 10 | AY13: 140 | AZ13: =AY13*F13 -> 79800 | BA13: 10 | BB13: 242.33 | BC13: =BB13*F13 -> 138128.1 | BE13: =MIN(AP13,AM13,AJ13,AG13,AD13,AA13,X13,U13,R13,AS13,AV13,AY13,BB13) -> 30 | BF13: =AVERAGE(AP13,AM13,AJ13,AG13,AD13,AA13,X13,U13,R13,AS13,AV13,AY13,BB13) -> 123.282 | BG13: =MEDIAN(AP13,AM13,AJ13,AG13,AD13,AA13,X13,U13,R13,AS13,AV13,AY13,BB13) -> 125 | BH13: =MAX(AP13,AM13,AJ13,AG13,AD13,AA13,X13,U13,R13,AS13,AV13,AY13,BB13) -> 242.33 | BJ13: =BE13*$P13 -> 17100 | BK13: =BF13*$P13 -> 70270.74 | BL13: =BG13*$P13 -> 71250 | BM13: =(SUM(R13,U13,X13,AA13,AD13,AG13,AJ13,AM13,AP13,AS13,AV13,AY13,BB13)-MAX(R13,U13,X13,AA13,AD13,AG13,AJ13,AM13,AP13,AS13,AV13,AY13,BB13)-MIN(R13,U13,X13,AA13,AD13,AG13,AJ13,AM13,AP13,AS13,AV13,AY13,BB13))/(COUNT(R13,U13,X13,AA13,AD13,AG13,AJ13,AM13,AP13,AS13,AV13,AY13,BB13)-2) -> 120.06125
A14: 11 | B14: ALIMENTAÇÃO E BEBIDAS | C14: Café em garrafas térmicas de 2 litros | D14: Fornecimento de café acondicionado em garrafas térmicas, garantindo a adequada conservação da temperatura durante o período de serviço, conforme demanda e quantitativo definido pelo contratante. OBSERVAÇÃO: Prever xícaras e pires em louça ou copos descatáveis, compatíveis com as quantidades e necessidade do evento, sachês de açúcar, sachês de adoçantes, recipientes para os sachés e colheres, incluindo a mão de obra para a reposição de todos os materiais necessários para o funcionamento adequado do serviço. | E14: UNIDADE | F14: 2600 | H14: 350 | K14: 30 | L14: =SUM(F14:K14) -> 2980 | M14: 44.92 | N14: =L14*M14 -> 133861.6 | O14: 3697 | P14: 2600 | Q14: 162 | R14: 55 | S14: =R14*P14 -> 143000 | T14: 281 | U14: 18 | V14: =U14*P14 -> 46800 | W14: 582 | X14: 25 | Y14: =X14*P14 -> 65000 | Z14: 4.10 | AA14: 20 | AB14: =AA14*P14 -> 52000 | AC14: 128 | AD14: 25 | AE14: =AD14*P14 -> 65000 | AF14: 3 | AG14: 28 | AH14: =AG14*P14 -> 72800 | AI14: 95 | AJ14: 26.11 | AK14: =AJ14*P14 -> 67886 | AL14: Não tem | AN14: =AM14*P14 -> 0 | AO14: 4.9 | AP14: 28 | AQ14: =AP14*P14 -> 72800 | AR14: 11 | AS14: 53.2 | AT14: =AS14*P14 -> 138320 | AU14: 11 | AV14: 150 | AW14: =AV14*F14 -> 390000 | AX14: 11 | AY14: 100 | AZ14: =AY14*F14 -> 260000 | BA14: 11 | BB14: 88.85 | BC14: =BB14*F14 -> 231010 | BE14: =MIN(AP14,AM14,AJ14,AG14,AD14,AA14,X14,U14,R14,AS14,AV14,AY14,BB14) -> 18 | BF14: =AVERAGE(AP14,AM14,AJ14,AG14,AD14,AA14,X14,U14,R14,AS14,AV14,AY14,BB14) -> 51.43 | BG14: =MEDIAN(AP14,AM14,AJ14,AG14,AD14,AA14,X14,U14,R14,AS14,AV14,AY14,BB14) -> 28 | BH14: =MAX(AP14,AM14,AJ14,AG14,AD14,AA14,X14,U14,R14,AS14,AV14,AY14,BB14) -> 150 | BJ14: =BE14*$P14 -> 46800 | BK14: =BF14*$P14 -> 133718 | BL14: =BG14*$P14 -> 72800 | BM14: =(SUM(R14,U14,X14,AA14,AD14,AG14,AJ14,AM14,AP14,AS14,AV14,AY14,BB14)-MAX(R14,U14,X14,AA14,AD14,AG14,AJ14,AM14,AP14,AS14,AV14,AY14,BB14)-MIN(R14,U14,X14,AA14,AD14,AG14,AJ14,AM14,AP14,AS14,AV14,AY14,BB14))/(COUNT(R14,U14,X14,AA14,AD14,AG14,AJ14,AM14,AP14,AS14,AV14,AY14,BB14)-2) -> 44.916
A15: 12 | B15: ALIMENTAÇÃO E BEBIDAS | C15: Coffee break - Tipo 01 | D15: Cardápio mínimo: 10 variedades entre salgados, bolos, folhados, doces, biscoitos e frutas fatiadas, etc. Bebidas: café, opções de chá, água, chocolate quente, 2 opções de sucos naturais, 2 opções de refrigerante. OBSERVAÇÃO: O serviço deverá ter duração de 40 minutos, com todos os materiais necessários (pratos, copos, taças, talheres, bandejas, guardanapos, mobiliário e pessoal necessário). | E15: POR PESSOA | F15: 17500 | H15: 5000 | K15: 1200 | L15: =SUM(F15:K15) -> 23700 | M15: 54.66 | N15: =L15*M15 -> 1295442 | O15: 3697 | P15: 17500 | Q15: 180 | R15: 69.2 | S15: =R15*P15 -> 1211000 | T15: 283 | U15: 28 | V15: =U15*P15 -> 490000 | W15: 583 | X15: 40 | Y15: =X15*P15 -> 700000 | Z15: 4.6 | AA15: 28.5 | AB15: =AA15*P15 -> 498750 | AC15: 125 | AD15: 40 | AE15: =AD15*P15 -> 700000 | AF15: 5 | AG15: 30 | AH15: =AG15*P15 -> 525000 | AI15: Não tem | AK15: =AJ15*P15 -> 0 | AL15: Não tem | AN15: =AM15*P15 -> 0 | AO15: 4.7 | AP15: 32 | AQ15: =AP15*P15 -> 560000 | AR15: 12 | AS15: 81.2 | AT15: =AS15*P15 -> 1421000 | AU15: 12 | AV15: 89 | AW15: =AV15*F15 -> 1557500 | AX15: 12 | AY15: 82 | AZ15: =AY15*F15 -> 1435000 | BA15: 12 | BB15: 153.47 | BC15: =BB15*F15 -> 2685725 | BE15: =MIN(AP15,AM15,AJ15,AG15,AD15,AA15,X15,U15,R15,AS15,AV15,AY15,BB15) -> 28 | BF15: =AVERAGE(AP15,AM15,AJ15,AG15,AD15,AA15,X15,U15,R15,AS15,AV15,AY15,BB15) -> 61.215455 | BG15: =MEDIAN(AP15,AM15,AJ15,AG15,AD15,AA15,X15,U15,R15,AS15,AV15,AY15,BB15) -> 40 | BH15: =MAX(AP15,AM15,AJ15,AG15,AD15,AA15,X15,U15,R15,AS15,AV15,AY15,BB15) -> 153.47 | BJ15: =BE15*$P15 -> 490000 | BK15: =BF15*$P15 -> 1071270.5 | BL15: =BG15*$P15 -> 700000 | BM15: =(SUM(R15,U15,X15,AA15,AD15,AG15,AJ15,AM15,AP15,AS15,AV15,AY15,BB15)-MAX(R15,U15,X15,AA15,AD15,AG15,AJ15,AM15,AP15,AS15,AV15,AY15,BB15)-MIN(R15,U15,X15,AA15,AD15,AG15,AJ15,AM15,AP15,AS15,AV15,AY15,BB15))/(COUNT(R15,U15,X15,AA15,AD15,AG15,AJ15,AM15,AP15,AS15,AV15,AY15,BB15)-2) -> 54.655556
A16: 13 | B16: ALIMENTAÇÃO E BEBIDAS | C16: Coffee break - Tipo 02 | D16: Cardápio mínimo: 20 variedades entre salgados, bolos, tortas, folhados, doces, biscoitos, sanduíches, saladas de frutas e frutas fatiadas, etc. Bebidas: café, opções de chá, água mineral com e sem gás, chocolate quente, 2 opções de sucos naturais, 2 opções de refrigerante. OBSERVAÇÃO: O serviço deverá ter duração de 40 minutos, com todos os materiais necessários (pratos, copos, taças, talheres, bandejas, guardanapos, mobiliário e pessoal necessário). | E16: POR PESSOA | F16: 10000 | H16: 1500 | K16: 1200 | L16: =SUM(F16:K16) -> 12700 | M16: 121 | N16: =L16*M16 -> 1536700 | O16: 3697 | P16: 10000 | Q16: 181 | R16: 89 | S16: =R16*P16 -> 890000 | T16: Não tem | V16: =U16*P16 -> 0 | W16: Não tem | Y16: =X16*P16 -> 0 | Z16: Não tem | AB16: =AA16*P16 -> 0 | AC16: Não tem | AE16: =AD16*P16 -> 0 | AF16: Não tem | AH16: =AG16*P16 -> 0 | AI16: Não tem | AK16: =AJ16*P16 -> 0 | AL16: Não tem | AN16: =AM16*P16 -> 0 | AO16: Não tem | AQ16: =AP16*P16 -> 0 | AR16: 13 | AS16: 119 | AT16: =AS16*P16 -> 1190000 | AU16: 13 | AV16: 129 | AW16: =AV16*F16 -> 1290000 | AX16: 13 | AY16: 115 | AZ16: =AY16*F16 -> 1150000 | BA16: 13 | BB16: 226.17 | BC16: =BB16*F16 -> 2261700 | BE16: =MIN(AP16,AM16,AJ16,AG16,AD16,AA16,X16,U16,R16,AS16,AV16,AY16,BB16) -> 89 | BF16: =AVERAGE(AP16,AM16,AJ16,AG16,AD16,AA16,X16,U16,R16,AS16,AV16,AY16,BB16) -> 135.634 | BG16: =MEDIAN(AP16,AM16,AJ16,AG16,AD16,AA16,X16,U16,R16,AS16,AV16,AY16,BB16) -> 119 | BH16: =MAX(AP16,AM16,AJ16,AG16,AD16,AA16,X16,U16,R16,AS16,AV16,AY16,BB16) -> 226.17 | BJ16: =BE16*$P16 -> 890000 | BK16: =BF16*$P16 -> 1356340 | BL16: =BG16*$P16 -> 1190000 | BM16: =(SUM(R16,U16,X16,AA16,AD16,AG16,AJ16,AM16,AP16,AS16,AV16,AY16,BB16)-MAX(R16,U16,X16,AA16,AD16,AG16,AJ16,AM16,AP16,AS16,AV16,AY16,BB16)-MIN(R16,U16,X16,AA16,AD16,AG16,AJ16,AM16,AP16,AS16,AV16,AY16,BB16))/(COUNT(R16,U16,X16,AA16,AD16,AG16,AJ16,AM16,AP16,AS16,AV16,AY16,BB16)-2) -> 121
A17: 14 | B17: ALIMENTAÇÃO E BEBIDAS | C17: Copo descartável | D17: Copo descartável, material plástico, destinado ao consumo de água, sucos ou bebidas similares, fabricado em poliestireno (PS), polipropileno (PP) ou material equivalente, atóxico, inodoro e insípido, capacidade volumétrica nominal de 200 ml, na cor transparente ou branca, com estrutura reforçada, bordas arredondadas não cortantes, resistência compatível com o uso pretendido, fornecido em embalagem original do fabricante, devidamente lacrada, em conformidade com a ABNT NBR 14865 e com os Requisitos de Avaliação da Conformidade do Inmetro, quando aplicáveis. | E17: PACOTE (100 unidades) | F17: 1230 | K17: 100 | L17: =SUM(F17:K17) -> 1330 | M17: 12.01 | N17: =L17*M17 -> 15973.3 | O17: 629998 | P17: 1230 | Q17: Não tem | S17: =R17*P17 -> 0 | T17: 285 | U17: 3.33 | V17: =U17*P17 -> 4095.9 | W17: Não tem | Y17: =X17*P17 -> 0 | Z17: Não tem | AB17: =AA17*P17 -> 0 | AC17: Não tem | AE17: =AD17*P17 -> 0 | AF17: Não tem | AH17: =AG17*P17 -> 0 | AI17: 100 | AJ17: 5.22 | AK17: =AJ17*P17 -> 6420.6 | AL17: Não tem | AN17: =AM17*P17 -> 0 | AO17: Não tem | AQ17: =AP17*P17 -> 0 | AR17: 14 | AS17: 16.8 | AT17: =AS17*P17 -> 20664 | AU17: 14 | AV17: 12 | AW17: =AV17*F17 -> 14760 | AX17: 14 | AY17: 14 | AZ17: =AY17*F17 -> 17220 | BA17: 14 | BB17: 22.62 | BC17: =BB17*F17 -> 27822.6 | BE17: =MIN(AP17,AM17,AJ17,AG17,AD17,AA17,X17,U17,R17,AS17,AV17,AY17,BB17) -> 3.33 | BF17: =AVERAGE(AP17,AM17,AJ17,AG17,AD17,AA17,X17,U17,R17,AS17,AV17,AY17,BB17) -> 12.328333 | BG17: =MEDIAN(AP17,AM17,AJ17,AG17,AD17,AA17,X17,U17,R17,AS17,AV17,AY17,BB17) -> 13 | BH17: =MAX(AP17,AM17,AJ17,AG17,AD17,AA17,X17,U17,R17,AS17,AV17,AY17,BB17) -> 22.62 | BJ17: =BE17*$P17 -> 4095.9 | BK17: =BF17*$P17 -> 15163.85 | BL17: =BG17*$P17 -> 15990 | BM17: =(SUM(R17,U17,X17,AA17,AD17,AG17,AJ17,AM17,AP17,AS17,AV17,AY17,BB17)-MAX(R17,U17,X17,AA17,AD17,AG17,AJ17,AM17,AP17,AS17,AV17,AY17,BB17)-MIN(R17,U17,X17,AA17,AD17,AG17,AJ17,AM17,AP17,AS17,AV17,AY17,BB17))/(COUNT(R17,U17,X17,AA17,AD17,AG17,AJ17,AM17,AP17,AS17,AV17,AY17,BB17)-2) -> 12.005
A18: 15 | B18: ALIMENTAÇÃO E BEBIDAS | C18: Coquetel volante | D18: Cardápio mínimo: 2 opções de mini saladas, 10 opções de salgados quentes, 3 opções de salgados folheados, 3 opções de salgados doces; 3 (três) opções de canapés; 3 tipos de empratados; Bebidas: água mineral com e sem gás; 2 (duas) opções de refrigerantes (normal e zero); 2 opções de sucos naturais; 2 opções de coquetéis de frutas sem alcool ; mesa de café com 03 (três) tipos de petit four doce. OBSERVAÇÃO: O serviço deverá ter duração de, no mínimo, 2 (duas) horas a depender do tipo de evento, com todos os materiais necessários (pratos, copos, taças, talheres, bandejas, guardanapos, mobiliário e pessoal necessário) | E18: POR PESSOA | F18: 3000 | H18: 1500 | K18: 1200 | L18: =SUM(F18:K18) -> 5700 | M18: 125.7 | N18: =L18*M18 -> 716490 | O18: 12807 | P18: 3000 | Q18: Não tem | S18: =R18*P18 -> 0 | T18: 286 | U18: 90 | V18: =U18*P18 -> 270000 | W18: 592 | X18: 75 | Y18: =X18*P18 -> 225000 | Z18: 4.3 | AA18: 40 | AB18: =AA18*P18 -> 120000 | AC18: 127 | AD18: 70 | AE18: =AD18*P18 -> 210000 | AF18: 8 | AG18: 100 | AH18: =AG18*P18 -> 300000 | AI18: 94 | AJ18: 45.96 | AK18: =AJ18*P18 -> 137880 | AL18: Não tem | AN18: =AM18*P18 -> 0 | AO18: Não tem | AQ18: =AP18*P18 -> 0 | AR18: 15 | AS18: 175 | AT18: =AS18*P18 -> 525000 | AU18: 15 | AV18: 452 | AW18: =AV18*F18 -> 1356000 | AX18: 15 | AY18: 175 | AZ18: =AY18*F18 -> 525000 | BA18: 15 | BB18: 274.64 | BC18: =BB18*F18 -> 823920 | BE18: =MIN(AP18,AM18,AJ18,AG18,AD18,AA18,X18,U18,R18,AS18,AV18,AY18,BB18) -> 40 | BF18: =AVERAGE(AP18,AM18,AJ18,AG18,AD18,AA18,X18,U18,R18,AS18,AV18,AY18,BB18) -> 149.76 | BG18: =MEDIAN(AP18,AM18,AJ18,AG18,AD18,AA18,X18,U18,R18,AS18,AV18,AY18,BB18) -> 95 | BH18: =MAX(AP18,AM18,AJ18,AG18,AD18,AA18,X18,U18,R18,AS18,AV18,AY18,BB18) -> 452 | BJ18: =BE18*$P18 -> 120000 | BK18: =BF18*$P18 -> 449280 | BL18: =BG18*$P18 -> 285000 | BM18: =(SUM(R18,U18,X18,AA18,AD18,AG18,AJ18,AM18,AP18,AS18,AV18,AY18,BB18)-MAX(R18,U18,X18,AA18,AD18,AG18,AJ18,AM18,AP18,AS18,AV18,AY18,BB18)-MIN(R18,U18,X18,AA18,AD18,AG18,AJ18,AM18,AP18,AS18,AV18,AY18,BB18))/(COUNT(R18,U18,X18,AA18,AD18,AG18,AJ18,AM18,AP18,AS18,AV18,AY18,BB18)-2) -> 125.7
A19: 16 | B19: ALIMENTAÇÃO E BEBIDAS | C19: Kit lanche | D19: Kit de alimentação armazenado em embalagem prática, higiênica e ambientalmente aceitável. Contendo 01 fruta, 01 suco de fruta, 01 água, 1 barra de cereal e 2 sanduíches sem maionese ou 2 salgados grandes. OBSERVAÇÃO: Entregues conforme orientação do contratante. Todos devidamente embalados para viagem. Prever opções vegana, vegetariana ou diabética. | E19: POR PESSOA | F19: 3000 | H19: 3000 | K19: 1000 | L19: =SUM(F19:K19) -> 7000 | M19: 37.27 | N19: =L19*M19 -> 260890 | O19: 3697 | P19: 3000 | Q19: Não tem | S19: =R19*P19 -> 0 | T19: 287 | U19: 15 | V19: =U19*P19 -> 45000 | W19: Não tem | Y19: =X19*P19 -> 0 | Z19: 4.12 | AA19: 10 | AB19: =AA19*P19 -> 30000 | AC19: 129 | AD19: 20 | AE19: =AD19*P19 -> 60000 | AF19: Não tem | AH19: =AG19*P19 -> 0 | AI19: Não tem | AK19: =AJ19*P19 -> 0 | AL19: 100 | AM19: 3.48 | AN19: =AM19*P19 -> 10440 | AO19: 4.11 | AP19: 25 | AQ19: =AP19*P19 -> 75000 | AR19: 16 | AS19: 53.2 | AT19: =AS19*P19 -> 159600 | AU19: 16 | AV19: 79 | AW19: =AV19*F19 -> 237000 | AX19: 16 | AY19: 65 | AZ19: =AY19*F19 -> 195000 | BA19: 16 | BB19: 72.7 | BC19: =BB19*F19 -> 218100 | BE19: =MIN(AP19,AM19,AJ19,AG19,AD19,AA19,X19,U19,R19,AS19,AV19,AY19,BB19) -> 3.48 | BF19: =AVERAGE(AP19,AM19,AJ19,AG19,AD19,AA19,X19,U19,R19,AS19,AV19,AY19,BB19) -> 38.153333 | BG19: =MEDIAN(AP19,AM19,AJ19,AG19,AD19,AA19,X19,U19,R19,AS19,AV19,AY19,BB19) -> 25 | BH19: =MAX(AP19,AM19,AJ19,AG19,AD19,AA19,X19,U19,R19,AS19,AV19,AY19,BB19) -> 79 | BJ19: =BE19*$P19 -> 10440 | BK19: =BF19*$P19 -> 114460 | BL19: =BG19*$P19 -> 75000 | BM19: =(SUM(R19,U19,X19,AA19,AD19,AG19,AJ19,AM19,AP19,AS19,AV19,AY19,BB19)-MAX(R19,U19,X19,AA19,AD19,AG19,AJ19,AM19,AP19,AS19,AV19,AY19,BB19)-MIN(R19,U19,X19,AA19,AD19,AG19,AJ19,AM19,AP19,AS19,AV19,AY19,BB19))/(COUNT(R19,U19,X19,AA19,AD19,AG19,AJ19,AM19,AP19,AS19,AV19,AY19,BB19)-2) -> 37.271429
A20: 17 | B20: ALIMENTAÇÃO E BEBIDAS | C20: Máquina de café em cápsulas, com cápsulas e insumos | D20: Fornecimento de máquina de café em cápsulas, acompanhada de cápsulas sortidas e insumos: louça e/ou descartáveis de papel, açúcar, adoçante e mexedores e serviço de barista e/ou garçons. Prever 100 cápsulas por máquina, disposto em recipiente adequado. OBSERVAÇÃO: Ver item"Refil de cápsulas de café e insumos". | E20: UNIDADE/DIÁRIA | F20: 60 | H20: 20 | K20: 20 | L20: =SUM(F20:K20) -> 100 | M20: 500.67 | N20: =L20*M20 -> 50067 | O20: 20648 | P20: 60 | Q20: Não tem | S20: =R20*P20 -> 0 | T20: Não tem | V20: =U20*P20 -> 0 | W20: Não tem | Y20: =X20*P20 -> 0 | Z20: Não tem | AB20: =AA20*P20 -> 0 | AC20: Não tem | AE20: =AD20*P20 -> 0 | AF20: Não tem | AH20: =AG20*P20 -> 0 | AI20: Não tem | AK20: =AJ20*P20 -> 0 | AL20: 109 | AM20: 214.41 | AN20: =AM20*P20 -> 12864.6 | AO20: Não tem | AQ20: =AP20*P20 -> 0 | AR20: 17 | AS20: 252 | AT20: =AS20*P20 -> 15120 | AU20: 17 | AV20: 1000 | AW20: =AV20*F20 -> 60000 | AX20: 17 | AY20: 250 | AZ20: =AY20*F20 -> 15000 | BA20: 17 | BB20: 4846.53 | BC20: =BB20*F20 -> 290791.8 | BE20: =MIN(AP20,AM20,AJ20,AG20,AD20,AA20,X20,U20,R20,AS20,AV20,AY20,BB20) -> 214.41 | BF20: =AVERAGE(AP20,AM20,AJ20,AG20,AD20,AA20,X20,U20,R20,AS20,AV20,AY20,BB20) -> 1312.588 | BG20: =MEDIAN(AP20,AM20,AJ20,AG20,AD20,AA20,X20,U20,R20,AS20,AV20,AY20,BB20) -> 252 | BH20: =MAX(AP20,AM20,AJ20,AG20,AD20,AA20,X20,U20,R20,AS20,AV20,AY20,BB20) -> 4846.53 | BJ20: =BE20*$P20 -> 12864.6 | BK20: =BF20*$P20 -> 78755.28 | BL20: =BG20*$P20 -> 15120 | BM20: =(SUM(R20,U20,X20,AA20,AD20,AG20,AJ20,AM20,AP20,AS20,AV20,AY20,BB20)-MAX(R20,U20,X20,AA20,AD20,AG20,AJ20,AM20,AP20,AS20,AV20,AY20,BB20)-MIN(R20,U20,X20,AA20,AD20,AG20,AJ20,AM20,AP20,AS20,AV20,AY20,BB20))/(COUNT(R20,U20,X20,AA20,AD20,AG20,AJ20,AM20,AP20,AS20,AV20,AY20,BB20)-2) -> 500.66667
A21: 18 | B21: ALIMENTAÇÃO E BEBIDAS | C21: Máquina de café expresso, cappuccino e chocolate quente com operador | D21: Fornecimento de máquina automática para preparo de café expresso, cappuccino e chocolate quente, com franquia mínima de 300 doses diárias, incluindo todos os suprimentos necessários para operação, tais como café, chocolate, cappuccino, copos descartáveis, bastonetes, açúcar e adoçante. OBSERVAÇÃO: O serviço deverá contemplar também a disponibilização de operador em regime integral (full time) durante o período de funcionamento do equipamento. | E21: UNIDADE/DIÁRIA | F21: 30 | K21: 20 | L21: =SUM(F21:K21) -> 50 | M21: 1125 | N21: =L21*M21 -> 56250 | O21: 20648 | P21: 30 | Q21: Não tem | S21: =R21*P21 -> 0 | T21: Não tem | V21: =U21*P21 -> 0 | W21: Não tem | Y21: =X21*P21 -> 0 | Z21: Não tem | AB21: =AA21*P21 -> 0 | AC21: Não tem | AE21: =AD21*P21 -> 0 | AF21: Não tem | AH21: =AG21*P21 -> 0 | AI21: Não tem | AK21: =AJ21*P21 -> 0 | AL21: Não tem | AN21: =AM21*P21 -> 0 | AO21: Não tem | AQ21: =AP21*P21 -> 0 | AR21: 18 | AS21: 910 | AT21: =AS21*P21 -> 27300 | AU21: 18 | AV21: 1200 | AW21: =AV21*F21 -> 36000 | AX21: 18 | AY21: 1050 | AZ21: =AY21*F21 -> 31500 | BA21: 18 | BB21: 4846.53 | BC21: =BB21*F21 -> 145395.9 | BE21: =MIN(AP21,AM21,AJ21,AG21,AD21,AA21,X21,U21,R21,AS21,AV21,AY21,BB21) -> 910 | BF21: =AVERAGE(AP21,AM21,AJ21,AG21,AD21,AA21,X21,U21,R21,AS21,AV21,AY21,BB21) -> 2001.6325 | BG21: =MEDIAN(AP21,AM21,AJ21,AG21,AD21,AA21,X21,U21,R21,AS21,AV21,AY21,BB21) -> 1125 | BH21: =MAX(AP21,AM21,AJ21,AG21,AD21,AA21,X21,U21,R21,AS21,AV21,AY21,BB21) -> 4846.53 | BJ21: =BE21*$P21 -> 27300 | BK21: =BF21*$P21 -> 60048.975 | BL21: =BG21*$P21 -> 33750 | BM21: =(SUM(R21,U21,X21,AA21,AD21,AG21,AJ21,AM21,AP21,AS21,AV21,AY21,BB21)-MAX(R21,U21,X21,AA21,AD21,AG21,AJ21,AM21,AP21,AS21,AV21,AY21,BB21)-MIN(R21,U21,X21,AA21,AD21,AG21,AJ21,AM21,AP21,AS21,AV21,AY21,BB21))/(COUNT(R21,U21,X21,AA21,AD21,AG21,AJ21,AM21,AP21,AS21,AV21,AY21,BB21)-2) -> 1125
A22: 19 | B22: ALIMENTAÇÃO E BEBIDAS | C22: Petit four | D22: Fornecimento de petit four composto por : 5 opções entre biscoitos finos (salgados e doces), pão de queijo, biscoito de queijo, petinha, casadinhos de goiabada, sequilhos, frutas laminadas ou salada de frutas. Água, café e chás. OBSERVAÇÃO: Prever todos os materiais necessários (pratos, copos, taças, talheres, bandejas, guardanapos, rechauds, mobiliário e pessoal necessário). | E22: POR PESSOA | F22: 10000 | H22: 1000 | K22: 500 | L22: =SUM(F22:K22) -> 11500 | M22: 58.56 | N22: =L22*M22 -> 673440 | O22: 12807 | P22: 10000 | Q22: 185 | R22: 90 | S22: =R22*P22 -> 900000 | T22: 289 | U22: 20 | V22: =U22*P22 -> 200000 | W22: Não tem | Y22: =X22*P22 -> 0 | Z22: 4.7 | AA22: 15 | AB22: =AA22*P22 -> 150000 | AC22: 130 | AD22: 23 | AE22: =AD22*P22 -> 230000 | AF22: 9 | AG22: 34 | AH22: =AG22*P22 -> 340000 | AI22: Não tem | AK22: =AJ22*P22 -> 0 | AL22: 104 | AM22: 6.96 | AN22: =AM22*P22 -> 69600 | AO22: 4.10 | AP22: 31 | AQ22: =AP22*P22 -> 310000 | AR22: 19 | AS22: 49 | AT22: =AS22*P22 -> 490000 | AU22: 19 | AV22: 200 | AW22: =AV22*F22 -> 2000000 | AX22: 19 | AY22: 65 | AZ22: =AY22*F22 -> 650000 | BA22: 19 | BB22: 403.88 | BC22: =BB22*F22 -> 4038800 | BE22: =MIN(AP22,AM22,AJ22,AG22,AD22,AA22,X22,U22,R22,AS22,AV22,AY22,BB22) -> 6.96 | BF22: =AVERAGE(AP22,AM22,AJ22,AG22,AD22,AA22,X22,U22,R22,AS22,AV22,AY22,BB22) -> 85.258182 | BG22: =MEDIAN(AP22,AM22,AJ22,AG22,AD22,AA22,X22,U22,R22,AS22,AV22,AY22,BB22) -> 34 | BH22: =MAX(AP22,AM22,AJ22,AG22,AD22,AA22,X22,U22,R22,AS22,AV22,AY22,BB22) -> 403.88 | BJ22: =BE22*$P22 -> 69600 | BK22: =BF22*$P22 -> 852581.82 | BL22: =BG22*$P22 -> 340000 | BM22: =(SUM(R22,U22,X22,AA22,AD22,AG22,AJ22,AM22,AP22,AS22,AV22,AY22,BB22)-MAX(R22,U22,X22,AA22,AD22,AG22,AJ22,AM22,AP22,AS22,AV22,AY22,BB22)-MIN(R22,U22,X22,AA22,AD22,AG22,AJ22,AM22,AP22,AS22,AV22,AY22,BB22))/(COUNT(R22,U22,X22,AA22,AD22,AG22,AJ22,AM22,AP22,AS22,AV22,AY22,BB22)-2) -> 58.555556
A23: 20 | B23: ALIMENTAÇÃO E BEBIDAS | C23: Refil de cápsulas de café e insumos | D23: Refil de cápsulas sortidas e insumos. Quantidade: 50 cápsulas. | E23: UNIDADE | F23: 30 | H23: 50 | K23: 10 | L23: =SUM(F23:K23) -> 90 | M23: 311.23 | N23: =L23*M23 -> 28010.7 | O23: 20648 | P23: 30 | Q23: Não tem | S23: =R23*P23 -> 0 | T23: Não tem | V23: =U23*P23 -> 0 | W23: Não tem | Y23: =X23*P23 -> 0 | Z23: Não tem | AB23: =AA23*P23 -> 0 | AC23: Não tem | AE23: =AD23*P23 -> 0 | AF23: Não tem | AH23: =AG23*P23 -> 0 | AI23: Não tem | AK23: =AJ23*P23 -> 0 | AL23: 110 | AM23: 179.8 | AN23: =AM23*P23 -> 5394 | AO23: Não tem | AQ23: =AP23*P23 -> 0 | AR23: 20 | AS23: 1190 | AT23: =AS23*P23 -> 35700 | AU23: 20 | AV23: 54 | AW23: =AV23*F23 -> 1620 | AX23: 20 | AY23: 350 | AZ23: =AY23*F23 -> 10500 | BA23: 20 | BB23: 403.88 | BC23: =BB23*F23 -> 12116.4 | BE23: =MIN(AP23,AM23,AJ23,AG23,AD23,AA23,X23,U23,R23,AS23,AV23,AY23,BB23) -> 54 | BF23: =AVERAGE(AP23,AM23,AJ23,AG23,AD23,AA23,X23,U23,R23,AS23,AV23,AY23,BB23) -> 435.536 | BG23: =MEDIAN(AP23,AM23,AJ23,AG23,AD23,AA23,X23,U23,R23,AS23,AV23,AY23,BB23) -> 350 | BH23: =MAX(AP23,AM23,AJ23,AG23,AD23,AA23,X23,U23,R23,AS23,AV23,AY23,BB23) -> 1190 | BJ23: =BE23*$P23 -> 1620 | BK23: =BF23*$P23 -> 13066.08 | BL23: =BG23*$P23 -> 10500 | BM23: =(SUM(R23,U23,X23,AA23,AD23,AG23,AJ23,AM23,AP23,AS23,AV23,AY23,BB23)-MAX(R23,U23,X23,AA23,AD23,AG23,AJ23,AM23,AP23,AS23,AV23,AY23,BB23)-MIN(R23,U23,X23,AA23,AD23,AG23,AJ23,AM23,AP23,AS23,AV23,AY23,BB23))/(COUNT(R23,U23,X23,AA23,AD23,AG23,AJ23,AM23,AP23,AS23,AV23,AY23,BB23)-2) -> 311.22667
D24: TOTAL - ALIMENTAÇÃO E BEBIDAS | N24: =SUM(N4:N23) -> 7870940.2 | BJ24: =SUM(BJ4:BJ23) -> 2335465.5 | BK24: =SUM(BK4:BK23) -> 5688590.2 | BL24: =SUM(BL4:BL23) -> 4102318
D25: GRUPO II - INSTALAÇÕES
A26: 21 | B26: INSTALAÇÕES | C26: Carpete | D26: Carpete para revestimento de pisos em ambientes de eventos, disponível em diversas cores, adequado para cobertura de áreas internas ou externas temporárias. OBSERVAÇÃO: O serviço deverá incluir fornecimento do material, transporte, instalação, fixação e desmontagem após o término do evento. | E26: METROS QUADRADOS | F26: 15000 | H26: 8000 | J26: 500 | K26: 500 | L26: =SUM(F26:K26) -> 24000 | M26: 54.93 | N26: =L26*M26 -> 1318320 | O26: 4413 | P26: 15000 | Q26: Não tem | S26: =R26*P26 -> 0 | T26: Não tem | V26: =U26*P26 -> 0 | W26: 636 | X26: 42.5 | Y26: =X26*P26 -> 637500 | Z26: Não tem | AB26: =AA26*P26 -> 0 | AC26: Não tem | AE26: =AD26*P26 -> 0 | AF26: Não tem | AH26: =AG26*P26 -> 0 | AI26: Não tem | AK26: =AJ26*P26 -> 0 | AL26: 223 | AM26: 13.34 | AN26: =AM26*P26 -> 200100 | AO26: Não tem | AQ26: =AP26*P26 -> 0 | AR26: 21 | AS26: 53.2 | AT26: =AS26*P26 -> 798000 | AU26: 21 | AV26: 65 | AW26: =AV26*F26 -> 975000 | AX26: 21 | AY26: 59 | AZ26: =AY26*F26 -> 885000 | BA26: 21 | BB26: 88.85 | BC26: =BB26*F26 -> 1332750 | BE26: =MIN(AP26,AM26,AJ26,AG26,AD26,AA26,X26,U26,R26,AS26,AV26,AY26,BB26) -> 13.34 | BF26: =AVERAGE(AP26,AM26,AJ26,AG26,AD26,AA26,X26,U26,R26,AS26,AV26,AY26,BB26) -> 53.648333 | BG26: =MEDIAN(AP26,AM26,AJ26,AG26,AD26,AA26,X26,U26,R26,AS26,AV26,AY26,BB26) -> 56.1 | BH26: =MAX(AP26,AM26,AJ26,AG26,AD26,AA26,X26,U26,R26,AS26,AV26,AY26,BB26) -> 88.85 | BJ26: =BE26*$P26 -> 200100 | BK26: =BF26*$P26 -> 804725 | BL26: =BG26*$P26 -> 841500 | BM26: =(SUM(R26,U26,X26,AA26,AD26,AG26,AJ26,AM26,AP26,AS26,AV26,AY26,BB26)-MAX(R26,U26,X26,AA26,AD26,AG26,AJ26,AM26,AP26,AS26,AV26,AY26,BB26)-MIN(R26,U26,X26,AA26,AD26,AG26,AJ26,AM26,AP26,AS26,AV26,AY26,BB26))/(COUNT(R26,U26,X26,AA26,AD26,AG26,AJ26,AM26,AP26,AS26,AV26,AY26,BB26)-2) -> 54.925
A27: 22 | B27: INSTALAÇÕES | C27: Estande - Montagem especial | D27: Estande especial para ambientes internos, desenvolvido a partir de projeto arquitetônico personalizado, elaborado com base em briefing fornecido pelo contratante. Estrutura construída em madeira, vidro, lona ou materiais equivalentes, podendo contemplar divisórias internas, teto ou cobertura, portas com chave, testeiras, piso elevado, comunicação visual personalizada e elementos de ambientação. O estande poderá incluir infraestrutura completa com pontos de energia elétrica embutidos e extensões conforme normas de segurança vigentes, iluminação com spots embutidos e refletores compatíveis, sistemas de climatização com ar-condicionado tipo split, além de instalações hidráulicas quando necessário, como pontos de água, esgoto, pia de banheiro ou cozinha, vaso sanitário, geladeira ou frigobar. Deverá contemplar itens de ambientação como balcões construídos e outros elementos definidos no projeto. O espaço deverá ser adaptado para acessibilidade, incluindo rampas sinalizadas e circulação adequada para pessoas com deficiência. O pé-direito mínimo deverá ser de 4 metros, com piso elevado em estrutura de madeira ou similar, podendo receber iluminação ou revestimento conforme o projeto aprovado. O projeto deverá observar as normas técnicas aplicáveis, incluindo a ABNT NBR 9050:2015 (acessibilidade), e deverá ser acompanhado de Anotação de Responsabilidade Técnica (ART). OBSERVAÇÃO: Estão incluídos todos os custos operacionais necessários para execução do estande, tais como projeto, transporte de materiais, montagem, manutenção e desmontagem e demais encargos da montadora. Quando exigido pelo local ou pela organização do evento, deverá ser apresentado também o PPCI – Plano de Prevenção e Proteção Contra Incêndios. | E27: METROS QUADRADOS/DIÁRIA | F27: 500 | H27: 250 | K27: 100 | L27: =SUM(F27:K27) -> 850 | M27: 753.24 | N27: =L27*M27 -> 640254 | O27: 13099 | P27: 500 | Q27: Não tem | S27: =R27*P27 -> 0 | T27: 225 | U27: 120 | V27: =U27*P27 -> 60000 | W27: 618 | X27: 185 | Y27: =X27*P27 -> 92500 | Z27: Não tem | AB27: =AA27*P27 -> 0 | AC27: 12 | AD27: 98 | AE27: =AD27*P27 -> 49000 | AF27: Não tem | AH27: =AG27*P27 -> 0 | AI27: Não tem | AK27: =AJ27*P27 -> 0 | AL27: Não tem | AN27: =AM27*P27 -> 0 | AO27: Não tem | AQ27: =AP27*P27 -> 0 | AR27: 22 | AS27: 588 | AT27: =AS27*P27 -> 294000 | AU27: 22 | AV27: 2500 | AW27: =AV27*F27 -> 1250000 | AX27: 22 | AY27: 1500 | AZ27: =AY27*F27 -> 750000 | BA27: 22 | BB27: 1373.18 | BC27: =BB27*F27 -> 686590 | BE27: =MIN(AP27,AM27,AJ27,AG27,AD27,AA27,X27,U27,R27,AS27,AV27,AY27,BB27) -> 98 | BF27: =AVERAGE(AP27,AM27,AJ27,AG27,AD27,AA27,X27,U27,R27,AS27,AV27,AY27,BB27) -> 909.16857 | BG27: =MEDIAN(AP27,AM27,AJ27,AG27,AD27,AA27,X27,U27,R27,AS27,AV27,AY27,BB27) -> 588 | BH27: =MAX(AP27,AM27,AJ27,AG27,AD27,AA27,X27,U27,R27,AS27,AV27,AY27,BB27) -> 2500 | BJ27: =BE27*$P27 -> 49000 | BK27: =BF27*$P27 -> 454584.29 | BL27: =BG27*$P27 -> 294000 | BM27: =(SUM(R27,U27,X27,AA27,AD27,AG27,AJ27,AM27,AP27,AS27,AV27,AY27,BB27)-MAX(R27,U27,X27,AA27,AD27,AG27,AJ27,AM27,AP27,AS27,AV27,AY27,BB27)-MIN(R27,U27,X27,AA27,AD27,AG27,AJ27,AM27,AP27,AS27,AV27,AY27,BB27))/(COUNT(R27,U27,X27,AA27,AD27,AG27,AJ27,AM27,AP27,AS27,AV27,AY27,BB27)-2) -> 753.236
A28: 23 | B28: INSTALAÇÕES | C28: Estande - Montagem simples | D28: Estande para ambientes internos desenvolvido a partir de projeto arquitetônico personalizado, conforme briefing fornecido pelo contratante. Estrutura construída em sistema modular tipo octanorme, podendo contemplar fechamento em painéis, vidro ou BS, paredes e teto adesivados conforme identidade visual do evento. Pé-direito mínimo de 2,5 m, com iluminação adequada e instalação de equipamentos como ar-condicionado tipo split, geladeira ou frigobar para apoio operacional do estande. Deverá incluir pontos de energia elétrica e extensões conforme normas de segurança vigentes, piso elevado em estrutura de madeira com acabamento em carpete ou outro revestimento definido no projeto, além de rampas sinalizadas garantindo acessibilidade para pessoas com deficiência. O projeto deverá ser previamente apresentado para aprovação do contratante e acompanhado de Anotação de Responsabilidade Técnica (ART). OBSERVAÇÃO: Estão incluídos todos os custos operacionais necessários para execução do estande, tais como projeto, transporte de materiais, montagem, manutenção e desmontagem e demais encargos da montadora. Quando exigido pelo local ou pela organização do evento, deverá ser apresentado também o PPCI – Plano de Prevenção e Proteção Contra Incêndios. | E28: METROS QUADRADOS/DIÁRIA | F28: 1000 | H28: 1000 | K28: 300 | L28: =SUM(F28:K28) -> 2300 | M28: 398.14 | N28: =L28*M28 -> 915722 | O28: 13099 | P28: 1000 | Q28: Não tem | S28: =R28*P28 -> 0 | T28: 224 | U28: 60 | V28: =U28*P28 -> 60000 | W28: 618 | X28: 185 | Y28: =X28*P28 -> 185000 | Z28: 6.3 | AA28: 50 | AB28: =AA28*P28 -> 50000 | AC28: 11 | AD28: 42 | AE28: =AD28*P28 -> 42000 | AF28: Não tem | AH28: =AG28*P28 -> 0 | AI28: Não tem | AK28: =AJ28*P28 -> 0 | AL28: Não tem | AN28: =AM28*P28 -> 0 | AO28: 6.19 | AP28: 110 | AQ28: =AP28*P28 -> 110000 | AR28: 23 | AS28: 392 | AT28: =AS28*P28 -> 392000 | AU28: 23 | AV28: 1200 | AW28: =AV28*F28 -> 1200000 | AX28: 23 | AY28: 790 | AZ28: =AY28*F28 -> 790000 | BA28: 23 | BB28: 1373.18 | BC28: =BB28*F28 -> 1373180 | BE28: =MIN(AP28,AM28,AJ28,AG28,AD28,AA28,X28,U28,R28,AS28,AV28,AY28,BB28) -> 42 | BF28: =AVERAGE(AP28,AM28,AJ28,AG28,AD28,AA28,X28,U28,R28,AS28,AV28,AY28,BB28) -> 466.90889 | BG28: =MEDIAN(AP28,AM28,AJ28,AG28,AD28,AA28,X28,U28,R28,AS28,AV28,AY28,BB28) -> 185 | BH28: =MAX(AP28,AM28,AJ28,AG28,AD28,AA28,X28,U28,R28,AS28,AV28,AY28,BB28) -> 1373.18 | BJ28: =BE28*$P28 -> 42000 | BK28: =BF28*$P28 -> 466908.89 | BL28: =BG28*$P28 -> 185000 | BM28: =(SUM(R28,U28,X28,AA28,AD28,AG28,AJ28,AM28,AP28,AS28,AV28,AY28,BB28)-MAX(R28,U28,X28,AA28,AD28,AG28,AJ28,AM28,AP28,AS28,AV28,AY28,BB28)-MIN(R28,U28,X28,AA28,AD28,AG28,AJ28,AM28,AP28,AS28,AV28,AY28,BB28))/(COUNT(R28,U28,X28,AA28,AD28,AG28,AJ28,AM28,AP28,AS28,AV28,AY28,BB28)-2) -> 398.14286
A29: 24 | B29: INSTALAÇÕES | C29: Estrutura básica OCTANORM | D29: Montagem de estrutura básica em OCTANORM com Iluminação e pontos de energia dentro dos padrões de segurança nacionais, com testeira e teto pergolado, piso carpete. OBSERVAÇÃO: Estão incluídos todos os custos operacionais necessários para execução do estande, tais como projeto, transporte de materiais, montagem, manutenção e desmontagem e demais encargos da montadora. Quando exigido pelo local ou pela organização do evento, deverá ser apresentado também o PPCI – Plano de Prevenção e Proteção Contra Incêndios. | E29: METROS QUADRADOS/DIÁRIA | F29: 500 | G29: 15 | H29: 200 | K29: 100 | L29: =SUM(F29:K29) -> 815 | M29: 396.47 | N29: =L29*M29 -> 323123.05 | O29: 13099 | P29: 500 | Q29: Não tem | S29: =R29*P29 -> 0 | T29: Não tem | V29: =U29*P29 -> 0 | W29: Não tem | Y29: =X29*P29 -> 0 | Z29: Não tem | AB29: =AA29*P29 -> 0 | AC29: 17 | AD29: 50 | AE29: =AD29*P29 -> 25000 | AF29: Não tem | AH29: =AG29*P29 -> 0 | AI29: Não tem | AK29: =AJ29*P29 -> 0 | AL29: Não tem | AN29: =AM29*P29 -> 0 | AO29: Não tem | AQ29: =AP29*P29 -> 0 | AR29: 24 | AS29: 294 | AT29: =AS29*P29 -> 147000 | AU29: 24 | AV29: 800 | AW29: =AV29*F29 -> 400000 | AX29: 24 | AY29: 540 | AZ29: =AY29*F29 -> 270000 | BA29: 24 | BB29: 355.41 | BC29: =BB29*F29 -> 177705 | BE29: =MIN(AP29,AM29,AJ29,AG29,AD29,AA29,X29,U29,R29,AS29,AV29,AY29,BB29) -> 50 | BF29: =AVERAGE(AP29,AM29,AJ29,AG29,AD29,AA29,X29,U29,R29,AS29,AV29,AY29,BB29) -> 407.882 | BG29: =MEDIAN(AP29,AM29,AJ29,AG29,AD29,AA29,X29,U29,R29,AS29,AV29,AY29,BB29) -> 355.41 | BH29: =MAX(AP29,AM29,AJ29,AG29,AD29,AA29,X29,U29,R29,AS29,AV29,AY29,BB29) -> 800 | BJ29: =BE29*$P29 -> 25000 | BK29: =BF29*$P29 -> 203941 | BL29: =BG29*$P29 -> 177705 | BM29: =(SUM(R29,U29,X29,AA29,AD29,AG29,AJ29,AM29,AP29,AS29,AV29,AY29,BB29)-MAX(R29,U29,X29,AA29,AD29,AG29,AJ29,AM29,AP29,AS29,AV29,AY29,BB29)-MIN(R29,U29,X29,AA29,AD29,AG29,AJ29,AM29,AP29,AS29,AV29,AY29,BB29))/(COUNT(R29,U29,X29,AA29,AD29,AG29,AJ29,AM29,AP29,AS29,AV29,AY29,BB29)-2) -> 396.47
A30: 25 | B30: INSTALAÇÕES | C30: Fechamento para tenda em lona | D30: Fechamento para tenda, confeccionado em lona impermeável, antichama e com tratamento blackout, estruturado em perfil de alumínio. OBSERVAÇÃO: O serviço deverá incluir transporte, montagem, instalação e desmontagem, garantindo vedação, estabilidade e adequação às condições de uso do evento. | E30: METROS QUADRADOS/DIÁRIA | F30: 3450 | H30: 3450 | K30: 500 | L30: =SUM(F30:K30) -> 7400 | M30: 88.44 | N30: =L30*M30 -> 654456 | O30: 21164 | P30: 3450 | Q30: Não tem | S30: =R30*P30 -> 0 | T30: 227 | U30: 15.1 | V30: =U30*P30 -> 52095 | W30: 667 | X30: 22.3 | Y30: =X30*P30 -> 76935 | Z30: Não tem | AB30: =AA30*P30 -> 0 | AC30: Não tem | AE30: =AD30*P30 -> 0 | AF30: Não tem | AH30: =AG30*P30 -> 0 | AI30: Não tem | AK30: =AJ30*P30 -> 0 | AL30: 236 | AM30: 12.18 | AN30: =AM30*P30 -> 42021 | AO30: Não tem | AQ30: =AP30*P30 -> 0 | AR30: 25 | AS30: 84 | AT30: =AS30*P30 -> 289800 | AU30: 25 | AV30: 400 | AW30: =AV30*F30 -> 1380000 | AX30: 25 | AY30: 240 | AZ30: =AY30*F30 -> 828000 | BA30: 25 | BB30: 80.78 | BC30: =BB30*F30 -> 278691 | BE30: =MIN(AP30,AM30,AJ30,AG30,AD30,AA30,X30,U30,R30,AS30,AV30,AY30,BB30) -> 12.18 | BF30: =AVERAGE(AP30,AM30,AJ30,AG30,AD30,AA30,X30,U30,R30,AS30,AV30,AY30,BB30) -> 122.05143 | BG30: =MEDIAN(AP30,AM30,AJ30,AG30,AD30,AA30,X30,U30,R30,AS30,AV30,AY30,BB30) -> 80.78 | BH30: =MAX(AP30,AM30,AJ30,AG30,AD30,AA30,X30,U30,R30,AS30,AV30,AY30,BB30) -> 400 | BJ30: =BE30*$P30 -> 42021 | BK30: =BF30*$P30 -> 421077.43 | BL30: =BG30*$P30 -> 278691 | BM30: =(SUM(R30,U30,X30,AA30,AD30,AG30,AJ30,AM30,AP30,AS30,AV30,AY30,BB30)-MAX(R30,U30,X30,AA30,AD30,AG30,AJ30,AM30,AP30,AS30,AV30,AY30,BB30)-MIN(R30,U30,X30,AA30,AD30,AG30,AJ30,AM30,AP30,AS30,AV30,AY30,BB30))/(COUNT(R30,U30,X30,AA30,AD30,AG30,AJ30,AM30,AP30,AS30,AV30,AY30,BB30)-2) -> 88.436
A31: 26 | B31: INSTALAÇÕES | C31: Lixeira coleta seletiva | D31: Lixeira para coleta seletiva de resíduos, composta por 04 (quatro) recipientes independentes, confeccionados em material plástico resistente, identificados por cores padrão da coleta seletiva (azul - papel/papelão, vermelho - plástico, amarelo - metal e verde - vidro), cada recipiente com capacidade individual de 50 litros, providos de tampa ou boca adequada ao descarte, resistentes ao uso contínuo, de fácil higienização. | E31: UNIDADE/DIÁRIA | F31: 150 | K31: 30 | L31: =SUM(F31:K31) -> 180 | M31: 92.17 | N31: =L31*M31 -> 16590.6 | O31: 409684 | P31: 150 | Q31: 116 | R31: 35 | S31: =R31*P31 -> 5250 | T31: 99 | U31: 25 | V31: =U31*P31 -> 3750 | W31: Não tem | Y31: =X31*P31 -> 0 | Z31: 6.25 | AA31: 20 | AB31: =AA31*P31 -> 3000 | AC31: 188 | AD31: 30 | AE31: =AD31*P31 -> 4500 | AF31: Não tem | AH31: =AG31*P31 -> 0 | AI31: Não tem | AK31: =AJ31*P31 -> 0 | AL31: Não tem | AN31: =AM31*P31 -> 0 | AO31: Não tem | AQ31: =AP31*P31 -> 0 | AR31: 26 | AS31: 63 | AT31: =AS31*P31 -> 9450 | AU31: 26 | AV31: 250 | AW31: =AV31*F31 -> 37500 | AX31: 26 | AY31: 150 | AZ31: =AY31*F31 -> 22500 | BA31: 26 | BB31: 1050.08 | BC31: =BB31*F31 -> 157512 | BE31: =MIN(AP31,AM31,AJ31,AG31,AD31,AA31,X31,U31,R31,AS31,AV31,AY31,BB31) -> 20 | BF31: =AVERAGE(AP31,AM31,AJ31,AG31,AD31,AA31,X31,U31,R31,AS31,AV31,AY31,BB31) -> 202.885 | BG31: =MEDIAN(AP31,AM31,AJ31,AG31,AD31,AA31,X31,U31,R31,AS31,AV31,AY31,BB31) -> 49 | BH31: =MAX(AP31,AM31,AJ31,AG31,AD31,AA31,X31,U31,R31,AS31,AV31,AY31,BB31) -> 1050.08 | BJ31: =BE31*$P31 -> 3000 | BK31: =BF31*$P31 -> 30432.75 | BL31: =BG31*$P31 -> 7350 | BM31: =(SUM(R31,U31,X31,AA31,AD31,AG31,AJ31,AM31,AP31,AS31,AV31,AY31,BB31)-MAX(R31,U31,X31,AA31,AD31,AG31,AJ31,AM31,AP31,AS31,AV31,AY31,BB31)-MIN(R31,U31,X31,AA31,AD31,AG31,AJ31,AM31,AP31,AS31,AV31,AY31,BB31))/(COUNT(R31,U31,X31,AA31,AD31,AG31,AJ31,AM31,AP31,AS31,AV31,AY31,BB31)-2) -> 92.166667
A32: 27 | B32: INSTALAÇÕES | C32: Lixeira de mesa | D32: Lixeira de mesa, confeccionada em plástico resistente, formato cilíndrico, diâmetro aproximado de 25 cm, capacidade aproximada de 12 a 15 litros, sem tampa ou com borda superior reforçada, leve, de fácil higienização, | E32: UNIDADE/DIÁRIA | F32: 3000 | H32: 20 | K32: 30 | L32: =SUM(F32:K32) -> 3050 | M32: 36.74 | N32: =L32*M32 -> 112057 | O32: 441616 | P32: 3000 | Q32: Não tem | S32: =R32*P32 -> 0 | T32: Não tem | V32: =U32*P32 -> 0 | W32: Não tem | Y32: =X32*P32 -> 0 | Z32: Não tem | AB32: =AA32*P32 -> 0 | AC32: Não tem | AE32: =AD32*P32 -> 0 | AF32: Não tem | AH32: =AG32*P32 -> 0 | AI32: Não tem | AK32: =AJ32*P32 -> 0 | AL32: Não tem | AN32: =AM32*P32 -> 0 | AO32: Não tem | AQ32: =AP32*P32 -> 0 | AR32: 27 | AS32: 11.2 | AT32: =AS32*P32 -> 33600 | AU32: 27 | AV32: 150 | AW32: =AV32*F32 -> 450000 | AX32: 27 | AY32: 25 | AZ32: =AY32*F32 -> 75000 | BA32: 27 | BB32: 48.47 | BC32: =BB32*F32 -> 145410 | BE32: =MIN(AP32,AM32,AJ32,AG32,AD32,AA32,X32,U32,R32,AS32,AV32,AY32,BB32) -> 11.2 | BF32: =AVERAGE(AP32,AM32,AJ32,AG32,AD32,AA32,X32,U32,R32,AS32,AV32,AY32,BB32) -> 58.6675 | BG32: =MEDIAN(AP32,AM32,AJ32,AG32,AD32,AA32,X32,U32,R32,AS32,AV32,AY32,BB32) -> 36.735 | BH32: =MAX(AP32,AM32,AJ32,AG32,AD32,AA32,X32,U32,R32,AS32,AV32,AY32,BB32) -> 150 | BJ32: =BE32*$P32 -> 33600 | BK32: =BF32*$P32 -> 176002.5 | BL32: =BG32*$P32 -> 110205 | BM32: =(SUM(R32,U32,X32,AA32,AD32,AG32,AJ32,AM32,AP32,AS32,AV32,AY32,BB32)-MAX(R32,U32,X32,AA32,AD32,AG32,AJ32,AM32,AP32,AS32,AV32,AY32,BB32)-MIN(R32,U32,X32,AA32,AD32,AG32,AJ32,AM32,AP32,AS32,AV32,AY32,BB32))/(COUNT(R32,U32,X32,AA32,AD32,AG32,AJ32,AM32,AP32,AS32,AV32,AY32,BB32)-2) -> 36.735
A33: 28 | B33: INSTALAÇÕES | C33: Lixeira ecológica | D33: Lixeira ecológica, confeccionada em papelão ondulado pardo, destinada à coleta seletiva ou resíduos secos, capacidade aproximada de 100 litros, dimensões mínimas aproximadas de 40 cm de comprimento x 40 cm de largura x 60 cm de altura, espesura mínima de 3mm, estrutura dobrável ou montável, leve, resistente ao uso institucional, de tamanho único. | E33: UNIDADE | F33: 200 | H33: 10 | J33: 50 | K33: 30 | L33: =SUM(F33:K33) -> 290 | M33: 174 | N33: =L33*M33 -> 50460 | O33: 329199 | P33: 200 | Q33: Não tem | S33: =R33*P33 -> 0 | T33: Não tem | V33: =U33*P33 -> 0 | W33: Não tem | Y33: =X33*P33 -> 0 | Z33: Não tem | AB33: =AA33*P33 -> 0 | AC33: Não tem | AE33: =AD33*P33 -> 0 | AF33: Não tem | AH33: =AG33*P33 -> 0 | AI33: Não tem | AK33: =AJ33*P33 -> 0 | AL33: Não tem | AN33: =AM33*P33 -> 0 | AO33: Não tem | AQ33: =AP33*P33 -> 0 | AR33: 28 | AS33: 133 | AT33: =AS33*P33 -> 26600 | AU33: 28 | AV33: 300 | AW33: =AV33*F33 -> 60000 | AX33: 28 | AY33: 215 | AZ33: =AY33*F33 -> 43000 | BA33: 28 | BB33: 96.93 | BC33: =BB33*F33 -> 19386 | BE33: =MIN(AP33,AM33,AJ33,AG33,AD33,AA33,X33,U33,R33,AS33,AV33,AY33,BB33) -> 96.93 | BF33: =AVERAGE(AP33,AM33,AJ33,AG33,AD33,AA33,X33,U33,R33,AS33,AV33,AY33,BB33) -> 186.2325 | BG33: =MEDIAN(AP33,AM33,AJ33,AG33,AD33,AA33,X33,U33,R33,AS33,AV33,AY33,BB33) -> 174 | BH33: =MAX(AP33,AM33,AJ33,AG33,AD33,AA33,X33,U33,R33,AS33,AV33,AY33,BB33) -> 300 | BJ33: =BE33*$P33 -> 19386 | BK33: =BF33*$P33 -> 37246.5 | BL33: =BG33*$P33 -> 34800 | BM33: =(SUM(R33,U33,X33,AA33,AD33,AG33,AJ33,AM33,AP33,AS33,AV33,AY33,BB33)-MAX(R33,U33,X33,AA33,AD33,AG33,AJ33,AM33,AP33,AS33,AV33,AY33,BB33)-MIN(R33,U33,X33,AA33,AD33,AG33,AJ33,AM33,AP33,AS33,AV33,AY33,BB33))/(COUNT(R33,U33,X33,AA33,AD33,AG33,AJ33,AM33,AP33,AS33,AV33,AY33,BB33)-2) -> 174
A34: 29 | B34: INSTALAÇÕES | C34: Lixeira grande | D34: Lixeira, com pedal e capacidade de 100 litros. Perfil e cor a serem definidos por ocasião do evento. | E34: UNIDADE/DIÁRIA | F34: 1200 | H34: 50 | K34: 30 | L34: =SUM(F34:K34) -> 1280 | M34: 57.39 | N34: =L34*M34 -> 73459.2 | O34: 296444 | P34: 1200 | Q34: 113 | R34: 35 | S34: =R34*P34 -> 42000 | T34: 113 | U34: 20 | V34: =U34*P34 -> 24000 | W34: 629 | X34: 88.5 | Y34: =X34*P34 -> 106200 | Z34: Não tem | AB34: =AA34*P34 -> 0 | AC34: Não tem | AE34: =AD34*P34 -> 0 | AF34: 13 | AG34: 30 | AH34: =AG34*P34 -> 36000 | AI34: Não tem | AK34: =AJ34*P34 -> 0 | AL34: 278 | AM34: 9.28 | AN34: =AM34*P34 -> 11136 | AO34: Não tem | AQ34: =AP34*P34 -> 0 | AR34: 29 | AS34: 49 | AT34: =AS34*P34 -> 58800 | AU34: 29 | AV34: 300 | AW34: =AV34*F34 -> 360000 | AX34: 29 | AY34: 50 | AZ34: =AY34*F34 -> 60000 | BA34: 29 | BB34: 129.24 | BC34: =BB34*F34 -> 155088 | BE34: =MIN(AP34,AM34,AJ34,AG34,AD34,AA34,X34,U34,R34,AS34,AV34,AY34,BB34) -> 9.28 | BF34: =AVERAGE(AP34,AM34,AJ34,AG34,AD34,AA34,X34,U34,R34,AS34,AV34,AY34,BB34) -> 79.002222 | BG34: =MEDIAN(AP34,AM34,AJ34,AG34,AD34,AA34,X34,U34,R34,AS34,AV34,AY34,BB34) -> 49 | BH34: =MAX(AP34,AM34,AJ34,AG34,AD34,AA34,X34,U34,R34,AS34,AV34,AY34,BB34) -> 300 | BJ34: =BE34*$P34 -> 11136 | BK34: =BF34*$P34 -> 94802.667 | BL34: =BG34*$P34 -> 58800 | BM34: =(SUM(R34,U34,X34,AA34,AD34,AG34,AJ34,AM34,AP34,AS34,AV34,AY34,BB34)-MAX(R34,U34,X34,AA34,AD34,AG34,AJ34,AM34,AP34,AS34,AV34,AY34,BB34)-MIN(R34,U34,X34,AA34,AD34,AG34,AJ34,AM34,AP34,AS34,AV34,AY34,BB34))/(COUNT(R34,U34,X34,AA34,AD34,AG34,AJ34,AM34,AP34,AS34,AV34,AY34,BB34)-2) -> 57.391429
A35: 30 | B35: INSTALAÇÕES | C35: Lixeira média | D35: Lixeira, com pedal e capacidade de 60 litros. Perfil e cor a serem definidos por ocasião do evento. | E35: UNIDADE/DIÁRIA | F35: 1200 | K35: 30 | L35: =SUM(F35:K35) -> 1230 | M35: 67.57 | N35: =L35*M35 -> 83111.1 | O35: 296445 | P35: 1200 | Q35: 114 | R35: 35 | S35: =R35*P35 -> 42000 | T35: Não tem | V35: =U35*P35 -> 0 | W35: 630 | X35: 39 | Y35: =X35*P35 -> 46800 | Z35: Não tem | AB35: =AA35*P35 -> 0 | AC35: Não tem | AE35: =AD35*P35 -> 0 | AF35: Não tem | AH35: =AG35*P35 -> 0 | AI35: Não tem | AK35: =AJ35*P35 -> 0 | AL35: 279 | AM35: 9.28 | AN35: =AM35*P35 -> 11136 | AO35: Não tem | AQ35: =AP35*P35 -> 0 | AR35: 30 | AS35: 35 | AT35: =AS35*P35 -> 42000 | AU35: 30 | AV35: 200 | AW35: =AV35*F35 -> 240000 | AX35: 30 | AY35: 35 | AZ35: =AY35*F35 -> 42000 | BA35: 30 | BB35: 193.86 | BC35: =BB35*F35 -> 232632 | BE35: =MIN(AP35,AM35,AJ35,AG35,AD35,AA35,X35,U35,R35,AS35,AV35,AY35,BB35) -> 9.28 | BF35: =AVERAGE(AP35,AM35,AJ35,AG35,AD35,AA35,X35,U35,R35,AS35,AV35,AY35,BB35) -> 78.162857 | BG35: =MEDIAN(AP35,AM35,AJ35,AG35,AD35,AA35,X35,U35,R35,AS35,AV35,AY35,BB35) -> 35 | BH35: =MAX(AP35,AM35,AJ35,AG35,AD35,AA35,X35,U35,R35,AS35,AV35,AY35,BB35) -> 200 | BJ35: =BE35*$P35 -> 11136 | BK35: =BF35*$P35 -> 93795.429 | BL35: =BG35*$P35 -> 42000 | BM35: =(SUM(R35,U35,X35,AA35,AD35,AG35,AJ35,AM35,AP35,AS35,AV35,AY35,BB35)-MAX(R35,U35,X35,AA35,AD35,AG35,AJ35,AM35,AP35,AS35,AV35,AY35,BB35)-MIN(R35,U35,X35,AA35,AD35,AG35,AJ35,AM35,AP35,AS35,AV35,AY35,BB35))/(COUNT(R35,U35,X35,AA35,AD35,AG35,AJ35,AM35,AP35,AS35,AV35,AY35,BB35)-2) -> 67.572
A36: 31 | B36: INSTALAÇÕES | C36: Lixeira pequena | D36: Lixeira, com pedal e capacidade para 20 litros. Perfil e cor a serem definidos por ocasião do evento. | E36: UNIDADE/DIÁRIA | F36: 1200 | K36: 30 | L36: =SUM(F36:K36) -> 1230 | M36: 33.11 | N36: =L36*M36 -> 40725.3 | O36: 284708 | P36: 1200 | Q36: 115 | R36: 35 | S36: =R36*P36 -> 42000 | T36: 112 | U36: 15 | V36: =U36*P36 -> 18000 | W36: 631 | X36: 30 | Y36: =X36*P36 -> 36000 | Z36: Não tem | AB36: =AA36*P36 -> 0 | AC36: 189 | AD36: 45 | AE36: =AD36*P36 -> 54000 | AF36: Não tem | AH36: =AG36*P36 -> 0 | AI36: Não tem | AK36: =AJ36*P36 -> 0 | AL36: 280 | AM36: 6.38 | AN36: =AM36*P36 -> 7656 | AO36: Não tem | AQ36: =AP36*P36 -> 0 | AR36: 31 | AS36: 25.2 | AT36: =AS36*P36 -> 30240 | AU36: 31 | AV36: 150 | AW36: =AV36*F36 -> 180000 | AX36: 31 | AY36: 25 | AZ36: =AY36*F36 -> 30000 | BA36: 31 | BB36: 56.54 | BC36: =BB36*F36 -> 67848 | BE36: =MIN(AP36,AM36,AJ36,AG36,AD36,AA36,X36,U36,R36,AS36,AV36,AY36,BB36) -> 6.38 | BF36: =AVERAGE(AP36,AM36,AJ36,AG36,AD36,AA36,X36,U36,R36,AS36,AV36,AY36,BB36) -> 43.124444 | BG36: =MEDIAN(AP36,AM36,AJ36,AG36,AD36,AA36,X36,U36,R36,AS36,AV36,AY36,BB36) -> 30 | BH36: =MAX(AP36,AM36,AJ36,AG36,AD36,AA36,X36,U36,R36,AS36,AV36,AY36,BB36) -> 150 | BJ36: =BE36*$P36 -> 7656 | BK36: =BF36*$P36 -> 51749.333 | BL36: =BG36*$P36 -> 36000 | BM36: =(SUM(R36,U36,X36,AA36,AD36,AG36,AJ36,AM36,AP36,AS36,AV36,AY36,BB36)-MAX(R36,U36,X36,AA36,AD36,AG36,AJ36,AM36,AP36,AS36,AV36,AY36,BB36)-MIN(R36,U36,X36,AA36,AD36,AG36,AJ36,AM36,AP36,AS36,AV36,AY36,BB36))/(COUNT(R36,U36,X36,AA36,AD36,AG36,AJ36,AM36,AP36,AS36,AV36,AY36,BB36)-2) -> 33.105714
A37: 32 | B37: INSTALAÇÕES | C37: Malha tensionada | D37: Malha tensionada para composição cenográfica de ambientes do evento, em cores e dimensões variadas, conforme especificações do projeto aprovado pelo contratante. OBSERVAÇÃO: O serviço deverá incluir todos os materiais e fixações necessários para adequada instalação. | E37: METROS QUADRADOS/DIÁRIA | F37: 13000 | H37: 3000 | J37: 100 | K37: 2500 | L37: =SUM(F37:K37) -> 18600 | M37: 55.79 | N37: =L37*M37 -> 1037694 | O37: 21164 | P37: 13000 | Q37: Não tem | S37: =R37*P37 -> 0 | T37: 189 | U37: 30 | V37: =U37*P37 -> 390000 | W37: 668 | X37: 62 | Y37: =X37*P37 -> 806000 | Z37: 6.29 | AA37: 30 | AB37: =AA37*P37 -> 390000 | AC37: 25 | AD37: 60 | AE37: =AD37*P37 -> 780000 | AF37: Não tem | AH37: =AG37*P37 -> 0 | AI37: 77 | AJ37: 26.11 | AK37: =AJ37*P37 -> 339430 | AL37: 239 | AM37: 13.34 | AN37: =AM37*P37 -> 173420 | AO37: 6.26 | AP37: 29 | AQ37: =AP37*P37 -> 377000 | AR37: 32 | AS37: 77 | AT37: =AS37*P37 -> 1001000 | AU37: 32 | AV37: 100 | AW37: =AV37*F37 -> 1300000 | AX37: 32 | AY37: 88 | AZ37: =AY37*F37 -> 1144000 | BA37: 32 | BB37: 355.41 | BC37: =BB37*F37 -> 4620330 | BE37: =MIN(AP37,AM37,AJ37,AG37,AD37,AA37,X37,U37,R37,AS37,AV37,AY37,BB37) -> 13.34 | BF37: =AVERAGE(AP37,AM37,AJ37,AG37,AD37,AA37,X37,U37,R37,AS37,AV37,AY37,BB37) -> 79.169091 | BG37: =MEDIAN(AP37,AM37,AJ37,AG37,AD37,AA37,X37,U37,R37,AS37,AV37,AY37,BB37) -> 60 | BH37: =MAX(AP37,AM37,AJ37,AG37,AD37,AA37,X37,U37,R37,AS37,AV37,AY37,BB37) -> 355.41 | BJ37: =BE37*$P37 -> 173420 | BK37: =BF37*$P37 -> 1029198.2 | BL37: =BG37*$P37 -> 780000 | BM37: =(SUM(R37,U37,X37,AA37,AD37,AG37,AJ37,AM37,AP37,AS37,AV37,AY37,BB37)-MAX(R37,U37,X37,AA37,AD37,AG37,AJ37,AM37,AP37,AS37,AV37,AY37,BB37)-MIN(R37,U37,X37,AA37,AD37,AG37,AJ37,AM37,AP37,AS37,AV37,AY37,BB37))/(COUNT(R37,U37,X37,AA37,AD37,AG37,AJ37,AM37,AP37,AS37,AV37,AY37,BB37)-2) -> 55.79
A38: 33 | B38: INSTALAÇÕES | C38: Piso / Praticável modular | D38: Praticável confeccionado em estrutura de duralumínio com piso em compensado de 21mm, medindo aproximadamente 200x100cm, com altura regulável entre 20cm e 100cm, revestido com carpete. OBSERVAÇÃO: A estrutura deverá ser estável, adequada para composição de palcos ou plataformas e adaptável para instalação de acessibilidade quando necessário. | E38: METROS QUADRADOS/DIÁRIA | F38: 6000 | G38: 1000 | H38: 500 | K38: 1000 | L38: =SUM(F38:K38) -> 8500 | M38: 80.82 | N38: =L38*M38 -> 686970 | O38: 10781 | P38: 6000 | Q38: Não tem | S38: =R38*P38 -> 0 | T38: 244 | U38: 30 | V38: =U38*P38 -> 180000 | W38: 658 | X38: 30 | Y38: =X38*P38 -> 180000 | Z38: 6.21 | AA38: 16 | AB38: =AA38*P38 -> 96000 | AC38: 23 | AD38: 35 | AE38: =AD38*P38 -> 210000 | AF38: 33 | AG38: 125.32 | AH38: =AG38*P38 -> 751920 | AI38: Não tem | AK38: =AJ38*P38 -> 0 | AL38: 229 | AM38: 33.06 | AN38: =AM38*P38 -> 198360 | AO38: 6.37 | AP38: 51 | AQ38: =AP38*P38 -> 306000 | AR38: 33 | AS38: 133 | AT38: =AS38*P38 -> 798000 | AU38: 33 | AV38: 150 | AW38: =AV38*F38 -> 900000 | AX38: 33 | AY38: 140 | AZ38: =AY38*F38 -> 840000 | BA38: 33 | BB38: 242.33 | BC38: =BB38*F38 -> 1453980 | BE38: =MIN(AP38,AM38,AJ38,AG38,AD38,AA38,X38,U38,R38,AS38,AV38,AY38,BB38) -> 16 | BF38: =AVERAGE(AP38,AM38,AJ38,AG38,AD38,AA38,X38,U38,R38,AS38,AV38,AY38,BB38) -> 89.61 | BG38: =MEDIAN(AP38,AM38,AJ38,AG38,AD38,AA38,X38,U38,R38,AS38,AV38,AY38,BB38) -> 51 | BH38: =MAX(AP38,AM38,AJ38,AG38,AD38,AA38,X38,U38,R38,AS38,AV38,AY38,BB38) -> 242.33 | BJ38: =BE38*$P38 -> 96000 | BK38: =BF38*$P38 -> 537660 | BL38: =BG38*$P38 -> 306000 | BM38: =(SUM(R38,U38,X38,AA38,AD38,AG38,AJ38,AM38,AP38,AS38,AV38,AY38,BB38)-MAX(R38,U38,X38,AA38,AD38,AG38,AJ38,AM38,AP38,AS38,AV38,AY38,BB38)-MIN(R38,U38,X38,AA38,AD38,AG38,AJ38,AM38,AP38,AS38,AV38,AY38,BB38))/(COUNT(R38,U38,X38,AA38,AD38,AG38,AJ38,AM38,AP38,AS38,AV38,AY38,BB38)-2) -> 80.82
A39: 34 | B39: INSTALAÇÕES | C39: Piso deck modular | D39: Piso tipo deck modular, em placas encaixáveis, confeccionadas em madeira, madeira plástica (WPC), polipropileno ou material equivalente, com sistema de encaixe, superfície antiderrapante, resistente às intempéries, indicado para uso externo ou interno. OBSERVAÇÃO: O serviços deverá incluir transporte, instalação, manutenção e desmontagem e deverá contemplar a execução de aterramento conforme as normas técnicas aplicáveis. | E39: METROS QUADRADOS/DIÁRIA | F39: 1500 | J39: 200 | K39: 1000 | L39: =SUM(F39:K39) -> 2700 | M39: 195 | N39: =L39*M39 -> 526500 | O39: 10781 | P39: 1500 | Q39: Não tem | S39: =R39*P39 -> 0 | T39: Não tem | V39: =U39*P39 -> 0 | W39: Não tem | Y39: =X39*P39 -> 0 | Z39: Não tem | AB39: =AA39*P39 -> 0 | AC39: Não tem | AE39: =AD39*P39 -> 0 | AF39: Não tem | AH39: =AG39*P39 -> 0 | AI39: Não tem | AK39: =AJ39*P39 -> 0 | AL39: Não tem | AN39: =AM39*P39 -> 0 | AO39: Não tem | AQ39: =AP39*P39 -> 0 | AR39: 34 | AS39: 182 | AT39: =AS39*P39 -> 273000 | AU39: 34 | AV39: 200 | AW39: =AV39*F39 -> 300000 | AX39: 34 | AY39: 190 | AZ39: =AY39*F39 -> 285000 | BA39: 34 | BB39: 242.33 | BC39: =BB39*F39 -> 363495 | BE39: =MIN(AP39,AM39,AJ39,AG39,AD39,AA39,X39,U39,R39,AS39,AV39,AY39,BB39) -> 182 | BF39: =AVERAGE(AP39,AM39,AJ39,AG39,AD39,AA39,X39,U39,R39,AS39,AV39,AY39,BB39) -> 203.5825 | BG39: =MEDIAN(AP39,AM39,AJ39,AG39,AD39,AA39,X39,U39,R39,AS39,AV39,AY39,BB39) -> 195 | BH39: =MAX(AP39,AM39,AJ39,AG39,AD39,AA39,X39,U39,R39,AS39,AV39,AY39,BB39) -> 242.33 | BJ39: =BE39*$P39 -> 273000 | BK39: =BF39*$P39 -> 305373.75 | BL39: =BG39*$P39 -> 292500 | BM39: =(SUM(R39,U39,X39,AA39,AD39,AG39,AJ39,AM39,AP39,AS39,AV39,AY39,BB39)-MAX(R39,U39,X39,AA39,AD39,AG39,AJ39,AM39,AP39,AS39,AV39,AY39,BB39)-MIN(R39,U39,X39,AA39,AD39,AG39,AJ39,AM39,AP39,AS39,AV39,AY39,BB39))/(COUNT(R39,U39,X39,AA39,AD39,AG39,AJ39,AM39,AP39,AS39,AV39,AY39,BB39)-2) -> 195
A40: 35 | B40: INSTALAÇÕES | C40: Piso em linóleo | D40: Piso em linóleo, das marcas Rosco, Arlequim ou similar. OBSERVAÇÃO: O serviços deverá incluir transporte, instalação, manutenção e desmontagem. O material deverá ser instalado de forma nivelada e devidamente fixado, em cor a ser definida pelo contratante. | E40: METROS QUADRADOS/DIÁRIA | F40: 500 | K40: 100 | L40: =SUM(F40:K40) -> 600 | M40: 170 | N40: =L40*M40 -> 102000 | O40: 10781 | P40: 500 | Q40: Não tem | S40: =R40*P40 -> 0 | T40: Não tem | V40: =U40*P40 -> 0 | W40: Não tem | Y40: =X40*P40 -> 0 | Z40: Não tem | AB40: =AA40*P40 -> 0 | AC40: Não tem | AE40: =AD40*P40 -> 0 | AF40: Não tem | AH40: =AG40*P40 -> 0 | AI40: Não tem | AK40: =AJ40*P40 -> 0 | AL40: Não tem | AN40: =AM40*P40 -> 0 | AO40: Não tem | AQ40: =AP40*P40 -> 0 | AR40: 35 | AS40: 91 | AT40: =AS40*P40 -> 45500 | AU40: 35 | AV40: 200 | AW40: =AV40*F40 -> 100000 | AX40: 35 | AY40: 140 | AZ40: =AY40*F40 -> 70000 | BA40: 35 | BB40: 242.33 | BC40: =BB40*F40 -> 121165 | BE40: =MIN(AP40,AM40,AJ40,AG40,AD40,AA40,X40,U40,R40,AS40,AV40,AY40,BB40) -> 91 | BF40: =AVERAGE(AP40,AM40,AJ40,AG40,AD40,AA40,X40,U40,R40,AS40,AV40,AY40,BB40) -> 168.3325 | BG40: =MEDIAN(AP40,AM40,AJ40,AG40,AD40,AA40,X40,U40,R40,AS40,AV40,AY40,BB40) -> 170 | BH40: =MAX(AP40,AM40,AJ40,AG40,AD40,AA40,X40,U40,R40,AS40,AV40,AY40,BB40) -> 242.33 | BJ40: =BE40*$P40 -> 45500 | BK40: =BF40*$P40 -> 84166.25 | BL40: =BG40*$P40 -> 85000 | BM40: =(SUM(R40,U40,X40,AA40,AD40,AG40,AJ40,AM40,AP40,AS40,AV40,AY40,BB40)-MAX(R40,U40,X40,AA40,AD40,AG40,AJ40,AM40,AP40,AS40,AV40,AY40,BB40)-MIN(R40,U40,X40,AA40,AD40,AG40,AJ40,AM40,AP40,AS40,AV40,AY40,BB40))/(COUNT(R40,U40,X40,AA40,AD40,AG40,AJ40,AM40,AP40,AS40,AV40,AY40,BB40)-2) -> 170
A41: 36 | B41: INSTALAÇÕES | C41: Piso palet com carpete | D41: Piso em estrutura tipo pallet, composto por módulos medindo aproximadamente 100x100cm com altura de 5cm, devidamente nivelados, estabilizados e travados. A estrutura deverá ser recoberta com chapas de compensado de 15mm e acabamento em carpete de 4mm, nas cores a serem definidas conforme o projeto do evento. OBSERVAÇÃO: O serviços deverá incluir transporte, instalação, manutenção e desmontagem e deverá contemplar a execução de aterramento conforme as normas técnicas aplicáveis. | E41: METROS QUADRADOS/DIÁRIA | F41: 2000 | K41: 250 | L41: =SUM(F41:K41) -> 2250 | M41: 211.17 | N41: =L41*M41 -> 475132.5 | O41: 10781 | P41: 2000 | Q41: Não tem | S41: =R41*P41 -> 0 | T41: Não tem | V41: =U41*P41 -> 0 | W41: Não tem | Y41: =X41*P41 -> 0 | Z41: Não tem | AB41: =AA41*P41 -> 0 | AC41: Não tem | AE41: =AD41*P41 -> 0 | AF41: Não tem | AH41: =AG41*P41 -> 0 | AI41: Não tem | AK41: =AJ41*P41 -> 0 | AL41: Não tem | AN41: =AM41*P41 -> 0 | AO41: Não tem | AQ41: =AP41*P41 -> 0 | AR41: 36 | AS41: 119 | AT41: =AS41*P41 -> 238000 | AU41: 36 | AV41: 250 | AW41: =AV41*F41 -> 500000 | AX41: 36 | AY41: 180 | AZ41: =AY41*F41 -> 360000 | BA41: 36 | BB41: 242.33 | BC41: =BB41*F41 -> 484660 | BE41: =MIN(AP41,AM41,AJ41,AG41,AD41,AA41,X41,U41,R41,AS41,AV41,AY41,BB41) -> 119 | BF41: =AVERAGE(AP41,AM41,AJ41,AG41,AD41,AA41,X41,U41,R41,AS41,AV41,AY41,BB41) -> 197.8325 | BG41: =MEDIAN(AP41,AM41,AJ41,AG41,AD41,AA41,X41,U41,R41,AS41,AV41,AY41,BB41) -> 211.165 | BH41: =MAX(AP41,AM41,AJ41,AG41,AD41,AA41,X41,U41,R41,AS41,AV41,AY41,BB41) -> 250 | BJ41: =BE41*$P41 -> 238000 | BK41: =BF41*$P41 -> 395665 | BL41: =BG41*$P41 -> 422330 | BM41: =(SUM(R41,U41,X41,AA41,AD41,AG41,AJ41,AM41,AP41,AS41,AV41,AY41,BB41)-MAX(R41,U41,X41,AA41,AD41,AG41,AJ41,AM41,AP41,AS41,AV41,AY41,BB41)-MIN(R41,U41,X41,AA41,AD41,AG41,AJ41,AM41,AP41,AS41,AV41,AY41,BB41))/(COUNT(R41,U41,X41,AA41,AD41,AG41,AJ41,AM41,AP41,AS41,AV41,AY41,BB41)-2) -> 211.165
A42: 37 | B42: INSTALAÇÕES | C42: Piso tipo tablado em madeira ou metal | D42: Piso tipo tablado, confeccionado em estrutura de madeira ou metal, com acabamento em pintura antiderrapante em cor a ser definida conforme o projeto do evento. OBSERVAÇÃO: A estrutura deverá ser instalada sobre superfícies irregulares ou gramadas, garantindo estabilidade e nivelamento, e deverá prever a instalação de rampas de acessibilidade quando demandado. | E42: METROS QUADRADOS/DIÁRIA | F42: 1400 | H42: 200 | K42: 250 | L42: =SUM(F42:K42) -> 1850 | M42: 221.17 | N42: =L42*M42 -> 409164.5 | O42: 10781 | P42: 1400 | Q42: Não tem | S42: =R42*P42 -> 0 | T42: Não tem | V42: =U42*P42 -> 0 | W42: Não tem | Y42: =X42*P42 -> 0 | Z42: Não tem | AB42: =AA42*P42 -> 0 | AC42: Não tem | AE42: =AD42*P42 -> 0 | AF42: Não tem | AH42: =AG42*P42 -> 0 | AI42: Não tem | AK42: =AJ42*P42 -> 0 | AL42: Não tem | AN42: =AM42*P42 -> 0 | AO42: Não tem | AQ42: =AP42*P42 -> 0 | AR42: 37 | AS42: 168 | AT42: =AS42*P42 -> 235200 | AU42: 37 | AV42: 250 | AW42: =AV42*F42 -> 350000 | AX42: 37 | AY42: 200 | AZ42: =AY42*F42 -> 280000 | BA42: 37 | BB42: 242.33 | BC42: =BB42*F42 -> 339262 | BE42: =MIN(AP42,AM42,AJ42,AG42,AD42,AA42,X42,U42,R42,AS42,AV42,AY42,BB42) -> 168 | BF42: =AVERAGE(AP42,AM42,AJ42,AG42,AD42,AA42,X42,U42,R42,AS42,AV42,AY42,BB42) -> 215.0825 | BG42: =MEDIAN(AP42,AM42,AJ42,AG42,AD42,AA42,X42,U42,R42,AS42,AV42,AY42,BB42) -> 221.165 | BH42: =MAX(AP42,AM42,AJ42,AG42,AD42,AA42,X42,U42,R42,AS42,AV42,AY42,BB42) -> 250 | BJ42: =BE42*$P42 -> 235200 | BK42: =BF42*$P42 -> 301115.5 | BL42: =BG42*$P42 -> 309631 | BM42: =(SUM(R42,U42,X42,AA42,AD42,AG42,AJ42,AM42,AP42,AS42,AV42,AY42,BB42)-MAX(R42,U42,X42,AA42,AD42,AG42,AJ42,AM42,AP42,AS42,AV42,AY42,BB42)-MIN(R42,U42,X42,AA42,AD42,AG42,AJ42,AM42,AP42,AS42,AV42,AY42,BB42))/(COUNT(R42,U42,X42,AA42,AD42,AG42,AJ42,AM42,AP42,AS42,AV42,AY42,BB42)-2) -> 221.165
A43: 38 | B43: INSTALAÇÕES | C43: Tenda - 03x03 metros | D43: Tenda com dimensões aproximadas de 3x3m, com vãos livres e cobertura em lona impermeável, antichama e com tratamento blackout, estruturada em perfis de alumínio. OBSERVAÇÃO: O serviço deverá incluir transporte, montagem, instalação e desmontagem da estrutura. A estrutura deverá ser estável, devidamente nivelada e acompanhada de Anotação de Responsabilidade Técnica (ART), garantindo conformidade com as normas técnicas aplicáveis. | E43: UNIDADE/DIÁRIA | F43: 50 | H43: 5 | K43: 30 | L43: =SUM(F43:K43) -> 85 | M43: 566.23 | N43: =L43*M43 -> 48129.55 | O43: 21164 | P43: 50 | Q43: Não tem | S43: =R43*P43 -> 0 | T43: Não tem | V43: =U43*P43 -> 0 | W43: Não tem | Y43: =X43*P43 -> 0 | Z43: Não tem | AB43: =AA43*P43 -> 0 | AC43: Não tem | AE43: =AD43*P43 -> 0 | AF43: 38 | AG43: 553.69 | AH43: =AG43*P43 -> 27684.5 | AI43: Não tem | AK43: =AJ43*P43 -> 0 | AL43: Não tem | AN43: =AM43*P43 -> 0 | AO43: Não tem | AQ43: =AP43*P43 -> 0 | AR43: 38 | AS43: 490 | AT43: =AS43*P43 -> 24500 | AU43: 38 | AV43: 600 | AW43: =AV43*F43 -> 30000 | AX43: 38 | AY43: 545 | AZ43: =AY43*F43 -> 27250 | BA43: 38 | BB43: 969.31 | BC43: =BB43*F43 -> 48465.5 | BE43: =MIN(AP43,AM43,AJ43,AG43,AD43,AA43,X43,U43,R43,AS43,AV43,AY43,BB43) -> 490 | BF43: =AVERAGE(AP43,AM43,AJ43,AG43,AD43,AA43,X43,U43,R43,AS43,AV43,AY43,BB43) -> 631.6 | BG43: =MEDIAN(AP43,AM43,AJ43,AG43,AD43,AA43,X43,U43,R43,AS43,AV43,AY43,BB43) -> 553.69 | BH43: =MAX(AP43,AM43,AJ43,AG43,AD43,AA43,X43,U43,R43,AS43,AV43,AY43,BB43) -> 969.31 | BJ43: =BE43*$P43 -> 24500 | BK43: =BF43*$P43 -> 31580 | BL43: =BG43*$P43 -> 27684.5 | BM43: =(SUM(R43,U43,X43,AA43,AD43,AG43,AJ43,AM43,AP43,AS43,AV43,AY43,BB43)-MAX(R43,U43,X43,AA43,AD43,AG43,AJ43,AM43,AP43,AS43,AV43,AY43,BB43)-MIN(R43,U43,X43,AA43,AD43,AG43,AJ43,AM43,AP43,AS43,AV43,AY43,BB43))/(COUNT(R43,U43,X43,AA43,AD43,AG43,AJ43,AM43,AP43,AS43,AV43,AY43,BB43)-2) -> 566.23
A44: 39 | B44: INSTALAÇÕES | C44: Tenda - 05x05 metros | D44: Tenda com dimensões aproximadas de 5x5m, com vãos livres e cobertura em lona impermeável, antichama e com tratamento blackout, estruturada em perfis de alumínio. OBSERVAÇÃO: O serviço deverá incluir transporte, montagem, instalação e desmontagem da estrutura. A estrutura deverá ser estável, devidamente nivelada e acompanhada de Anotação de Responsabilidade Técnica (ART), garantindo conformidade com as normas técnicas aplicáveis. | E44: UNIDADE/DIÁRIA | F44: 50 | H44: 5 | K44: 30 | L44: =SUM(F44:K44) -> 85 | M44: 725 | N44: =L44*M44 -> 61625 | O44: 21164 | P44: 50 | Q44: Não tem | S44: =R44*P44 -> 0 | T44: 257 | U44: 248.13 | V44: =U44*P44 -> 12406.5 | W44: Não tem | Y44: =X44*P44 -> 0 | Z44: Não tem | AB44: =AA44*P44 -> 0 | AC44: 27 | AD44: 450 | AE44: =AD44*P44 -> 22500 | AF44: Não tem | AH44: =AG44*P44 -> 0 | AI44: Não tem | AK44: =AJ44*P44 -> 0 | AL44: Não tem | AN44: =AM44*P44 -> 0 | AO44: Não tem | AQ44: =AP44*P44 -> 0 | AR44: 39 | AS44: 1050 | AT44: =AS44*P44 -> 52500 | AU44: 39 | AV44: 700 | AW44: =AV44*F44 -> 35000 | AX44: 39 | AY44: 700 | AZ44: =AY44*F44 -> 35000 | BA44: 39 | BB44: 1534.73 | BC44: =BB44*F44 -> 76736.5 | BE44: =MIN(AP44,AM44,AJ44,AG44,AD44,AA44,X44,U44,R44,AS44,AV44,AY44,BB44) -> 248.13 | BF44: =AVERAGE(AP44,AM44,AJ44,AG44,AD44,AA44,X44,U44,R44,AS44,AV44,AY44,BB44) -> 780.47667 | BG44: =MEDIAN(AP44,AM44,AJ44,AG44,AD44,AA44,X44,U44,R44,AS44,AV44,AY44,BB44) -> 700 | BH44: =MAX(AP44,AM44,AJ44,AG44,AD44,AA44,X44,U44,R44,AS44,AV44,AY44,BB44) -> 1534.73 | BJ44: =BE44*$P44 -> 12406.5 | BK44: =BF44*$P44 -> 39023.833 | BL44: =BG44*$P44 -> 35000 | BM44: =(SUM(R44,U44,X44,AA44,AD44,AG44,AJ44,AM44,AP44,AS44,AV44,AY44,BB44)-MAX(R44,U44,X44,AA44,AD44,AG44,AJ44,AM44,AP44,AS44,AV44,AY44,BB44)-MIN(R44,U44,X44,AA44,AD44,AG44,AJ44,AM44,AP44,AS44,AV44,AY44,BB44))/(COUNT(R44,U44,X44,AA44,AD44,AG44,AJ44,AM44,AP44,AS44,AV44,AY44,BB44)-2) -> 725
A45: 40 | B45: INSTALAÇÕES | C45: Tenda - 10x10 metros | D45: Tenda com dimensões aproximadas de 10x10m, com vãos livres e cobertura em lona impermeável, antichama e com tratamento blackout, estruturada em perfis de alumínio. OBSERVAÇÃO: O serviço deverá incluir transporte, montagem, instalação e desmontagem da estrutura. A estrutura deverá ser estável, devidamente nivelada e acompanhada de Anotação de Responsabilidade Técnica (ART), garantindo conformidade com as normas técnicas aplicáveis. | E45: UNIDADE/DIÁRIA | F45: 75 | H45: 3 | K45: 30 | L45: =SUM(F45:K45) -> 108 | M45: 1506.67 | N45: =L45*M45 -> 162720.36 | O45: 21164 | P45: 75 | Q45: 145 | R45: 670 | S45: =R45*P45 -> 50250 | T45: Não tem | V45: =U45*P45 -> 0 | W45: Não tem | Y45: =X45*P45 -> 0 | Z45: 6.30 | AA45: 580 | AB45: =AA45*P45 -> 43500 | AC45: 26 | AD45: 700 | AE45: =AD45*P45 -> 52500 | AF45: Não tem | AH45: =AG45*P45 -> 0 | AI45: Não tem | AK45: =AJ45*P45 -> 0 | AL45: Não tem | AN45: =AM45*P45 -> 0 | AO45: 6.43 | AP45: 750 | AQ45: =AP45*P45 -> 56250 | AR45: 40 | AS45: 3920 | AT45: =AS45*P45 -> 294000 | AU45: 40 | AV45: 1500 | AW45: =AV45*F45 -> 112500 | AX45: 40 | AY45: 1500 | AZ45: =AY45*F45 -> 112500 | BA45: 40 | BB45: 12924.07 | BC45: =BB45*F45 -> 969305.25 | BE45: =MIN(AP45,AM45,AJ45,AG45,AD45,AA45,X45,U45,R45,AS45,AV45,AY45,BB45) -> 580 | BF45: =AVERAGE(AP45,AM45,AJ45,AG45,AD45,AA45,X45,U45,R45,AS45,AV45,AY45,BB45) -> 2818.0087 | BG45: =MEDIAN(AP45,AM45,AJ45,AG45,AD45,AA45,X45,U45,R45,AS45,AV45,AY45,BB45) -> 1125 | BH45: =MAX(AP45,AM45,AJ45,AG45,AD45,AA45,X45,U45,R45,AS45,AV45,AY45,BB45) -> 12924.07 | BJ45: =BE45*$P45 -> 43500 | BK45: =BF45*$P45 -> 211350.66 | BL45: =BG45*$P45 -> 84375 | BM45: =(SUM(R45,U45,X45,AA45,AD45,AG45,AJ45,AM45,AP45,AS45,AV45,AY45,BB45)-MAX(R45,U45,X45,AA45,AD45,AG45,AJ45,AM45,AP45,AS45,AV45,AY45,BB45)-MIN(R45,U45,X45,AA45,AD45,AG45,AJ45,AM45,AP45,AS45,AV45,AY45,BB45))/(COUNT(R45,U45,X45,AA45,AD45,AG45,AJ45,AM45,AP45,AS45,AV45,AY45,BB45)-2) -> 1506.6667
A46: 41 | B46: INSTALAÇÕES | C46: Tenda modular - Tipo galpão | D46: Fornecimento de tenda tipo galpão com estrutura modular em perfil de alumínio, podem variar de 10, 15, 20, 25, 30, 35 ou 40 metros de largura, com módulos de 5 em 5 metros de comprimento. Cobertura com lona lonas com tratamento anti-UV e antimofo, além de serem impermeáveis e autoextinguíveis. A estrutura deverá suportar ventos conforme norma ABNT-NBR, assegurando segurança e conformidade técnica. OBSERVAÇÃO: O serviço deverá incluir transporte, montagem, instalação e desmontagem da estrutura. A estrutura deverá ser estável, devidamente nivelada e acompanhada de Anotação de Responsabilidade Técnica (ART), garantindo conformidade com as normas técnicas aplicáveis. | E46: METROS QUADRADOS/DIÁRIA | F46: 5000 | K46: 2000 | L46: =SUM(F46:K46) -> 7000 | M46: 156.27 | N46: =L46*M46 -> 1093890 | O46: 21164 | P46: 5000 | Q46: Não tem | S46: =R46*P46 -> 0 | T46: 258 | U46: 25 | V46: =U46*P46 -> 125000 | W46: 666 | X46: 43.34 | Y46: =X46*P46 -> 216700 | Z46: Não tem | AB46: =AA46*P46 -> 0 | AC46: 28 | AD46: 40 | AE46: =AD46*P46 -> 200000 | AF46: Não tem | AH46: =AG46*P46 -> 0 | AI46: Não tem | AK46: =AJ46*P46 -> 0 | AL46: Não tem | AN46: =AM46*P46 -> 0 | AO46: Não tem | AQ46: =AP46*P46 -> 0 | AR46: 41 | AS46: 168 | AT46: =AS46*P46 -> 840000 | AU46: 41 | AV46: 300 | AW46: =AV46*F46 -> 1500000 | AX46: 41 | AY46: 230 | AZ46: =AY46*F46 -> 1150000 | BA46: 41 | BB46: 3877.22 | BC46: =BB46*F46 -> 19386100 | BE46: =MIN(AP46,AM46,AJ46,AG46,AD46,AA46,X46,U46,R46,AS46,AV46,AY46,BB46) -> 25 | BF46: =AVERAGE(AP46,AM46,AJ46,AG46,AD46,AA46,X46,U46,R46,AS46,AV46,AY46,BB46) -> 669.08 | BG46: =MEDIAN(AP46,AM46,AJ46,AG46,AD46,AA46,X46,U46,R46,AS46,AV46,AY46,BB46) -> 168 | BH46: =MAX(AP46,AM46,AJ46,AG46,AD46,AA46,X46,U46,R46,AS46,AV46,AY46,BB46) -> 3877.22 | BJ46: =BE46*$P46 -> 125000 | BK46: =BF46*$P46 -> 3345400 | BL46: =BG46*$P46 -> 840000 | BM46: =(SUM(R46,U46,X46,AA46,AD46,AG46,AJ46,AM46,AP46,AS46,AV46,AY46,BB46)-MAX(R46,U46,X46,AA46,AD46,AG46,AJ46,AM46,AP46,AS46,AV46,AY46,BB46)-MIN(R46,U46,X46,AA46,AD46,AG46,AJ46,AM46,AP46,AS46,AV46,AY46,BB46))/(COUNT(R46,U46,X46,AA46,AD46,AG46,AJ46,AM46,AP46,AS46,AV46,AY46,BB46)-2) -> 156.268
D47: TOTAL - INSTALAÇÕES | N47: =SUM(N26:N46) -> 8832104.2 | BJ47: =SUM(BJ26:BJ46) -> 1710561.5 | BK47: =SUM(BK26:BK46) -> 9115799 | BL47: =SUM(BL26:BL46) -> 5248571.5
D48: GRUPO III - COMUNICAÇÃO VISUAL
A49: 42 | B49: COMUNICAÇÃO VISUAL | C49: Backdrop em tecido sublimado com estrutura | D49: Backdrop confeccionado em tecido com impressão sublimada em alta resolução, conforme arte e identidade visual fornecidas pelo contratante, incluindo estrutura de sustentação, transporte, montagem, manutenção e desmontagem no local do evento. O material deverá apresentar acabamento adequado para fixação na estrutura, garantindo qualidade visual, durabilidade da impressão e adequada apresentação para registros fotográficos e ambientação dos ambientes. | E49: METRO QUADRADO | F49: 1000 | G49: 10 | H49: 300 | K49: 200 | L49: =SUM(F49:K49) -> 1510 | M49: 240.4 | N49: =L49*M49 -> 363004 | O49: 13099 | P49: 1000 | Q49: Não tem | S49: =R49*P49 -> 0 | T49: Não tem | V49: =U49*P49 -> 0 | W49: Não tem | Y49: =X49*P49 -> 0 | Z49: Não tem | AB49: =AA49*P49 -> 0 | AC49: Não tem | AE49: =AD49*P49 -> 0 | AF49: Não tem | AH49: =AG49*P49 -> 0 | AI49: Não tem | AK49: =AJ49*P49 -> 0 | AL49: Não tem | AN49: =AM49*P49 -> 0 | AO49: Não tem | AQ49: =AP49*P49 -> 0 | AR49: 42 | AS49: 189 | AT49: =AS49*P49 -> 189000 | AU49: 42 | AV49: 370 | AW49: =AV49*F49 -> 370000 | AX49: 42 | AY49: 190 | AZ49: =AY49*F49 -> 190000 | BA49: 42 | BB49: 290.79 | BC49: =BB49*F49 -> 290790 | BE49: =MIN(AP49,AM49,AJ49,AG49,AD49,AA49,X49,U49,R49,AS49,AV49,AY49,BB49) -> 189 | BF49: =AVERAGE(AP49,AM49,AJ49,AG49,AD49,AA49,X49,U49,R49,AS49,AV49,AY49,BB49) -> 259.9475 | BG49: =MEDIAN(AP49,AM49,AJ49,AG49,AD49,AA49,X49,U49,R49,AS49,AV49,AY49,BB49) -> 240.395 | BH49: =MAX(AP49,AM49,AJ49,AG49,AD49,AA49,X49,U49,R49,AS49,AV49,AY49,BB49) -> 370 | BJ49: =BE49*$P49 -> 189000 | BK49: =BF49*$P49 -> 259947.5 | BL49: =BG49*$P49 -> 240395 | BM49: =(SUM(R49,U49,X49,AA49,AD49,AG49,AJ49,AM49,AP49,AS49,AV49,AY49,BB49)-MAX(R49,U49,X49,AA49,AD49,AG49,AJ49,AM49,AP49,AS49,AV49,AY49,BB49)-MIN(R49,U49,X49,AA49,AD49,AG49,AJ49,AM49,AP49,AS49,AV49,AY49,BB49))/(COUNT(R49,U49,X49,AA49,AD49,AG49,AJ49,AM49,AP49,AS49,AV49,AY49,BB49)-2) -> 240.395
A50: 43 | B50: COMUNICAÇÃO VISUAL | C50: Lona impressa personalizada (diversos formatos) | D50: Lona impressa em formatos variados, conforme especificações e dimensões solicitadas pelo contratante incluindo criação de arte e impressão em lona vinílica fosca ou em tecido, em policromia, com resolução mínima de 360x360 dpi. O material deverá contemplar diferentes tipos de acabamento e fixação, tais como ilhós com presilhas, bastonetes com tripé, fixação com fita dupla face ou outros sistemas adequados, de acordo com a aplicação e necessidade do evento. | E50: METRO QUADRADOS | F50: 1600 | G50: 50 | H50: 300 | K50: 500 | L50: =SUM(F50:K50) -> 2450 | M50: 107.36 | N50: =L50*M50 -> 263032 | O50: 8914 | P50: 1600 | Q50: 215 | R50: 220 | S50: =R50*P50 -> 352000 | T50: 182 | U50: 30 | V50: =U50*P50 -> 48000 | W50: Não tem | Y50: =X50*P50 -> 0 | Z50: 5.1 | AA50: 30 | AB50: =AA50*P50 -> 48000 | AC50: 132 | AD50: 45 | AE50: =AD50*P50 -> 72000 | AF50: 76 | AG50: 116.03 | AH50: =AG50*P50 -> 185648 | AI50: Não tem | AK50: =AJ50*P50 -> 0 | AL50: 319 | AM50: 27.26 | AN50: =AM50*P50 -> 43616 | AO50: 8.16 | AP50: 60 | AQ50: =AP50*P50 -> 96000 | AR50: 43 | AS50: 119 | AT50: =AS50*P50 -> 190400 | AU50: 43 | AV50: 370 | AW50: =AV50*F50 -> 592000 | AX50: 43 | AY50: 120 | AZ50: =AY50*F50 -> 192000 | BA50: 43 | BB50: 226.17 | BC50: =BB50*F50 -> 361872 | BE50: =MIN(AP50,AM50,AJ50,AG50,AD50,AA50,X50,U50,R50,AS50,AV50,AY50,BB50) -> 27.26 | BF50: =AVERAGE(AP50,AM50,AJ50,AG50,AD50,AA50,X50,U50,R50,AS50,AV50,AY50,BB50) -> 123.95091 | BG50: =MEDIAN(AP50,AM50,AJ50,AG50,AD50,AA50,X50,U50,R50,AS50,AV50,AY50,BB50) -> 116.03 | BH50: =MAX(AP50,AM50,AJ50,AG50,AD50,AA50,X50,U50,R50,AS50,AV50,AY50,BB50) -> 370 | BJ50: =BE50*$P50 -> 43616 | BK50: =BF50*$P50 -> 198321.45 | BL50: =BG50*$P50 -> 185648 | BM50: =(SUM(R50,U50,X50,AA50,AD50,AG50,AJ50,AM50,AP50,AS50,AV50,AY50,BB50)-MAX(R50,U50,X50,AA50,AD50,AG50,AJ50,AM50,AP50,AS50,AV50,AY50,BB50)-MIN(R50,U50,X50,AA50,AD50,AG50,AJ50,AM50,AP50,AS50,AV50,AY50,BB50))/(COUNT(R50,U50,X50,AA50,AD50,AG50,AJ50,AM50,AP50,AS50,AV50,AY50,BB50)-2) -> 107.35556
A51: 44 | B51: COMUNICAÇÃO VISUAL | C51: Painel tipo backdrop em lona/tecido com estrutura metálica | D51: Painel tipo backdrop com impressão fosca em lona ou tecido, em policromia, com acabamento em estrutura metálica, incluindo fixação, suporte e todos os materiais necessários à sua instalação, podendo ser solicitado em diferentes formatos, conforme a necessidade do evento e o projeto apresentado. | E51: METRO QUADRADOS | F51: 1000 | H51: 300 | K51: 500 | L51: =SUM(F51:K51) -> 1800 | M51: 215.37 | N51: =L51*M51 -> 387666 | O51: 18724 | P51: 1000 | Q51: Não tem | S51: =R51*P51 -> 0 | T51: Não tem | V51: =U51*P51 -> 0 | W51: 752 | X51: 47.51 | Y51: =X51*P51 -> 47510 | Z51: Não tem | AB51: =AA51*P51 -> 0 | AC51: Não tem | AE51: =AD51*P51 -> 0 | AF51: Não tem | AH51: =AG51*P51 -> 0 | AI51: 72 | AJ51: 109.68 | AK51: =AJ51*P51 -> 109680 | AL51: Não tem | AN51: =AM51*P51 -> 0 | AO51: Não tem | AQ51: =AP51*P51 -> 0 | AR51: 44 | AS51: 231 | AT51: =AS51*P51 -> 231000 | AU51: 44 | AV51: 370 | AW51: =AV51*F51 -> 370000 | AX51: 44 | AY51: 230 | AZ51: =AY51*F51 -> 230000 | BA51: 44 | BB51: 290.79 | BC51: =BB51*F51 -> 290790 | BE51: =MIN(AP51,AM51,AJ51,AG51,AD51,AA51,X51,U51,R51,AS51,AV51,AY51,BB51) -> 47.51 | BF51: =AVERAGE(AP51,AM51,AJ51,AG51,AD51,AA51,X51,U51,R51,AS51,AV51,AY51,BB51) -> 213.16333 | BG51: =MEDIAN(AP51,AM51,AJ51,AG51,AD51,AA51,X51,U51,R51,AS51,AV51,AY51,BB51) -> 230.5 | BH51: =MAX(AP51,AM51,AJ51,AG51,AD51,AA51,X51,U51,R51,AS51,AV51,AY51,BB51) -> 370 | BJ51: =BE51*$P51 -> 47510 | BK51: =BF51*$P51 -> 213163.33 | BL51: =BG51*$P51 -> 230500 | BM51: =(SUM(R51,U51,X51,AA51,AD51,AG51,AJ51,AM51,AP51,AS51,AV51,AY51,BB51)-MAX(R51,U51,X51,AA51,AD51,AG51,AJ51,AM51,AP51,AS51,AV51,AY51,BB51)-MIN(R51,U51,X51,AA51,AD51,AG51,AJ51,AM51,AP51,AS51,AV51,AY51,BB51))/(COUNT(R51,U51,X51,AA51,AD51,AG51,AJ51,AM51,AP51,AS51,AV51,AY51,BB51)-2) -> 215.3675
A52: 45 | B52: COMUNICAÇÃO VISUAL | C52: Porta banner tipo tripé | D52: Porta banner tipo tripé, com estrutura ajustável e base estável, adequado para sustentação e exposição de banners em ambientes internos durante a realização do evento. O equipamento deverá permitir regulagem de altura e garantir adequada fixação do material gráfico. | E52: UNIDADE/DIÁRIA | F52: 600 | G52: 30 | H52: 100 | K52: 10 | L52: =SUM(F52:K52) -> 740 | M52: 58.53 | N52: =L52*M52 -> 43312.2 | O52: 4413 | P52: 600 | Q52: 133 | R52: 55 | S52: =R52*P52 -> 33000 | T52: 197 | U52: 18 | V52: =U52*P52 -> 10800 | W52: 753 | X52: 77 | Y52: =X52*P52 -> 46200 | Z52: 6.13 | AA52: 10 | AB52: =AA52*P52 -> 6000 | AC52: 20 | AD52: 30 | AE52: =AD52*P52 -> 18000 | AF52: Não tem | AH52: =AG52*P52 -> 0 | AI52: Não tem | AK52: =AJ52*P52 -> 0 | AL52: Não tem | AN52: =AM52*P52 -> 0 | AO52: Não tem | AQ52: =AP52*P52 -> 0 | AR52: 45 | AS52: 77 | AT52: =AS52*P52 -> 46200 | AU52: 45 | AV52: 150 | AW52: =AV52*F52 -> 90000 | AX52: 45 | AY52: 80 | AZ52: =AY52*F52 -> 48000 | BA52: 45 | BB52: 72.7 | BC52: =BB52*F52 -> 43620 | BE52: =MIN(AP52,AM52,AJ52,AG52,AD52,AA52,X52,U52,R52,AS52,AV52,AY52,BB52) -> 10 | BF52: =AVERAGE(AP52,AM52,AJ52,AG52,AD52,AA52,X52,U52,R52,AS52,AV52,AY52,BB52) -> 63.3 | BG52: =MEDIAN(AP52,AM52,AJ52,AG52,AD52,AA52,X52,U52,R52,AS52,AV52,AY52,BB52) -> 72.7 | BH52: =MAX(AP52,AM52,AJ52,AG52,AD52,AA52,X52,U52,R52,AS52,AV52,AY52,BB52) -> 150 | BJ52: =BE52*$P52 -> 6000 | BK52: =BF52*$P52 -> 37980 | BL52: =BG52*$P52 -> 43620 | BM52: =(SUM(R52,U52,X52,AA52,AD52,AG52,AJ52,AM52,AP52,AS52,AV52,AY52,BB52)-MAX(R52,U52,X52,AA52,AD52,AG52,AJ52,AM52,AP52,AS52,AV52,AY52,BB52)-MIN(R52,U52,X52,AA52,AD52,AG52,AJ52,AM52,AP52,AS52,AV52,AY52,BB52))/(COUNT(R52,U52,X52,AA52,AD52,AG52,AJ52,AM52,AP52,AS52,AV52,AY52,BB52)-2) -> 58.528571
A53: 46 | B53: COMUNICAÇÃO VISUAL | C53: Pórtico de sinalização em estrutura modular | D53: Pórtico de sinalização confeccionado em estrutura modular do tipo SODEM, podendo ser coberto com lona impressa ou receber acabamento em madeira MDF, pintado e adesivado com informações e identidade visual do evento, conforme layout a ser fornecido pelo contratante, em formatos e dimensões variados. | E53: METRO QUADRADOS | F53: 700 | H53: 100 | J53: 30 | K53: 100 | L53: =SUM(F53:K53) -> 930 | M53: 264 | N53: =L53*M53 -> 245520 | O53: 13099 | P53: 700 | Q53: Não tem | S53: =R53*P53 -> 0 | T53: 241 | U53: 100 | V53: =U53*P53 -> 70000 | W53: Não tem | Y53: =X53*P53 -> 0 | Z53: Não tem | AB53: =AA53*P53 -> 0 | AC53: 22 | AD53: 50 | AE53: =AD53*P53 -> 35000 | AF53: Não tem | AH53: =AG53*P53 -> 0 | AI53: Não tem | AK53: =AJ53*P53 -> 0 | AL53: Não tem | AN53: =AM53*P53 -> 0 | AO53: Não tem | AQ53: =AP53*P53 -> 0 | AR53: 46 | AS53: 336 | AT53: =AS53*P53 -> 235200 | AU53: 46 | AV53: 270 | AW53: =AV53*F53 -> 189000 | AX53: 46 | AY53: 350 | AZ53: =AY53*F53 -> 245000 | BA53: 46 | BB53: 726.98 | BC53: =BB53*F53 -> 508886 | BE53: =MIN(AP53,AM53,AJ53,AG53,AD53,AA53,X53,U53,R53,AS53,AV53,AY53,BB53) -> 50 | BF53: =AVERAGE(AP53,AM53,AJ53,AG53,AD53,AA53,X53,U53,R53,AS53,AV53,AY53,BB53) -> 305.49667 | BG53: =MEDIAN(AP53,AM53,AJ53,AG53,AD53,AA53,X53,U53,R53,AS53,AV53,AY53,BB53) -> 303 | BH53: =MAX(AP53,AM53,AJ53,AG53,AD53,AA53,X53,U53,R53,AS53,AV53,AY53,BB53) -> 726.98 | BJ53: =BE53*$P53 -> 35000 | BK53: =BF53*$P53 -> 213847.67 | BL53: =BG53*$P53 -> 212100 | BM53: =(SUM(R53,U53,X53,AA53,AD53,AG53,AJ53,AM53,AP53,AS53,AV53,AY53,BB53)-MAX(R53,U53,X53,AA53,AD53,AG53,AJ53,AM53,AP53,AS53,AV53,AY53,BB53)-MIN(R53,U53,X53,AA53,AD53,AG53,AJ53,AM53,AP53,AS53,AV53,AY53,BB53))/(COUNT(R53,U53,X53,AA53,AD53,AG53,AJ53,AM53,AP53,AS53,AV53,AY53,BB53)-2) -> 264
A54: 47 | B54: COMUNICAÇÃO VISUAL | C54: Totem de sinalização em madeira personalizado | D54: Totem de sinalização confeccionado em madeira, com acabamento em pintura e aplicação de adesivação, conforme layout e identidade visual a serem fornecidos pelo contratante podendo ser produzido em diferentes dimensões de acordo com as necessidades de sinalização do evento. | E54: DIÁRIA | F54: 600 | H54: 100 | J54: 50 | K54: 100 | L54: =SUM(F54:K54) -> 850 | M54: 266.25 | N54: =L54*M54 -> 226312.5 | O54: 631041 | P54: 600 | Q54: Não tem | S54: =R54*P54 -> 0 | T54: 202 | U54: 45 | V54: =U54*P54 -> 27000 | W54: 637 | X54: 105.5 | Y54: =X54*P54 -> 63300 | Z54: Não tem | AB54: =AA54*P54 -> 0 | AC54: 73 | AD54: 150 | AE54: =AD54*P54 -> 90000 | AF54: Não tem | AH54: =AG54*P54 -> 0 | AI54: Não tem | AK54: =AJ54*P54 -> 0 | AL54: Não tem | AN54: =AM54*P54 -> 0 | AO54: 6.46 | AP54: 110 | AQ54: =AP54*P54 -> 66000 | AR54: 47 | AS54: 392 | AT54: =AS54*P54 -> 235200 | AU54: 47 | AV54: 450 | AW54: =AV54*F54 -> 270000 | AX54: 47 | AY54: 390 | AZ54: =AY54*F54 -> 234000 | BA54: 47 | BB54: 1130.86 | BC54: =BB54*F54 -> 678516 | BE54: =MIN(AP54,AM54,AJ54,AG54,AD54,AA54,X54,U54,R54,AS54,AV54,AY54,BB54) -> 45 | BF54: =AVERAGE(AP54,AM54,AJ54,AG54,AD54,AA54,X54,U54,R54,AS54,AV54,AY54,BB54) -> 346.67 | BG54: =MEDIAN(AP54,AM54,AJ54,AG54,AD54,AA54,X54,U54,R54,AS54,AV54,AY54,BB54) -> 270 | BH54: =MAX(AP54,AM54,AJ54,AG54,AD54,AA54,X54,U54,R54,AS54,AV54,AY54,BB54) -> 1130.86 | BJ54: =BE54*$P54 -> 27000 | BK54: =BF54*$P54 -> 208002 | BL54: =BG54*$P54 -> 162000 | BM54: =(SUM(R54,U54,X54,AA54,AD54,AG54,AJ54,AM54,AP54,AS54,AV54,AY54,BB54)-MAX(R54,U54,X54,AA54,AD54,AG54,AJ54,AM54,AP54,AS54,AV54,AY54,BB54)-MIN(R54,U54,X54,AA54,AD54,AG54,AJ54,AM54,AP54,AS54,AV54,AY54,BB54))/(COUNT(R54,U54,X54,AA54,AD54,AG54,AJ54,AM54,AP54,AS54,AV54,AY54,BB54)-2) -> 266.25
D55: TOTAL - COMUNICAÇÃO VISUAL | N55: =SUM(N49:N54) -> 1528846.7 | BJ55: =SUM(BJ49:BJ54) -> 348126 | BK55: =SUM(BK49:BK54) -> 1131262 | BL55: =SUM(BL49:BL54) -> 1074263
D56: GRUPO IV - EQUIPAMENTOS
A57: 48 | B57: EQUIPAMENTOS | C57: Ar-condicionado – 24.000 a 30.000 BTU | D57: Equipamento de ar-condicionado, com capacidade de 24.000 a 30.000 BTU/h, compressor de alto desempenho, gás refrigerante ecológico, controle eletrônico de temperatura e sistema de filtragem de ar. Alimentação elétrica compatível conforme modelo, incluindo evaporadora, condensadora, tubulação frigorígena, dreno e cabeamento elétrico. OBSERVAÇÃO: O serviço inclui transporte, montagem, instalação completa, testes de funcionamento, manutenção durante o período de uso e desmontagem. | E57: UNIDADE/DIÁRIA | F57: 30 | H57: 10 | J57: 5 | K57: 10 | L57: =SUM(F57:K57) -> 55 | M57: 1282.87 | N57: =L57*M57 -> 70557.85 | O57: 20818 | P57: 30 | Q57: 94 | R57: 255 | S57: =R57*P57 -> 7650 | T57: Não tem | V57: =U57*P57 -> 0 | W57: Não tem | Y57: =X57*P57 -> 0 | Z57: Não tem | AB57: =AA57*P57 -> 0 | AC57: Não tem | AE57: =AD57*P57 -> 0 | AF57: Não tem | AH57: =AG57*P57 -> 0 | AI57: Não tem | AK57: =AJ57*P57 -> 0 | AL57: Não tem | AN57: =AM57*P57 -> 0 | AO57: Não tem | AQ57: =AP57*P57 -> 0 | AR57: 48 | AS57: 910 | AT57: =AS57*P57 -> 27300 | AU57: 48 | AV57: 2500 | AW57: =AV57*F57 -> 75000 | AX57: 48 | AY57: 1000 | AZ57: =AY57*F57 -> 30000 | BA57: 48 | BB57: 1938.61 | BC57: =BB57*F57 -> 58158.3 | BE57: =MIN(AP57,AM57,AJ57,AG57,AD57,AA57,X57,U57,R57,AS57,AV57,AY57,BB57) -> 255 | BF57: =AVERAGE(AP57,AM57,AJ57,AG57,AD57,AA57,X57,U57,R57,AS57,AV57,AY57,BB57) -> 1320.722 | BG57: =MEDIAN(AP57,AM57,AJ57,AG57,AD57,AA57,X57,U57,R57,AS57,AV57,AY57,BB57) -> 1000 | BH57: =MAX(AP57,AM57,AJ57,AG57,AD57,AA57,X57,U57,R57,AS57,AV57,AY57,BB57) -> 2500 | BJ57: =BE57*$P57 -> 7650 | BK57: =BF57*$P57 -> 39621.66 | BL57: =BG57*$P57 -> 30000 | BM57: =(SUM(R57,U57,X57,AA57,AD57,AG57,AJ57,AM57,AP57,AS57,AV57,AY57,BB57)-MAX(R57,U57,X57,AA57,AD57,AG57,AJ57,AM57,AP57,AS57,AV57,AY57,BB57)-MIN(R57,U57,X57,AA57,AD57,AG57,AJ57,AM57,AP57,AS57,AV57,AY57,BB57))/(COUNT(R57,U57,X57,AA57,AD57,AG57,AJ57,AM57,AP57,AS57,AV57,AY57,BB57)-2) -> 1282.87
A58: 49 | B58: EQUIPAMENTOS | C58: Ar-condicionado – 9.000 a 18.000 BTU | D58: Equipamento de ar-condicionado, com capacidade de 9.000 a 18.000 BTU/h, compressor de alto desempenho, gás refrigerante ecológico, controle eletrônico de temperatura e sistema de filtragem de ar. Alimentação elétrica compatível conforme modelo, incluindo evaporadora, condensadora, tubulação frigorígena, dreno e cabeamento elétrico. OBSERVAÇÃO: O serviço contempla transporte, instalação, testes operacionais, manutenção básica durante o evento e desmontagem ao final da utilização. | E58: UNIDADE/DIÁRIA | F58: 30 | H58: 10 | J58: 5 | K58: 10 | L58: =SUM(F58:K58) -> 55 | M58: 678.88 | N58: =L58*M58 -> 37338.4 | O58: 20818 | P58: 30 | Q58: Não tem | S58: =R58*P58 -> 0 | T58: Não tem | V58: =U58*P58 -> 0 | W58: Não tem | Y58: =X58*P58 -> 0 | Z58: Não tem | AB58: =AA58*P58 -> 0 | AC58: Não tem | AE58: =AD58*P58 -> 0 | AF58: Não tem | AH58: =AG58*P58 -> 0 | AI58: Não tem | AK58: =AJ58*P58 -> 0 | AL58: Não tem | AN58: =AM58*P58 -> 0 | AO58: Não tem | AQ58: =AP58*P58 -> 0 | AR58: 49 | AS58: 532 | AT58: =AS58*P58 -> 15960 | AU58: 49 | AV58: 1800 | AW58: =AV58*F58 -> 54000 | AX58: 49 | AY58: 550 | AZ58: =AY58*F58 -> 16500 | BA58: 49 | BB58: 807.75 | BC58: =BB58*F58 -> 24232.5 | BE58: =MIN(AP58,AM58,AJ58,AG58,AD58,AA58,X58,U58,R58,AS58,AV58,AY58,BB58) -> 532 | BF58: =AVERAGE(AP58,AM58,AJ58,AG58,AD58,AA58,X58,U58,R58,AS58,AV58,AY58,BB58) -> 922.4375 | BG58: =MEDIAN(AP58,AM58,AJ58,AG58,AD58,AA58,X58,U58,R58,AS58,AV58,AY58,BB58) -> 678.875 | BH58: =MAX(AP58,AM58,AJ58,AG58,AD58,AA58,X58,U58,R58,AS58,AV58,AY58,BB58) -> 1800 | BJ58: =BE58*$P58 -> 15960 | BK58: =BF58*$P58 -> 27673.125 | BL58: =BG58*$P58 -> 20366.25 | BM58: =(SUM(R58,U58,X58,AA58,AD58,AG58,AJ58,AM58,AP58,AS58,AV58,AY58,BB58)-MAX(R58,U58,X58,AA58,AD58,AG58,AJ58,AM58,AP58,AS58,AV58,AY58,BB58)-MIN(R58,U58,X58,AA58,AD58,AG58,AJ58,AM58,AP58,AS58,AV58,AY58,BB58))/(COUNT(R58,U58,X58,AA58,AD58,AG58,AJ58,AM58,AP58,AS58,AV58,AY58,BB58)-2) -> 678.875
A59: 50 | B59: EQUIPAMENTOS | C59: Ar-condicionado - Climatizador evaporativo | D59: Climatizador de ar portátil, com sistema de resfriamento evaporativo por painel colmeia, dotado de reservatório de água com capacidade mínima de 80 litros, com opção de abastecimento manual e contínuo, vazão mínima de 7.000 m³/h, motor elétrico com potência compatível, tensão de 220V / 60Hz, com no mínimo 3 velocidades de operação, sistema de oscilação horizontal automática e direcionadores de ar verticais ajustáveis, equipado com rodízios para fácil movimentação. OBSERVAÇÃO: Quantidade e distribuição dos equipamentos deverão ser dimensionadas pela contratada, de forma a garantir conforto térmico compatível com a ocupação do ambiente e características do evento. Inclui transporte, instalação, interligação hidráulica e elétrica, testes operacionais, operação assistida por técnico especializado e desmontagem ao término do evento. | E59: UNIDADE/DIÁRIA | F59: 200 | J59: 5 | K59: 50 | L59: =SUM(F59:K59) -> 255 | M59: 375.02 | N59: =L59*M59 -> 95630.1 | O59: 20818 | P59: 200 | Q59: 107 | R59: 385 | S59: =R59*P59 -> 77000 | T59: 221 | U59: 60 | V59: =U59*P59 -> 12000 | W59: 654 | X59: 150 | Y59: =X59*P59 -> 30000 | Z59: Não tem | AB59: =AA59*P59 -> 0 | AC59: 10 | AD59: 100 | AE59: =AD59*P59 -> 20000 | AF59: 31 | AG59: 858.55 | AH59: =AG59*P59 -> 171710 | AI59: Não tem | AK59: =AJ59*P59 -> 0 | AL59: 188 | AM59: 119.41 | AN59: =AM59*P59 -> 23882 | AO59: 6.17 | AP59: 78 | AQ59: =AP59*P59 -> 15600 | AR59: 50 | AS59: 308 | AT59: =AS59*P59 -> 61600 | AU59: 50 | AV59: 1200 | AW59: =AV59*F59 -> 240000 | AX59: 50 | AY59: 310 | AZ59: =AY59*F59 -> 62000 | BA59: 50 | BB59: 1066.24 | BC59: =BB59*F59 -> 213248 | BE59: =MIN(AP59,AM59,AJ59,AG59,AD59,AA59,X59,U59,R59,AS59,AV59,AY59,BB59) -> 60 | BF59: =AVERAGE(AP59,AM59,AJ59,AG59,AD59,AA59,X59,U59,R59,AS59,AV59,AY59,BB59) -> 421.38182 | BG59: =MEDIAN(AP59,AM59,AJ59,AG59,AD59,AA59,X59,U59,R59,AS59,AV59,AY59,BB59) -> 308 | BH59: =MAX(AP59,AM59,AJ59,AG59,AD59,AA59,X59,U59,R59,AS59,AV59,AY59,BB59) -> 1200 | BJ59: =BE59*$P59 -> 12000 | BK59: =BF59*$P59 -> 84276.364 | BL59: =BG59*$P59 -> 61600 | BM59: =(SUM(R59,U59,X59,AA59,AD59,AG59,AJ59,AM59,AP59,AS59,AV59,AY59,BB59)-MAX(R59,U59,X59,AA59,AD59,AG59,AJ59,AM59,AP59,AS59,AV59,AY59,BB59)-MIN(R59,U59,X59,AA59,AD59,AG59,AJ59,AM59,AP59,AS59,AV59,AY59,BB59))/(COUNT(R59,U59,X59,AA59,AD59,AG59,AJ59,AM59,AP59,AS59,AV59,AY59,BB59)-2) -> 375.02222
A60: 51 | B60: EQUIPAMENTOS | C60: Ar-condicionado - Sistema de Resfriadora de Líquido (Chiller) | D60: Serviço de locação de sistema de climatização tipo Chiller, com capacidade mínima de 150 TR, incluindo unidade resfriadora, fan coils compatíveis com a carga térmica, rede de dutos de insuflamento e retorno, grelhas de distribuição de ar, tubulações, conexões, isolamento térmico, sistema de controle operacional e infraestrutura necessária. OBSERVAÇÃO: O serviço deverá contemplar transporte, instalação, comissionamento, operação assistida, manutenção preventiva e corretiva, suporte técnico e desmontagem. | E60: UNIDADE/DIÁRIA | F60: 40 | H60: 40 | J60: 5 | K60: 10 | L60: =SUM(F60:K60) -> 95 | M60: 2521.81 | N60: =L60*M60 -> 239571.95 | O60: 20818 | P60: 40 | Q60: Não tem | S60: =R60*P60 -> 0 | T60: Não tem | V60: =U60*P60 -> 0 | W60: Não tem | Y60: =X60*P60 -> 0 | Z60: Não tem | AB60: =AA60*P60 -> 0 | AC60: Não tem | AE60: =AD60*P60 -> 0 | AF60: Não tem | AH60: =AG60*P60 -> 0 | AI60: Não tem | AK60: =AJ60*P60 -> 0 | AL60: 171 | AM60: 480.41 | AN60: =AM60*P60 -> 19216.4 | AO60: Não tem | AQ60: =AP60*P60 -> 0 | AR60: 51 | AS60: 8680 | AT60: =AS60*P60 -> 347200 | AU60: 51 | AV60: 1800 | AW60: =AV60*F60 -> 72000 | AX60: 51 | AY60: 5200 | AZ60: =AY60*F60 -> 208000 | BA60: 51 | BB60: 565.43 | BC60: =BB60*F60 -> 22617.2 | BE60: =MIN(AP60,AM60,AJ60,AG60,AD60,AA60,X60,U60,R60,AS60,AV60,AY60,BB60) -> 480.41 | BF60: =AVERAGE(AP60,AM60,AJ60,AG60,AD60,AA60,X60,U60,R60,AS60,AV60,AY60,BB60) -> 3345.168 | BG60: =MEDIAN(AP60,AM60,AJ60,AG60,AD60,AA60,X60,U60,R60,AS60,AV60,AY60,BB60) -> 1800 | BH60: =MAX(AP60,AM60,AJ60,AG60,AD60,AA60,X60,U60,R60,AS60,AV60,AY60,BB60) -> 8680 | BJ60: =BE60*$P60 -> 19216.4 | BK60: =BF60*$P60 -> 133806.72 | BL60: =BG60*$P60 -> 72000 | BM60: =(SUM(R60,U60,X60,AA60,AD60,AG60,AJ60,AM60,AP60,AS60,AV60,AY60,BB60)-MAX(R60,U60,X60,AA60,AD60,AG60,AJ60,AM60,AP60,AS60,AV60,AY60,BB60)-MIN(R60,U60,X60,AA60,AD60,AG60,AJ60,AM60,AP60,AS60,AV60,AY60,BB60))/(COUNT(R60,U60,X60,AA60,AD60,AG60,AJ60,AM60,AP60,AS60,AV60,AY60,BB60)-2) -> 2521.81
A61: 52 | B61: EQUIPAMENTOS | C61: Banheiro - Container | D61: Módulo habitável tipo container para sanitário coletivo climatizado, destinado a eventos de médio e grande porte, com estrutura em perfis metálicos e fechamento em painéis termoacústicos com isolamento térmico, dimensões aproximadas de 6,00 x 2,40 x 2,50 m, piso antiderrapante e de fácil higienização. Configuração interna com divisões independentes (masculino e feminino), incluindo no mínimo uma cabine acessível conforme ABNT NBR 9050, com cabines sanitárias, lavatórios e mictórios em quantidade compatível com a demanda. Dotado de instalações hidrossanitárias e elétricas completas, sistema de climatização com ar-condicionado e ventilação/exaustão. OBSERVAÇÃO: O serviço deverá contemplar transporte, instalação, montagem, nivelamento, operação, manutenção e desmontagem, garantindo funcionamento adequado durante o evento, cabendo à contratada o dimensionamento das unidades conforme público e necessidades operacionais. | E61: UNIDADE/DIÁRIA | F61: 30 | G61: 8 | J61: 5 | K61: 10 | L61: =SUM(F61:K61) -> 53 | M61: 3775 | N61: =L61*M61 -> 200075 | O61: 17612 | P61: 30 | Q61: Não tem | S61: =R61*P61 -> 0 | T61: Não tem | V61: =U61*P61 -> 0 | W61: Não tem | Y61: =X61*P61 -> 0 | Z61: Não tem | AB61: =AA61*P61 -> 0 | AC61: Não tem | AE61: =AD61*P61 -> 0 | AF61: Não tem | AH61: =AG61*P61 -> 0 | AI61: Não tem | AK61: =AJ61*P61 -> 0 | AL61: Não tem | AN61: =AM61*P61 -> 0 | AO61: Não tem | AQ61: =AP61*P61 -> 0 | AR61: 52 | AS61: 2520 | AT61: =AS61*P61 -> 75600 | AU61: 52 | AV61: 5000 | AW61: =AV61*F61 -> 150000 | AX61: 52 | AY61: 2550 | AZ61: =AY61*F61 -> 76500 | BA61: 52 | BB61: 5654.28 | BC61: =BB61*F61 -> 169628.4 | BE61: =MIN(AP61,AM61,AJ61,AG61,AD61,AA61,X61,U61,R61,AS61,AV61,AY61,BB61) -> 2520 | BF61: =AVERAGE(AP61,AM61,AJ61,AG61,AD61,AA61,X61,U61,R61,AS61,AV61,AY61,BB61) -> 3931.07 | BG61: =MEDIAN(AP61,AM61,AJ61,AG61,AD61,AA61,X61,U61,R61,AS61,AV61,AY61,BB61) -> 3775 | BH61: =MAX(AP61,AM61,AJ61,AG61,AD61,AA61,X61,U61,R61,AS61,AV61,AY61,BB61) -> 5654.28 | BJ61: =BE61*$P61 -> 75600 | BK61: =BF61*$P61 -> 117932.1 | BL61: =BG61*$P61 -> 113250 | BM61: =(SUM(R61,U61,X61,AA61,AD61,AG61,AJ61,AM61,AP61,AS61,AV61,AY61,BB61)-MAX(R61,U61,X61,AA61,AD61,AG61,AJ61,AM61,AP61,AS61,AV61,AY61,BB61)-MIN(R61,U61,X61,AA61,AD61,AG61,AJ61,AM61,AP61,AS61,AV61,AY61,BB61))/(COUNT(R61,U61,X61,AA61,AD61,AG61,AJ61,AM61,AP61,AS61,AV61,AY61,BB61)-2) -> 3775
A62: 53 | B62: EQUIPAMENTOS | C62: Banheiro químico | D62: Banheiro químico individual com vaso sanitário, lavatório com espelho, piso antiderrapante, lixeira, papel higiênico, sabonete líquido, álcool em gel e toalha descartável, devidamente acondicionados, iluminação e sistema de ventilação. | E62: UNIDADE/DIÁRIA | F62: 200 | G62: 30 | J62: 5 | K62: 50 | L62: =SUM(F62:K62) -> 285 | M62: 259.58 | N62: =L62*M62 -> 73980.3 | O62: 17612 | P62: 200 | Q62: 100 | R62: 150 | S62: =R62*P62 -> 30000 | T62: 210 | U62: 90 | V62: =U62*P62 -> 18000 | W62: 676 | X62: 250 | Y62: =X62*P62 -> 50000 | Z62: Não tem | AB62: =AA62*P62 -> 0 | AC62: 7 | AD62: 150 | AE62: =AD62*P62 -> 30000 | AF62: Não tem | AH62: =AG62*P62 -> 0 | AI62: Não tem | AK62: =AJ62*P62 -> 0 | AL62: 214 | AM62: 58.58 | AN62: =AM62*P62 -> 11716 | AO62: 6.10 | AP62: 160 | AQ62: =AP62*P62 -> 32000 | AR62: 53 | AS62: 392 | AT62: =AS62*P62 -> 78400 | AU62: 53 | AV62: 600 | AW62: =AV62*F62 -> 120000 | AX62: 53 | AY62: 400 | AZ62: =AY62*F62 -> 80000 | BA62: 53 | BB62: 484.65 | BC62: =BB62*F62 -> 96930 | BE62: =MIN(AP62,AM62,AJ62,AG62,AD62,AA62,X62,U62,R62,AS62,AV62,AY62,BB62) -> 58.58 | BF62: =AVERAGE(AP62,AM62,AJ62,AG62,AD62,AA62,X62,U62,R62,AS62,AV62,AY62,BB62) -> 273.523 | BG62: =MEDIAN(AP62,AM62,AJ62,AG62,AD62,AA62,X62,U62,R62,AS62,AV62,AY62,BB62) -> 205 | BH62: =MAX(AP62,AM62,AJ62,AG62,AD62,AA62,X62,U62,R62,AS62,AV62,AY62,BB62) -> 600 | BJ62: =BE62*$P62 -> 11716 | BK62: =BF62*$P62 -> 54704.6 | BL62: =BG62*$P62 -> 41000 | BM62: =(SUM(R62,U62,X62,AA62,AD62,AG62,AJ62,AM62,AP62,AS62,AV62,AY62,BB62)-MAX(R62,U62,X62,AA62,AD62,AG62,AJ62,AM62,AP62,AS62,AV62,AY62,BB62)-MIN(R62,U62,X62,AA62,AD62,AG62,AJ62,AM62,AP62,AS62,AV62,AY62,BB62))/(COUNT(R62,U62,X62,AA62,AD62,AG62,AJ62,AM62,AP62,AS62,AV62,AY62,BB62)-2) -> 259.58125
A63: 54 | B63: EQUIPAMENTOS | C63: Banheiro químico - PNE | D63: Banheiro químico individual com vaso sanitário, lavatório com espelho, piso antiderrapante, lixeira, papel higiênico, sabonete líquido, álcool em gel e toalha descartável, devidamente acondicionados, iluminação e sistema de ventilação, acessível para deficientes físicos, conforme Norma ABNT NBR 9050. | E63: UNIDADE/DIÁRIA | F63: 50 | J63: 2 | K63: 10 | L63: =SUM(F63:K63) -> 62 | M63: 342.25 | N63: =L63*M63 -> 21219.5 | O63: 17612 | P63: 50 | Q63: 101 | R63: 185 | S63: =R63*P63 -> 9250 | T63: 210 | U63: 90 | V63: =U63*P63 -> 4500 | W63: 677 | X63: 325 | Y63: =X63*P63 -> 16250 | Z63: Não tem | AB63: =AA63*P63 -> 0 | AC63: 7 | AD63: 150 | AE63: =AD63*P63 -> 7500 | AF63: Não tem | AH63: =AG63*P63 -> 0 | AI63: Não tem | AK63: =AJ63*P63 -> 0 | AL63: 214 | AM63: 58.58 | AN63: =AM63*P63 -> 2929 | AO63: 6.11 | AP63: 200 | AQ63: =AP63*P63 -> 10000 | AR63: 54 | AS63: 588 | AT63: =AS63*P63 -> 29400 | AU63: 54 | AV63: 650 | AW63: =AV63*F63 -> 32500 | AX63: 54 | AY63: 550 | AZ63: =AY63*F63 -> 27500 | BA63: 54 | BB63: 1050.08 | BC63: =BB63*F63 -> 52504 | BE63: =MIN(AP63,AM63,AJ63,AG63,AD63,AA63,X63,U63,R63,AS63,AV63,AY63,BB63) -> 58.58 | BF63: =AVERAGE(AP63,AM63,AJ63,AG63,AD63,AA63,X63,U63,R63,AS63,AV63,AY63,BB63) -> 384.666 | BG63: =MEDIAN(AP63,AM63,AJ63,AG63,AD63,AA63,X63,U63,R63,AS63,AV63,AY63,BB63) -> 262.5 | BH63: =MAX(AP63,AM63,AJ63,AG63,AD63,AA63,X63,U63,R63,AS63,AV63,AY63,BB63) -> 1050.08 | BJ63: =BE63*$P63 -> 2929 | BK63: =BF63*$P63 -> 19233.3 | BL63: =BG63*$P63 -> 13125 | BM63: =(SUM(R63,U63,X63,AA63,AD63,AG63,AJ63,AM63,AP63,AS63,AV63,AY63,BB63)-MAX(R63,U63,X63,AA63,AD63,AG63,AJ63,AM63,AP63,AS63,AV63,AY63,BB63)-MIN(R63,U63,X63,AA63,AD63,AG63,AJ63,AM63,AP63,AS63,AV63,AY63,BB63))/(COUNT(R63,U63,X63,AA63,AD63,AG63,AJ63,AM63,AP63,AS63,AV63,AY63,BB63)-2) -> 342.25
A64: 55 | B64: EQUIPAMENTOS | C64: Cabine acústica para tradução simultânea | D64: Cabine acústica para tradução simultânea, medindo 1,50x1,50 de largura e profundidade, 1,90 de altura e revestimento acústico. OBSERVAÇÃO: Devidamente equipada com todos os dispositivos necessários ao pleno funcionamento do sistema, incluindo consoles de intérprete, fones de ouvido, microfones, transmissores, receptores e demais acessórios indispensáveis para a realização do serviço durante o evento. | E64: UNIDADE/DIÁRIA | F64: 70 | H64: 3 | J64: 1 | K64: 10 | L64: =SUM(F64:K64) -> 84 | M64: 750.9 | N64: =L64*M64 -> 63075.6 | O64: 21490 | P64: 70 | Q64: 44 | R64: 250 | S64: =R64*P64 -> 17500 | T64: Não tem | V64: =U64*P64 -> 0 | W64: 707 | X64: 1028 | Y64: =X64*P64 -> 71960 | Z64: 7.3 | AA64: 200 | AB64: =AA64*P64 -> 14000 | AC64: 33 | AD64: 450 | AE64: =AD64*P64 -> 31500 | AF64: Não tem | AH64: =AG64*P64 -> 0 | AI64: 18 | AJ64: 470.07 | AK64: =AJ64*P64 -> 32904.9 | AL64: 138 | AM64: 20.88 | AN64: =AM64*P64 -> 1461.6 | AO64: 7.1 | AP64: 400 | AQ64: =AP64*P64 -> 28000 | AR64: 55 | AS64: 1260 | AT64: =AS64*P64 -> 88200 | AU64: 55 | AV64: 1500 | AW64: =AV64*F64 -> 105000 | AX64: 55 | AY64: 1200 | AZ64: =AY64*F64 -> 84000 | BA64: 55 | BB64: 8562.2 | BC64: =BB64*F64 -> 599354 | BE64: =MIN(AP64,AM64,AJ64,AG64,AD64,AA64,X64,U64,R64,AS64,AV64,AY64,BB64) -> 20.88 | BF64: =AVERAGE(AP64,AM64,AJ64,AG64,AD64,AA64,X64,U64,R64,AS64,AV64,AY64,BB64) -> 1394.65 | BG64: =MEDIAN(AP64,AM64,AJ64,AG64,AD64,AA64,X64,U64,R64,AS64,AV64,AY64,BB64) -> 470.07 | BH64: =MAX(AP64,AM64,AJ64,AG64,AD64,AA64,X64,U64,R64,AS64,AV64,AY64,BB64) -> 8562.2 | BJ64: =BE64*$P64 -> 1461.6 | BK64: =BF64*$P64 -> 97625.5 | BL64: =BG64*$P64 -> 32904.9 | BM64: =(SUM(R64,U64,X64,AA64,AD64,AG64,AJ64,AM64,AP64,AS64,AV64,AY64,BB64)-MAX(R64,U64,X64,AA64,AD64,AG64,AJ64,AM64,AP64,AS64,AV64,AY64,BB64)-MIN(R64,U64,X64,AA64,AD64,AG64,AJ64,AM64,AP64,AS64,AV64,AY64,BB64))/(COUNT(R64,U64,X64,AA64,AD64,AG64,AJ64,AM64,AP64,AS64,AV64,AY64,BB64)-2) -> 750.89667
A65: 56 | B65: EQUIPAMENTOS | C65: Caçamba de entulho | D65: Container estacionário para entulho, confeccionado em aço carbono, destinado ao acondicionamento temporário de resíduos. Capacidada mínima de 7m³. | E65: UNIDADE/DIÁRIA | F65: 360 | H65: 10 | J65: 5 | K65: 30 | L65: =SUM(F65:K65) -> 405 | M65: 718.88 | N65: =L65*M65 -> 291146.4 | O65: 630754 | P65: 360 | Q65: Não tem | S65: =R65*P65 -> 0 | T65: Não tem | V65: =U65*P65 -> 0 | W65: Não tem | Y65: =X65*P65 -> 0 | Z65: Não tem | AB65: =AA65*P65 -> 0 | AC65: Não tem | AE65: =AD65*P65 -> 0 | AF65: Não tem | AH65: =AG65*P65 -> 0 | AI65: Não tem | AK65: =AJ65*P65 -> 0 | AL65: Não tem | AN65: =AM65*P65 -> 0 | AO65: Não tem | AQ65: =AP65*P65 -> 0 | AR65: 56 | AS65: 630 | AT65: =AS65*P65 -> 226800 | AU65: 56 | AV65: 1400 | AW65: =AV65*F65 -> 504000 | AX65: 56 | AY65: 630 | AZ65: =AY65*F65 -> 226800 | BA65: 56 | BB65: 807.75 | BC65: =BB65*F65 -> 290790 | BE65: =MIN(AP65,AM65,AJ65,AG65,AD65,AA65,X65,U65,R65,AS65,AV65,AY65,BB65) -> 630 | BF65: =AVERAGE(AP65,AM65,AJ65,AG65,AD65,AA65,X65,U65,R65,AS65,AV65,AY65,BB65) -> 866.9375 | BG65: =MEDIAN(AP65,AM65,AJ65,AG65,AD65,AA65,X65,U65,R65,AS65,AV65,AY65,BB65) -> 718.875 | BH65: =MAX(AP65,AM65,AJ65,AG65,AD65,AA65,X65,U65,R65,AS65,AV65,AY65,BB65) -> 1400 | BJ65: =BE65*$P65 -> 226800 | BK65: =BF65*$P65 -> 312097.5 | BL65: =BG65*$P65 -> 258795 | BM65: =(SUM(R65,U65,X65,AA65,AD65,AG65,AJ65,AM65,AP65,AS65,AV65,AY65,BB65)-MAX(R65,U65,X65,AA65,AD65,AG65,AJ65,AM65,AP65,AS65,AV65,AY65,BB65)-MIN(R65,U65,X65,AA65,AD65,AG65,AJ65,AM65,AP65,AS65,AV65,AY65,BB65))/(COUNT(R65,U65,X65,AA65,AD65,AG65,AJ65,AM65,AP65,AS65,AV65,AY65,BB65)-2) -> 718.875
A66: 57 | B66: EQUIPAMENTOS | C66: Cadeira de rodas | D66: Cadeira de rodas para pessoas com deficiência. Equipamento destinado à mobilidade de pessoas com deficiência ou mobilidade reduzida, composto por estrutura metálica, rodas traseiras de propulsão manual, rodas dianteiras direcionais, apoio para braços e pés. | E66: UNIDADE/DIÁRIA | F66: 20 | H66: 5 | J66: 3 | K66: 10 | L66: =SUM(F66:K66) -> 38 | M66: 147.91 | N66: =L66*M66 -> 5620.58 | O66: 30428 | P66: 20 | Q66: 104 | R66: 55 | S66: =R66*P66 -> 1100 | T66: 95 | U66: 35 | V66: =U66*P66 -> 700 | W66: 714 | X66: 161.25 | Y66: =X66*P66 -> 3225 | Z66: 6.23 | AA66: 30 | AB66: =AA66*P66 -> 600 | AC66: 183 | AD66: 80 | AE66: =AD66*P66 -> 1600 | AF66: Não tem | AH66: =AG66*P66 -> 0 | AI66: Não tem | AK66: =AJ66*P66 -> 0 | AL66: Não tem | AN66: =AM66*P66 -> 0 | AO66: 6.16 | AP66: 90 | AQ66: =AP66*P66 -> 1800 | AR66: 57 | AS66: 112 | AT66: =AS66*P66 -> 2240 | AU66: 57 | AV66: 500 | AW66: =AV66*F66 -> 10000 | AX66: 57 | AY66: 150 | AZ66: =AY66*F66 -> 3000 | BA66: 57 | BB66: 726.98 | BC66: =BB66*F66 -> 14539.6 | BE66: =MIN(AP66,AM66,AJ66,AG66,AD66,AA66,X66,U66,R66,AS66,AV66,AY66,BB66) -> 30 | BF66: =AVERAGE(AP66,AM66,AJ66,AG66,AD66,AA66,X66,U66,R66,AS66,AV66,AY66,BB66) -> 194.023 | BG66: =MEDIAN(AP66,AM66,AJ66,AG66,AD66,AA66,X66,U66,R66,AS66,AV66,AY66,BB66) -> 101 | BH66: =MAX(AP66,AM66,AJ66,AG66,AD66,AA66,X66,U66,R66,AS66,AV66,AY66,BB66) -> 726.98 | BJ66: =BE66*$P66 -> 600 | BK66: =BF66*$P66 -> 3880.46 | BL66: =BG66*$P66 -> 2020 | BM66: =(SUM(R66,U66,X66,AA66,AD66,AG66,AJ66,AM66,AP66,AS66,AV66,AY66,BB66)-MAX(R66,U66,X66,AA66,AD66,AG66,AJ66,AM66,AP66,AS66,AV66,AY66,BB66)-MIN(R66,U66,X66,AA66,AD66,AG66,AJ66,AM66,AP66,AS66,AV66,AY66,BB66))/(COUNT(R66,U66,X66,AA66,AD66,AG66,AJ66,AM66,AP66,AS66,AV66,AY66,BB66)-2) -> 147.90625
A67: 58 | B67: EQUIPAMENTOS | C67: Cadeira de rodas - Elétrica | D67: Cadeira de rodas elétrica, para uso interno e externo, com sistema de propulsão elétrica por motores, alimentação por bateria recarregável mínima de 24 V, controle por joystick eletrônico, estrutura em aço, alumínio ou material equivalente, assento e encosto acolchoados, apoios de braços e pés ajustáveis ou rebatíveis, rodas adequadas à estabilidade e manobrabilidade, capacidade mínima de carga de 100 kg, velocidade controlada, sistema de freio eletromagnético ou equivalente, carregador bivolt automático, em conformidade com as normas ABNT NBR ISO 7176 aplicáveis. | E67: UNIDADE/DIÁRIA | F67: 20 | J67: 2 | K67: 10 | L67: =SUM(F67:K67) -> 32 | M67: 375 | N67: =L67*M67 -> 12000 | O67: 30429 | P67: 20 | Q67: Não tem | S67: =R67*P67 -> 0 | T67: Não tem | V67: =U67*P67 -> 0 | W67: Não tem | Y67: =X67*P67 -> 0 | Z67: Não tem | AB67: =AA67*P67 -> 0 | AC67: Não tem | AE67: =AD67*P67 -> 0 | AF67: Não tem | AH67: =AG67*P67 -> 0 | AI67: Não tem | AK67: =AJ67*P67 -> 0 | AL67: Não tem | AN67: =AM67*P67 -> 0 | AO67: Não tem | AQ67: =AP67*P67 -> 0 | AR67: 58 | AS67: 350 | AT67: =AS67*P67 -> 7000 | AU67: 58 | AV67: 400 | AW67: =AV67*F67 -> 8000 | AX67: 58 | AY67: 320 | AZ67: =AY67*F67 -> 6400 | BA67: 58 | BB67: 2423.26 | BC67: =BB67*F67 -> 48465.2 | BE67: =MIN(AP67,AM67,AJ67,AG67,AD67,AA67,X67,U67,R67,AS67,AV67,AY67,BB67) -> 320 | BF67: =AVERAGE(AP67,AM67,AJ67,AG67,AD67,AA67,X67,U67,R67,AS67,AV67,AY67,BB67) -> 873.315 | BG67: =MEDIAN(AP67,AM67,AJ67,AG67,AD67,AA67,X67,U67,R67,AS67,AV67,AY67,BB67) -> 375 | BH67: =MAX(AP67,AM67,AJ67,AG67,AD67,AA67,X67,U67,R67,AS67,AV67,AY67,BB67) -> 2423.26 | BJ67: =BE67*$P67 -> 6400 | BK67: =BF67*$P67 -> 17466.3 | BL67: =BG67*$P67 -> 7500 | BM67: =(SUM(R67,U67,X67,AA67,AD67,AG67,AJ67,AM67,AP67,AS67,AV67,AY67,BB67)-MAX(R67,U67,X67,AA67,AD67,AG67,AJ67,AM67,AP67,AS67,AV67,AY67,BB67)-MIN(R67,U67,X67,AA67,AD67,AG67,AJ67,AM67,AP67,AS67,AV67,AY67,BB67))/(COUNT(R67,U67,X67,AA67,AD67,AG67,AJ67,AM67,AP67,AS67,AV67,AY67,BB67)-2) -> 375
A68: 59 | B68: EQUIPAMENTOS | C68: Carrinho de carga | D68: Carrinho de carga com 2 ou 4 rodas, plataforma ou dobrável, capacidade de carga mínima de 100 kg. | E68: UNIDADE/DIÁRIA | F68: 120 | H68: 20 | J68: 5 | K68: 10 | L68: =SUM(F68:K68) -> 155 | M68: 120.96 | N68: =L68*M68 -> 18748.8 | O68: 4584 | P68: 120 | Q68: Não tem | S68: =R68*P68 -> 0 | T68: 266 | U68: 53 | V68: =U68*P68 -> 6360 | W68: Não tem | Y68: =X68*P68 -> 0 | Z68: Não tem | AB68: =AA68*P68 -> 0 | AC68: 9 | AD68: 80 | AE68: =AD68*P68 -> 9600 | AF68: Não tem | AH68: =AG68*P68 -> 0 | AI68: Não tem | AK68: =AJ68*P68 -> 0 | AL68: 212 | AM68: 43.41 | AN68: =AM68*P68 -> 5209.2 | AO68: Não tem | AQ68: =AP68*P68 -> 0 | AR68: 59 | AS68: 91 | AT68: =AS68*P68 -> 10920 | AU68: 59 | AV68: 400 | AW68: =AV68*F68 -> 48000 | AX68: 59 | AY68: 90 | AZ68: =AY68*F68 -> 10800 | BA68: 59 | BB68: 290.79 | BC68: =BB68*F68 -> 34894.8 | BE68: =MIN(AP68,AM68,AJ68,AG68,AD68,AA68,X68,U68,R68,AS68,AV68,AY68,BB68) -> 43.41 | BF68: =AVERAGE(AP68,AM68,AJ68,AG68,AD68,AA68,X68,U68,R68,AS68,AV68,AY68,BB68) -> 149.74286 | BG68: =MEDIAN(AP68,AM68,AJ68,AG68,AD68,AA68,X68,U68,R68,AS68,AV68,AY68,BB68) -> 90 | BH68: =MAX(AP68,AM68,AJ68,AG68,AD68,AA68,X68,U68,R68,AS68,AV68,AY68,BB68) -> 400 | BJ68: =BE68*$P68 -> 5209.2 | BK68: =BF68*$P68 -> 17969.143 | BL68: =BG68*$P68 -> 10800 | BM68: =(SUM(R68,U68,X68,AA68,AD68,AG68,AJ68,AM68,AP68,AS68,AV68,AY68,BB68)-MAX(R68,U68,X68,AA68,AD68,AG68,AJ68,AM68,AP68,AS68,AV68,AY68,BB68)-MIN(R68,U68,X68,AA68,AD68,AG68,AJ68,AM68,AP68,AS68,AV68,AY68,BB68))/(COUNT(R68,U68,X68,AA68,AD68,AG68,AJ68,AM68,AP68,AS68,AV68,AY68,BB68)-2) -> 120.958
A69: 60 | B69: EQUIPAMENTOS | C69: Container de lixo | D69: Container para armazenamento de resíduos, confeccionado em material resistente, geralmente polietileno de alta densidade, equipado com tampa articulada e rodas para movimentação, adequado para coleta e armazenamento de resíduos durante eventos. Capacidade aproximada de 1.000 litros (1m³). | E69: UNIDADE/DIÁRIA | F69: 150 | J69: 2 | K69: 10 | L69: =SUM(F69:K69) -> 162 | M69: 551.07 | N69: =L69*M69 -> 89273.34 | O69: 25640 | P69: 150 | Q69: Não tem | S69: =R69*P69 -> 0 | T69: 114 | U69: 200 | V69: =U69*P69 -> 30000 | W69: 715 | X69: 1182.56 | Y69: =X69*P69 -> 177384 | Z69: Não tem | AB69: =AA69*P69 -> 0 | AC69: 190 | AD69: 250 | AE69: =AD69*P69 -> 37500 | AF69: Não tem | AH69: =AG69*P69 -> 0 | AI69: Não tem | AK69: =AJ69*P69 -> 0 | AL69: Não tem | AN69: =AM69*P69 -> 0 | AO69: Não tem | AQ69: =AP69*P69 -> 0 | AR69: 60 | AS69: 532 | AT69: =AS69*P69 -> 79800 | AU69: 60 | AV69: 1500 | AW69: =AV69*F69 -> 225000 | AX69: 60 | AY69: 500 | AZ69: =AY69*F69 -> 75000 | BA69: 60 | BB69: 290.79 | BC69: =BB69*F69 -> 43618.5 | BE69: =MIN(AP69,AM69,AJ69,AG69,AD69,AA69,X69,U69,R69,AS69,AV69,AY69,BB69) -> 200 | BF69: =AVERAGE(AP69,AM69,AJ69,AG69,AD69,AA69,X69,U69,R69,AS69,AV69,AY69,BB69) -> 636.47857 | BG69: =MEDIAN(AP69,AM69,AJ69,AG69,AD69,AA69,X69,U69,R69,AS69,AV69,AY69,BB69) -> 500 | BH69: =MAX(AP69,AM69,AJ69,AG69,AD69,AA69,X69,U69,R69,AS69,AV69,AY69,BB69) -> 1500 | BJ69: =BE69*$P69 -> 30000 | BK69: =BF69*$P69 -> 95471.786 | BL69: =BG69*$P69 -> 75000 | BM69: =(SUM(R69,U69,X69,AA69,AD69,AG69,AJ69,AM69,AP69,AS69,AV69,AY69,BB69)-MAX(R69,U69,X69,AA69,AD69,AG69,AJ69,AM69,AP69,AS69,AV69,AY69,BB69)-MIN(R69,U69,X69,AA69,AD69,AG69,AJ69,AM69,AP69,AS69,AV69,AY69,BB69))/(COUNT(R69,U69,X69,AA69,AD69,AG69,AJ69,AM69,AP69,AS69,AV69,AY69,BB69)-2) -> 551.07
A70: 61 | B70: EQUIPAMENTOS | C70: Extensão elétrica ou Régua elétrica | D70: Extensão elétrica ou régua elétrica, padrão NBR 14136, de 5 (cinco) metros com, no mínimo, 5 entradas/tomadas, devidamente instaladas no local do evento. | E70: UNIDADE/DIÁRIA | F70: 610 | H70: 150 | K70: 100 | L70: =SUM(F70:K70) -> 860 | M70: 34.01 | N70: =L70*M70 -> 29248.6 | O70: 12556 | P70: 610 | Q70: 86 | R70: 30 | S70: =R70*P70 -> 18300 | T70: 120 | U70: 8 | V70: =U70*P70 -> 4880 | W70: 682 | X70: 77.11 | Y70: =X70*P70 -> 47037.1 | Z70: 6.32 | AA70: 8 | AB70: =AA70*P70 -> 4880 | AC70: 67 | AD70: 15 | AE70: =AD70*P70 -> 9150 | AF70: 53 | AG70: 21.62 | AH70: =AG70*P70 -> 13188.2 | AI70: 23 | AJ70: 62.67 | AK70: =AJ70*P70 -> 38228.7 | AL70: 142 | AM70: 2.9 | AN70: =AM70*P70 -> 1769 | AO70: 6.20 | AP70: 9 | AQ70: =AP70*P70 -> 5490 | AR70: 61 | AS70: 35 | AT70: =AS70*P70 -> 21350 | AU70: 61 | AV70: 150 | AW70: =AV70*F70 -> 91500 | AX70: 61 | AY70: 35 | AZ70: =AY70*F70 -> 21350 | BA70: 61 | BB70: 72.7 | BC70: =BB70*F70 -> 44347 | BE70: =MIN(AP70,AM70,AJ70,AG70,AD70,AA70,X70,U70,R70,AS70,AV70,AY70,BB70) -> 2.9 | BF70: =AVERAGE(AP70,AM70,AJ70,AG70,AD70,AA70,X70,U70,R70,AS70,AV70,AY70,BB70) -> 40.538462 | BG70: =MEDIAN(AP70,AM70,AJ70,AG70,AD70,AA70,X70,U70,R70,AS70,AV70,AY70,BB70) -> 30 | BH70: =MAX(AP70,AM70,AJ70,AG70,AD70,AA70,X70,U70,R70,AS70,AV70,AY70,BB70) -> 150 | BJ70: =BE70*$P70 -> 1769 | BK70: =BF70*$P70 -> 24728.462 | BL70: =BG70*$P70 -> 18300 | BM70: =(SUM(R70,U70,X70,AA70,AD70,AG70,AJ70,AM70,AP70,AS70,AV70,AY70,BB70)-MAX(R70,U70,X70,AA70,AD70,AG70,AJ70,AM70,AP70,AS70,AV70,AY70,BB70)-MIN(R70,U70,X70,AA70,AD70,AG70,AJ70,AM70,AP70,AS70,AV70,AY70,BB70))/(COUNT(R70,U70,X70,AA70,AD70,AG70,AJ70,AM70,AP70,AS70,AV70,AY70,BB70)-2) -> 34.009091
A71: 62 | B71: EQUIPAMENTOS | C71: Extintor de incêndio | D71: Extintor de incêndio ABC e CO2, com lacre de segurança intacto, dentro da faixa de pressão regulamentar, dentro do prazo de validade, com suporte de metal e placa sinalizadora individualizada. | E71: UNIDADE/DIÁRIA | F71: 300 | J71: 20 | K71: 100 | L71: =SUM(F71:K71) -> 420 | M71: 94.54 | N71: =L71*M71 -> 39706.8 | O71: 1301 | P71: 300 | Q71: 112 | R71: 45 | S71: =R71*P71 -> 13500 | T71: 187 | U71: 18 | V71: =U71*P71 -> 5400 | W71: 678 | X71: 160 | Y71: =X71*P71 -> 48000 | Z71: Não tem | AB71: =AA71*P71 -> 0 | AC71: 14 | AD71: 25 | AE71: =AD71*P71 -> 7500 | AF71: Não tem | AH71: =AG71*P71 -> 0 | AI71: Não tem | AK71: =AJ71*P71 -> 0 | AL71: 210 | AM71: 13.63 | AN71: =AM71*P71 -> 4089 | AO71: Não tem | AQ71: =AP71*P71 -> 0 | AR71: 62 | AS71: 63 | AT71: =AS71*P71 -> 18900 | AU71: 62 | AV71: 450 | AW71: =AV71*F71 -> 135000 | AX71: 62 | AY71: 60 | AZ71: =AY71*F71 -> 18000 | BA71: 62 | BB71: 290.79 | BC71: =BB71*F71 -> 87237 | BE71: =MIN(AP71,AM71,AJ71,AG71,AD71,AA71,X71,U71,R71,AS71,AV71,AY71,BB71) -> 13.63 | BF71: =AVERAGE(AP71,AM71,AJ71,AG71,AD71,AA71,X71,U71,R71,AS71,AV71,AY71,BB71) -> 125.04667 | BG71: =MEDIAN(AP71,AM71,AJ71,AG71,AD71,AA71,X71,U71,R71,AS71,AV71,AY71,BB71) -> 60 | BH71: =MAX(AP71,AM71,AJ71,AG71,AD71,AA71,X71,U71,R71,AS71,AV71,AY71,BB71) -> 450 | BJ71: =BE71*$P71 -> 4089 | BK71: =BF71*$P71 -> 37514 | BL71: =BG71*$P71 -> 18000 | BM71: =(SUM(R71,U71,X71,AA71,AD71,AG71,AJ71,AM71,AP71,AS71,AV71,AY71,BB71)-MAX(R71,U71,X71,AA71,AD71,AG71,AJ71,AM71,AP71,AS71,AV71,AY71,BB71)-MIN(R71,U71,X71,AA71,AD71,AG71,AJ71,AM71,AP71,AS71,AV71,AY71,BB71))/(COUNT(R71,U71,X71,AA71,AD71,AG71,AJ71,AM71,AP71,AS71,AV71,AY71,BB71)-2) -> 94.541429
A72: 63 | B72: EQUIPAMENTOS | C72: Forno elétrico | D72: Forno elétrico, destinado ao preparo e aquecimento de alimentos, especialmente assados, com capacidade mínima de 40 litros, dotado de controle de temperatura regulável, resistências elétricas superior e inferior, porta com visor transparente, estrutura em material metálico resistente, com acabamento adequado ao uso contínuo, sistema de aquecimento uniforme, bandejas internas removíveis e alimentação elétrica compatível com a rede local. | E72: UNIDADE/DIÁRIA | F72: 30 | J72: 5 | K72: 30 | L72: =SUM(F72:K72) -> 65 | M72: 249.33 | N72: =L72*M72 -> 16206.45 | O72: 1026 | P72: 30 | Q72: Não tem | S72: =R72*P72 -> 0 | T72: Não tem | V72: =U72*P72 -> 0 | W72: Não tem | Y72: =X72*P72 -> 0 | Z72: Não tem | AB72: =AA72*P72 -> 0 | AC72: Não tem | AE72: =AD72*P72 -> 0 | AF72: Não tem | AH72: =AG72*P72 -> 0 | AI72: Não tem | AK72: =AJ72*P72 -> 0 | AL72: 146 | AM72: 79.75 | AN72: =AM72*P72 -> 2392.5 | AO72: Não tem | AQ72: =AP72*P72 -> 0 | AR72: 63 | AS72: 168 | AT72: =AS72*P72 -> 5040 | AU72: 63 | AV72: 400 | AW72: =AV72*F72 -> 12000 | AX72: 63 | AY72: 180 | AZ72: =AY72*F72 -> 5400 | BA72: 63 | BB72: 565.43 | BC72: =BB72*F72 -> 16962.9 | BE72: =MIN(AP72,AM72,AJ72,AG72,AD72,AA72,X72,U72,R72,AS72,AV72,AY72,BB72) -> 79.75 | BF72: =AVERAGE(AP72,AM72,AJ72,AG72,AD72,AA72,X72,U72,R72,AS72,AV72,AY72,BB72) -> 278.636 | BG72: =MEDIAN(AP72,AM72,AJ72,AG72,AD72,AA72,X72,U72,R72,AS72,AV72,AY72,BB72) -> 180 | BH72: =MAX(AP72,AM72,AJ72,AG72,AD72,AA72,X72,U72,R72,AS72,AV72,AY72,BB72) -> 565.43 | BJ72: =BE72*$P72 -> 2392.5 | BK72: =BF72*$P72 -> 8359.08 | BL72: =BG72*$P72 -> 5400 | BM72: =(SUM(R72,U72,X72,AA72,AD72,AG72,AJ72,AM72,AP72,AS72,AV72,AY72,BB72)-MAX(R72,U72,X72,AA72,AD72,AG72,AJ72,AM72,AP72,AS72,AV72,AY72,BB72)-MIN(R72,U72,X72,AA72,AD72,AG72,AJ72,AM72,AP72,AS72,AV72,AY72,BB72))/(COUNT(R72,U72,X72,AA72,AD72,AG72,AJ72,AM72,AP72,AS72,AV72,AY72,BB72)-2) -> 249.33333
A73: 64 | B73: EQUIPAMENTOS | C73: Freezer horizontal | D73: Freezer horizontal com dupla função refrigerador/congelador, faixa de operação entre +8 °C e −18 °C, compressor com gás ecológico e tampa balanceada. | E73: UNIDADE/DIÁRIA | F73: 30 | K73: 30 | L73: =SUM(F73:K73) -> 60 | M73: 490 | N73: =L73*M73 -> 29400 | O73: 636596 | P73: 30 | Q73: Não tem | S73: =R73*P73 -> 0 | T73: Não tem | V73: =U73*P73 -> 0 | W73: Não tem | Y73: =X73*P73 -> 0 | Z73: Não tem | AB73: =AA73*P73 -> 0 | AC73: Não tem | AE73: =AD73*P73 -> 0 | AF73: Não tem | AH73: =AG73*P73 -> 0 | AI73: Não tem | AK73: =AJ73*P73 -> 0 | AL73: Não tem | AN73: =AM73*P73 -> 0 | AO73: Não tem | AQ73: =AP73*P73 -> 0 | AR73: 64 | AS73: 252 | AT73: =AS73*P73 -> 7560 | AU73: 64 | AV73: 680 | AW73: =AV73*F73 -> 20400 | AX73: 64 | AY73: 300 | AZ73: =AY73*F73 -> 9000 | BA73: 64 | BB73: 969.31 | BC73: =BB73*F73 -> 29079.3 | BE73: =MIN(AP73,AM73,AJ73,AG73,AD73,AA73,X73,U73,R73,AS73,AV73,AY73,BB73) -> 252 | BF73: =AVERAGE(AP73,AM73,AJ73,AG73,AD73,AA73,X73,U73,R73,AS73,AV73,AY73,BB73) -> 550.3275 | BG73: =MEDIAN(AP73,AM73,AJ73,AG73,AD73,AA73,X73,U73,R73,AS73,AV73,AY73,BB73) -> 490 | BH73: =MAX(AP73,AM73,AJ73,AG73,AD73,AA73,X73,U73,R73,AS73,AV73,AY73,BB73) -> 969.31 | BJ73: =BE73*$P73 -> 7560 | BK73: =BF73*$P73 -> 16509.825 | BL73: =BG73*$P73 -> 14700 | BM73: =(SUM(R73,U73,X73,AA73,AD73,AG73,AJ73,AM73,AP73,AS73,AV73,AY73,BB73)-MAX(R73,U73,X73,AA73,AD73,AG73,AJ73,AM73,AP73,AS73,AV73,AY73,BB73)-MIN(R73,U73,X73,AA73,AD73,AG73,AJ73,AM73,AP73,AS73,AV73,AY73,BB73))/(COUNT(R73,U73,X73,AA73,AD73,AG73,AJ73,AM73,AP73,AS73,AV73,AY73,BB73)-2) -> 490
A74: 65 | B74: EQUIPAMENTOS | C74: Frigobar | D74: Fornecimento de frigobar com capacidade aproximada de 120 litros, adequado para refrigeração de bebidas e alimentos durante a realização do evento, incluindo instalação e pleno funcionamento no local indicado pelo contratante. | E74: UNIDADE/DIÁRIA | F74: 130 | H74: 10 | K74: 30 | L74: =SUM(F74:K74) -> 170 | M74: 165.5 | N74: =L74*M74 -> 28135 | O74: 621443 | P74: 130 | Q74: Não tem | S74: =R74*P74 -> 0 | T74: 106 | U74: 40 | V74: =U74*P74 -> 5200 | W74: 713 | X74: 140 | Y74: =X74*P74 -> 18200 | Z74: Não tem | AB74: =AA74*P74 -> 0 | AC74: 186 | AD74: 150 | AE74: =AD74*P74 -> 19500 | AF74: Não tem | AH74: =AG74*P74 -> 0 | AI74: Não tem | AK74: =AJ74*P74 -> 0 | AL74: 143 | AM74: 70 | AN74: =AM74*P74 -> 9100 | AO74: Não tem | AQ74: =AP74*P74 -> 0 | AR74: 65 | AS74: 133 | AT74: =AS74*P74 -> 17290 | AU74: 65 | AV74: 350 | AW74: =AV74*F74 -> 45500 | AX74: 65 | AY74: 150 | AZ74: =AY74*F74 -> 19500 | BA74: 65 | BB74: 726.98 | BC74: =BB74*F74 -> 94507.4 | BE74: =MIN(AP74,AM74,AJ74,AG74,AD74,AA74,X74,U74,R74,AS74,AV74,AY74,BB74) -> 40 | BF74: =AVERAGE(AP74,AM74,AJ74,AG74,AD74,AA74,X74,U74,R74,AS74,AV74,AY74,BB74) -> 219.9975 | BG74: =MEDIAN(AP74,AM74,AJ74,AG74,AD74,AA74,X74,U74,R74,AS74,AV74,AY74,BB74) -> 145 | BH74: =MAX(AP74,AM74,AJ74,AG74,AD74,AA74,X74,U74,R74,AS74,AV74,AY74,BB74) -> 726.98 | BJ74: =BE74*$P74 -> 5200 | BK74: =BF74*$P74 -> 28599.675 | BL74: =BG74*$P74 -> 18850 | BM74: =(SUM(R74,U74,X74,AA74,AD74,AG74,AJ74,AM74,AP74,AS74,AV74,AY74,BB74)-MAX(R74,U74,X74,AA74,AD74,AG74,AJ74,AM74,AP74,AS74,AV74,AY74,BB74)-MIN(R74,U74,X74,AA74,AD74,AG74,AJ74,AM74,AP74,AS74,AV74,AY74,BB74))/(COUNT(R74,U74,X74,AA74,AD74,AG74,AJ74,AM74,AP74,AS74,AV74,AY74,BB74)-2) -> 165.5
A75: 66 | B75: EQUIPAMENTOS | C75: Geladeira | D75: Geladeira com gabinete em aço com pintura eletrostática ou inox, prateleiras internas e sistema de refrigeração por compressor com gás ecológico. | E75: UNIDADE/DIÁRIA | F75: 30 | K75: 20 | L75: =SUM(F75:K75) -> 50 | M75: 234.4 | N75: =L75*M75 -> 11720 | O75: 13629 | P75: 30 | Q75: Não tem | S75: =R75*P75 -> 0 | T75: 107 | U75: 80 | V75: =U75*P75 -> 2400 | W75: Não tem | Y75: =X75*P75 -> 0 | Z75: Não tem | AB75: =AA75*P75 -> 0 | AC75: 186 | AD75: 150 | AE75: =AD75*P75 -> 4500 | AF75: Não tem | AH75: =AG75*P75 -> 0 | AI75: Não tem | AK75: =AJ75*P75 -> 0 | AL75: 144 | AM75: 98 | AN75: =AM75*P75 -> 2940 | AO75: Não tem | AQ75: =AP75*P75 -> 0 | AR75: 66 | AS75: 224 | AT75: =AS75*P75 -> 6720 | AU75: 66 | AV75: 400 | AW75: =AV75*F75 -> 12000 | AX75: 66 | AY75: 300 | AZ75: =AY75*F75 -> 9000 | BA75: 66 | BB75: 452.34 | BC75: =BB75*F75 -> 13570.2 | BE75: =MIN(AP75,AM75,AJ75,AG75,AD75,AA75,X75,U75,R75,AS75,AV75,AY75,BB75) -> 80 | BF75: =AVERAGE(AP75,AM75,AJ75,AG75,AD75,AA75,X75,U75,R75,AS75,AV75,AY75,BB75) -> 243.47714 | BG75: =MEDIAN(AP75,AM75,AJ75,AG75,AD75,AA75,X75,U75,R75,AS75,AV75,AY75,BB75) -> 224 | BH75: =MAX(AP75,AM75,AJ75,AG75,AD75,AA75,X75,U75,R75,AS75,AV75,AY75,BB75) -> 452.34 | BJ75: =BE75*$P75 -> 2400 | BK75: =BF75*$P75 -> 7304.3143 | BL75: =BG75*$P75 -> 6720 | BM75: =(SUM(R75,U75,X75,AA75,AD75,AG75,AJ75,AM75,AP75,AS75,AV75,AY75,BB75)-MAX(R75,U75,X75,AA75,AD75,AG75,AJ75,AM75,AP75,AS75,AV75,AY75,BB75)-MIN(R75,U75,X75,AA75,AD75,AG75,AJ75,AM75,AP75,AS75,AV75,AY75,BB75))/(COUNT(R75,U75,X75,AA75,AD75,AG75,AJ75,AM75,AP75,AS75,AV75,AY75,BB75)-2) -> 234.4
A76: 67 | B76: EQUIPAMENTOS | C76: Gerador de energia - 100 KVA | D76: Gerador 100 KVA com motor movido a diesel, trifásico com tensão de 220/127v com isolamento acústico e todos os acessórios para utilização e energização. OBSERVAÇÃO: O serviço deverá incluir fornecimento de combustível para operação ininterrupta, bem como todos os materiais necessários ao pleno funcionamento do sistema, tais como cabos, dispositivos de proteção e extintores adequados. Deverá contemplar também a distribuição de energia em diferentes pontos, conforme o projeto elétrico do evento, incluindo serviços de transporte, instalação, manutenção e desmontagem do equipamento. A operação deverá contar com técnico habilitado durante todo o período de utilização, além de acompanhamento por responsável técnico, garantindo conformidade com as normas da ABNT e demais regulamentações aplicáveis, sendo a contratada responsável por todos os custos e recursos necessários à adequada execução do serviço. | E76: UNIDADE/DIÁRIA (12 HORAS) | F76: 40 | H76: 6 | J76: 5 | K76: 10 | L76: =SUM(F76:K76) -> 61 | M76: 4440 | N76: =L76*M76 -> 270840 | O76: 21679 | P76: 40 | Q76: Não tem | S76: =R76*P76 -> 0 | T76: Não tem | V76: =U76*P76 -> 0 | W76: Não tem | Y76: =X76*P76 -> 0 | Z76: Não tem | AB76: =AA76*P76 -> 0 | AC76: Não tem | AE76: =AD76*P76 -> 0 | AF76: Não tem | AH76: =AG76*P76 -> 0 | AI76: Não tem | AK76: =AJ76*P76 -> 0 | AL76: 176 | AM76: 239.25 | AN76: =AM76*P76 -> 9570 | AO76: Não tem | AQ76: =AP76*P76 -> 0 | AR76: 67 | AS76: 3920 | AT76: =AS76*P76 -> 156800 | AU76: 67 | AV76: 5000 | AW76: =AV76*F76 -> 200000 | AX76: 67 | AY76: 4400 | AZ76: =AY76*F76 -> 176000 | BA76: 67 | BB76: 5169.63 | BC76: =BB76*F76 -> 206785.2 | BE76: =MIN(AP76,AM76,AJ76,AG76,AD76,AA76,X76,U76,R76,AS76,AV76,AY76,BB76) -> 239.25 | BF76: =AVERAGE(AP76,AM76,AJ76,AG76,AD76,AA76,X76,U76,R76,AS76,AV76,AY76,BB76) -> 3745.776 | BG76: =MEDIAN(AP76,AM76,AJ76,AG76,AD76,AA76,X76,U76,R76,AS76,AV76,AY76,BB76) -> 4400 | BH76: =MAX(AP76,AM76,AJ76,AG76,AD76,AA76,X76,U76,R76,AS76,AV76,AY76,BB76) -> 5169.63 | BJ76: =BE76*$P76 -> 9570 | BK76: =BF76*$P76 -> 149831.04 | BL76: =BG76*$P76 -> 176000 | BM76: =(SUM(R76,U76,X76,AA76,AD76,AG76,AJ76,AM76,AP76,AS76,AV76,AY76,BB76)-MAX(R76,U76,X76,AA76,AD76,AG76,AJ76,AM76,AP76,AS76,AV76,AY76,BB76)-MIN(R76,U76,X76,AA76,AD76,AG76,AJ76,AM76,AP76,AS76,AV76,AY76,BB76))/(COUNT(R76,U76,X76,AA76,AD76,AG76,AJ76,AM76,AP76,AS76,AV76,AY76,BB76)-2) -> 4440
A77: 68 | B77: EQUIPAMENTOS | C77: Gerador de energia - 350 KVA | D77: Gerador 350 KVA com motor movido a diesel, trifásico com tensão de 380/220v com isolamento acústico e todos os acessórios para utilização e energização. OBSERVAÇÃO: O serviço deverá incluir fornecimento de combustível para operação ininterrupta, bem como todos os materiais necessários ao pleno funcionamento do sistema, tais como cabos, dispositivos de proteção e extintores adequados. Deverá contemplar também a distribuição de energia em diferentes pontos, conforme o projeto elétrico do evento, incluindo serviços de transporte, instalação, manutenção e desmontagem do equipamento. A operação deverá contar com técnico habilitado durante todo o período de utilização, além de acompanhamento por responsável técnico, garantindo conformidade com as normas da ABNT e demais regulamentações aplicáveis, sendo a contratada responsável por todos os custos e recursos necessários à adequada execução do serviço. | E77: UNIDADE/DIÁRIA (12 HORAS) | F77: 40 | G77: 5 | H77: 6 | J77: 5 | K77: 10 | L77: =SUM(F77:K77) -> 66 | M77: 7550 | N77: =L77*M77 -> 498300 | O77: 21679 | P77: 40 | Q77: Não tem | S77: =R77*P77 -> 0 | T77: Não tem | V77: =U77*P77 -> 0 | W77: Não tem | Y77: =X77*P77 -> 0 | Z77: Não tem | AB77: =AA77*P77 -> 0 | AC77: Não tem | AE77: =AD77*P77 -> 0 | AF77: Não tem | AH77: =AG77*P77 -> 0 | AI77: Não tem | AK77: =AJ77*P77 -> 0 | AL77: 175 | AM77: 832.88 | AN77: =AM77*P77 -> 33315.2 | AO77: Não tem | AQ77: =AP77*P77 -> 0 | AR77: 68 | AS77: 9100 | AT77: =AS77*P77 -> 364000 | AU77: 68 | AV77: 6000 | AW77: =AV77*F77 -> 240000 | AX77: 68 | AY77: 7550 | AZ77: =AY77*F77 -> 302000 | BA77: 68 | BB77: 9886.91 | BC77: =BB77*F77 -> 395476.4 | BE77: =MIN(AP77,AM77,AJ77,AG77,AD77,AA77,X77,U77,R77,AS77,AV77,AY77,BB77) -> 832.88 | BF77: =AVERAGE(AP77,AM77,AJ77,AG77,AD77,AA77,X77,U77,R77,AS77,AV77,AY77,BB77) -> 6673.958 | BG77: =MEDIAN(AP77,AM77,AJ77,AG77,AD77,AA77,X77,U77,R77,AS77,AV77,AY77,BB77) -> 7550 | BH77: =MAX(AP77,AM77,AJ77,AG77,AD77,AA77,X77,U77,R77,AS77,AV77,AY77,BB77) -> 9886.91 | BJ77: =BE77*$P77 -> 33315.2 | BK77: =BF77*$P77 -> 266958.32 | BL77: =BG77*$P77 -> 302000 | BM77: =(SUM(R77,U77,X77,AA77,AD77,AG77,AJ77,AM77,AP77,AS77,AV77,AY77,BB77)-MAX(R77,U77,X77,AA77,AD77,AG77,AJ77,AM77,AP77,AS77,AV77,AY77,BB77)-MIN(R77,U77,X77,AA77,AD77,AG77,AJ77,AM77,AP77,AS77,AV77,AY77,BB77))/(COUNT(R77,U77,X77,AA77,AD77,AG77,AJ77,AM77,AP77,AS77,AV77,AY77,BB77)-2) -> 7550
A78: 69 | B78: EQUIPAMENTOS | C78: Gerador de energia - 500 KVA | D78: Gerador 500 KVA com motor movido a diesel, trifásico com tensão de 380/220v com isolamento acústico e todos os acessórios para utilização e energização. OBSERVAÇÃO: O serviço deverá incluir fornecimento de combustível para operação ininterrupta, bem como todos os materiais necessários ao pleno funcionamento do sistema, tais como cabos, dispositivos de proteção e extintores adequados. Deverá contemplar também a distribuição de energia em diferentes pontos, conforme o projeto elétrico do evento, incluindo serviços de transporte, instalação, manutenção e desmontagem do equipamento. A operação deverá contar com técnico habilitado durante todo o período de utilização, além de acompanhamento por responsável técnico, garantindo conformidade com as normas da ABNT e demais regulamentações aplicáveis, sendo a contratada responsável por todos os custos e recursos necessários à adequada execução do serviço. | E78: UNIDADE/DIÁRIA (12 HORAS) | F78: 40 | H78: 6 | J78: 5 | K78: 10 | L78: =SUM(F78:K78) -> 61 | M78: 5129.78 | N78: =L78*M78 -> 312916.58 | O78: 21679 | P78: 40 | Q78: Não tem | S78: =R78*P78 -> 0 | T78: 109 | U78: 900 | V78: =U78*P78 -> 36000 | W78: 709 | X78: 2000 | Y78: =X78*P78 -> 80000 | Z78: Não tem | AB78: =AA78*P78 -> 0 | AC78: 43 | AD78: 2000 | AE78: =AD78*P78 -> 80000 | AF78: 52 | AG78: 1608.44 | AH78: =AG78*P78 -> 64337.6 | AI78: Não tem | AK78: =AJ78*P78 -> 0 | AL78: 174 | AM78: 623.5 | AN78: =AM78*P78 -> 24940 | AO78: Não tem | AQ78: =AP78*P78 -> 0 | AR78: 69 | AS78: 11900 | AT78: =AS78*P78 -> 476000 | AU78: 69 | AV78: 8000 | AW78: =AV78*F78 -> 320000 | AX78: 69 | AY78: 9500 | AZ78: =AY78*F78 -> 380000 | BA78: 69 | BB78: 12956.38 | BC78: =BB78*F78 -> 518255.2 | BE78: =MIN(AP78,AM78,AJ78,AG78,AD78,AA78,X78,U78,R78,AS78,AV78,AY78,BB78) -> 623.5 | BF78: =AVERAGE(AP78,AM78,AJ78,AG78,AD78,AA78,X78,U78,R78,AS78,AV78,AY78,BB78) -> 5498.7022 | BG78: =MEDIAN(AP78,AM78,AJ78,AG78,AD78,AA78,X78,U78,R78,AS78,AV78,AY78,BB78) -> 2000 | BH78: =MAX(AP78,AM78,AJ78,AG78,AD78,AA78,X78,U78,R78,AS78,AV78,AY78,BB78) -> 12956.38 | BJ78: =BE78*$P78 -> 24940 | BK78: =BF78*$P78 -> 219948.09 | BL78: =BG78*$P78 -> 80000 | BM78: =(SUM(R78,U78,X78,AA78,AD78,AG78,AJ78,AM78,AP78,AS78,AV78,AY78,BB78)-MAX(R78,U78,X78,AA78,AD78,AG78,AJ78,AM78,AP78,AS78,AV78,AY78,BB78)-MIN(R78,U78,X78,AA78,AD78,AG78,AJ78,AM78,AP78,AS78,AV78,AY78,BB78))/(COUNT(R78,U78,X78,AA78,AD78,AG78,AJ78,AM78,AP78,AS78,AV78,AY78,BB78)-2) -> 5129.7771
A79: 70 | B79: EQUIPAMENTOS | C79: Grade para controle de público | D79: Grade metálica com estrutura em aço com montantes verticais e barras horizontais e largura aproximada de 2,00 m, acabamento galvanizado ou pintura eletrostática. Equipadas com pés de sustentação e pinos metálicos para encaixe e fixação entre os módulos. OBSERVAÇÃO: As estruturas deverão garantir estabilidade e possibilitar a delimitação segura de áreas e fluxos durante a realização do evento. | E79: METRO LINEAR/DIÁRIA | F79: 1000 | J79: 100 | K79: 1000 | L79: =SUM(F79:K79) -> 2100 | M79: 56.03 | N79: =L79*M79 -> 117663 | O79: 14591 | P79: 1000 | Q79: Não tem | S79: =R79*P79 -> 0 | T79: 229 | U79: 15 | V79: =U79*P79 -> 15000 | W79: 651 | X79: 18.67 | Y79: =X79*P79 -> 18670 | Z79: 6.1 | AA79: 9 | AB79: =AA79*P79 -> 9000 | AC79: 2 | AD79: 15 | AE79: =AD79*P79 -> 15000 | AF79: Não tem | AH79: =AG79*P79 -> 0 | AI79: Não tem | AK79: =AJ79*P79 -> 0 | AL79: 285 | AM79: 9.57 | AN79: =AM79*P79 -> 9570 | AO79: 6.23 | AP79: 16 | AQ79: =AP79*P79 -> 16000 | AR79: 70 | AS79: 49 | AT79: =AS79*P79 -> 49000 | AU79: 70 | AV79: 200 | AW79: =AV79*F79 -> 200000 | AX79: 70 | AY79: 125 | AZ79: =AY79*F79 -> 125000 | BA79: 70 | BB79: 290.79 | BC79: =BB79*F79 -> 290790 | BE79: =MIN(AP79,AM79,AJ79,AG79,AD79,AA79,X79,U79,R79,AS79,AV79,AY79,BB79) -> 9 | BF79: =AVERAGE(AP79,AM79,AJ79,AG79,AD79,AA79,X79,U79,R79,AS79,AV79,AY79,BB79) -> 74.803 | BG79: =MEDIAN(AP79,AM79,AJ79,AG79,AD79,AA79,X79,U79,R79,AS79,AV79,AY79,BB79) -> 17.335 | BH79: =MAX(AP79,AM79,AJ79,AG79,AD79,AA79,X79,U79,R79,AS79,AV79,AY79,BB79) -> 290.79 | BJ79: =BE79*$P79 -> 9000 | BK79: =BF79*$P79 -> 74803 | BL79: =BG79*$P79 -> 17335 | BM79: =(SUM(R79,U79,X79,AA79,AD79,AG79,AJ79,AM79,AP79,AS79,AV79,AY79,BB79)-MAX(R79,U79,X79,AA79,AD79,AG79,AJ79,AM79,AP79,AS79,AV79,AY79,BB79)-MIN(R79,U79,X79,AA79,AD79,AG79,AJ79,AM79,AP79,AS79,AV79,AY79,BB79))/(COUNT(R79,U79,X79,AA79,AD79,AG79,AJ79,AM79,AP79,AS79,AV79,AY79,BB79)-2) -> 56.03
A80: 71 | B80: EQUIPAMENTOS | C80: Micro-ondas | D80: Micro-ondas com gabinete em chapa de aço, câmara interna esmaltada ou em inox, porta com visor em vidro temperado e painel digital. | E80: UNIDADE/DIÁRIA | F80: 50 | J80: 5 | K80: 10 | L80: =SUM(F80:K80) -> 65 | M80: 197.6 | N80: =L80*M80 -> 12844 | O80: 1045 | P80: 50 | Q80: Não tem | S80: =R80*P80 -> 0 | T80: Não tem | V80: =U80*P80 -> 0 | W80: Não tem | Y80: =X80*P80 -> 0 | Z80: Não tem | AB80: =AA80*P80 -> 0 | AC80: Não tem | AE80: =AD80*P80 -> 0 | AF80: Não tem | AH80: =AG80*P80 -> 0 | AI80: Não tem | AK80: =AJ80*P80 -> 0 | AL80: 145 | AM80: 182 | AN80: =AM80*P80 -> 9100 | AO80: Não tem | AQ80: =AP80*P80 -> 0 | AR80: 71 | AS80: 84 | AT80: =AS80*P80 -> 4200 | AU80: 71 | AV80: 300 | AW80: =AV80*F80 -> 15000 | AX80: 71 | AY80: 120 | AZ80: =AY80*F80 -> 6000 | BA80: 71 | BB80: 290.79 | BC80: =BB80*F80 -> 14539.5 | BE80: =MIN(AP80,AM80,AJ80,AG80,AD80,AA80,X80,U80,R80,AS80,AV80,AY80,BB80) -> 84 | BF80: =AVERAGE(AP80,AM80,AJ80,AG80,AD80,AA80,X80,U80,R80,AS80,AV80,AY80,BB80) -> 195.358 | BG80: =MEDIAN(AP80,AM80,AJ80,AG80,AD80,AA80,X80,U80,R80,AS80,AV80,AY80,BB80) -> 182 | BH80: =MAX(AP80,AM80,AJ80,AG80,AD80,AA80,X80,U80,R80,AS80,AV80,AY80,BB80) -> 300 | BJ80: =BE80*$P80 -> 4200 | BK80: =BF80*$P80 -> 9767.9 | BL80: =BG80*$P80 -> 9100 | BM80: =(SUM(R80,U80,X80,AA80,AD80,AG80,AJ80,AM80,AP80,AS80,AV80,AY80,BB80)-MAX(R80,U80,X80,AA80,AD80,AG80,AJ80,AM80,AP80,AS80,AV80,AY80,BB80)-MIN(R80,U80,X80,AA80,AD80,AG80,AJ80,AM80,AP80,AS80,AV80,AY80,BB80))/(COUNT(R80,U80,X80,AA80,AD80,AG80,AJ80,AM80,AP80,AS80,AV80,AY80,BB80)-2) -> 197.59667
A81: 72 | B81: EQUIPAMENTOS | C81: Ponto elétrico | D81: Ponto de energia elétrica (110 ou 220V) instalado nos ambientes construídos. Quando cotado na proposta de preço, deverá ser comprovado que não está contemplado na locação do espaço físico. OBSERVAÇÃO: Instalado conforme as necessidades técnicas e layout do projeto elétrico do evento. | E81: UNIDADE/DIÁRIA | F81: 7215 | H81: 500 | J81: 50 | K81: 100 | L81: =SUM(F81:K81) -> 7865 | M81: 76 | N81: =L81*M81 -> 597740 | O81: 11575 | P81: 7215 | Q81: 87 | R81: 40 | S81: =R81*P81 -> 288600 | T81: 120 | U81: 8 | V81: =U81*P81 -> 57720 | W81: Não tem | Y81: =X81*P81 -> 0 | Z81: Não tem | AB81: =AA81*P81 -> 0 | AC81: 19 | AD81: 20 | AE81: =AD81*P81 -> 144300 | AF81: Não tem | AH81: =AG81*P81 -> 0 | AI81: Não tem | AK81: =AJ81*P81 -> 0 | AL81: Não tem | AN81: =AM81*P81 -> 0 | AO81: 6.35 | AP81: 30 | AQ81: =AP81*P81 -> 216450 | AR81: 72 | AS81: 126 | AT81: =AS81*P81 -> 909090 | AU81: 72 | AV81: 120 | AW81: =AV81*F81 -> 865800 | AX81: 72 | AY81: 120 | AZ81: =AY81*F81 -> 865800 | BA81: 72 | BB81: 290.79 | BC81: =BB81*F81 -> 2098049.9 | BE81: =MIN(AP81,AM81,AJ81,AG81,AD81,AA81,X81,U81,R81,AS81,AV81,AY81,BB81) -> 8 | BF81: =AVERAGE(AP81,AM81,AJ81,AG81,AD81,AA81,X81,U81,R81,AS81,AV81,AY81,BB81) -> 94.34875 | BG81: =MEDIAN(AP81,AM81,AJ81,AG81,AD81,AA81,X81,U81,R81,AS81,AV81,AY81,BB81) -> 80 | BH81: =MAX(AP81,AM81,AJ81,AG81,AD81,AA81,X81,U81,R81,AS81,AV81,AY81,BB81) -> 290.79 | BJ81: =BE81*$P81 -> 57720 | BK81: =BF81*$P81 -> 680726.23 | BL81: =BG81*$P81 -> 577200 | BM81: =(SUM(R81,U81,X81,AA81,AD81,AG81,AJ81,AM81,AP81,AS81,AV81,AY81,BB81)-MAX(R81,U81,X81,AA81,AD81,AG81,AJ81,AM81,AP81,AS81,AV81,AY81,BB81)-MIN(R81,U81,X81,AA81,AD81,AG81,AJ81,AM81,AP81,AS81,AV81,AY81,BB81))/(COUNT(R81,U81,X81,AA81,AD81,AG81,AJ81,AM81,AP81,AS81,AV81,AY81,BB81)-2) -> 76
A82: 73 | B82: EQUIPAMENTOS | C82: Rádio comunicador | D82: Rádio comunicador portátil, transceptor para comunicação bidirecional por radiofrequência, operando em VHF ou UHF, com múltiplos canais programáveis, bateria recarregável, carregador bivolt, estrutura resistente, áudio claro e compatível com a regulamentação da ANATEL. | E82: UNIDADE/DIÁRIA | F82: 400 | H82: 40 | J82: 50 | K82: 50 | L82: =SUM(F82:K82) -> 540 | M82: 47.16 | N82: =L82*M82 -> 25466.4 | O82: 21750 | P82: 400 | Q82: 71 | R82: 45 | S82: =R82*P82 -> 18000 | T82: 94 | U82: 20 | V82: =U82*P82 -> 8000 | W82: 708 | X82: 38.61 | Y82: =X82*P82 -> 15444 | Z82: 7.19 | AA82: 30 | AB82: =AA82*P82 -> 12000 | AC82: 63 | AD82: 45 | AE82: =AD82*P82 -> 18000 | AF82: 73 | AG82: 47.1 | AH82: =AG82*P82 -> 18840 | AI82: Não tem | AK82: =AJ82*P82 -> 0 | AL82: 127 | AM82: 21 | AN82: =AM82*P82 -> 8400 | AO82: 7.20 | AP82: 20 | AQ82: =AP82*P82 -> 8000 | AR82: 73 | AS82: 63 | AT82: =AS82*P82 -> 25200 | AU82: 73 | AV82: 150 | AW82: =AV82*F82 -> 60000 | AX82: 73 | AY82: 65 | AZ82: =AY82*F82 -> 26000 | BA82: 73 | BB82: 96.93 | BC82: =BB82*F82 -> 38772 | BE82: =MIN(AP82,AM82,AJ82,AG82,AD82,AA82,X82,U82,R82,AS82,AV82,AY82,BB82) -> 20 | BF82: =AVERAGE(AP82,AM82,AJ82,AG82,AD82,AA82,X82,U82,R82,AS82,AV82,AY82,BB82) -> 53.47 | BG82: =MEDIAN(AP82,AM82,AJ82,AG82,AD82,AA82,X82,U82,R82,AS82,AV82,AY82,BB82) -> 45 | BH82: =MAX(AP82,AM82,AJ82,AG82,AD82,AA82,X82,U82,R82,AS82,AV82,AY82,BB82) -> 150 | BJ82: =BE82*$P82 -> 8000 | BK82: =BF82*$P82 -> 21388 | BL82: =BG82*$P82 -> 18000 | BM82: =(SUM(R82,U82,X82,AA82,AD82,AG82,AJ82,AM82,AP82,AS82,AV82,AY82,BB82)-MAX(R82,U82,X82,AA82,AD82,AG82,AJ82,AM82,AP82,AS82,AV82,AY82,BB82)-MIN(R82,U82,X82,AA82,AD82,AG82,AJ82,AM82,AP82,AS82,AV82,AY82,BB82))/(COUNT(R82,U82,X82,AA82,AD82,AG82,AJ82,AM82,AP82,AS82,AV82,AY82,BB82)-2) -> 47.164
A83: 74 | B83: EQUIPAMENTOS | C83: Tapume metálico | D83: Estrutura modular de tapume metálico para isolamento e delimitação de áreas em eventos, com altura mínima de 2,00 metros, confeccionado em chapas ou painéis metálicos galvanizados ou aço pintado, com acabamento anticorrosivo e em bom estado de conservação. Os módulos deverão possuir sistema de encaixe ou fixação por pinos, bases metálicas ou suportes estabilizadores que garantam a estabilidade da estrutura. Indicado para uso em áreas internas ou externas, permitindo montagem contínua para fechamento de perímetros, controle de acesso ou proteção de áreas técnicas. OBSERVAÇÃO: Inclui transporte, montagem, manutenção durante o período de uso e desmontagem ao término do evento. | E83: UNIDADE/DIÁRIA | F83: 1000 | J83: 120 | K83: 100 | L83: =SUM(F83:K83) -> 1220 | M83: 173.2 | N83: =L83*M83 -> 211304 | O83: 30301 | P83: 1000 | Q83: Não tem | S83: =R83*P83 -> 0 | T83: Não tem | V83: =U83*P83 -> 0 | W83: Não tem | Y83: =X83*P83 -> 0 | Z83: Não tem | AB83: =AA83*P83 -> 0 | AC83: Não tem | AE83: =AD83*P83 -> 0 | AF83: Não tem | AH83: =AG83*P83 -> 0 | AI83: Não tem | AK83: =AJ83*P83 -> 0 | AL83: 284 | AM83: 12.18 | AN83: =AM83*P83 -> 12180 | AO83: Não tem | AQ83: =AP83*P83 -> 0 | AR83: 74 | AS83: 58.8 | AT83: =AS83*P83 -> 58800 | AU83: 74 | AV83: 450 | AW83: =AV83*F83 -> 450000 | AX83: 74 | AY83: 170 | AZ83: =AY83*F83 -> 170000 | BA83: 74 | BB83: 290.79 | BC83: =BB83*F83 -> 290790 | BE83: =MIN(AP83,AM83,AJ83,AG83,AD83,AA83,X83,U83,R83,AS83,AV83,AY83,BB83) -> 12.18 | BF83: =AVERAGE(AP83,AM83,AJ83,AG83,AD83,AA83,X83,U83,R83,AS83,AV83,AY83,BB83) -> 196.354 | BG83: =MEDIAN(AP83,AM83,AJ83,AG83,AD83,AA83,X83,U83,R83,AS83,AV83,AY83,BB83) -> 170 | BH83: =MAX(AP83,AM83,AJ83,AG83,AD83,AA83,X83,U83,R83,AS83,AV83,AY83,BB83) -> 450 | BJ83: =BE83*$P83 -> 12180 | BK83: =BF83*$P83 -> 196354 | BL83: =BG83*$P83 -> 170000 | BM83: =(SUM(R83,U83,X83,AA83,AD83,AG83,AJ83,AM83,AP83,AS83,AV83,AY83,BB83)-MAX(R83,U83,X83,AA83,AD83,AG83,AJ83,AM83,AP83,AS83,AV83,AY83,BB83)-MIN(R83,U83,X83,AA83,AD83,AG83,AJ83,AM83,AP83,AS83,AV83,AY83,BB83))/(COUNT(R83,U83,X83,AA83,AD83,AG83,AJ83,AM83,AP83,AS83,AV83,AY83,BB83)-2) -> 173.19667
A84: 75 | B84: EQUIPAMENTOS | C84: Torretas para demarcação (Unifila) | D84: Demarcador de fila em inox com fita retrátil (UNIFILA), com dispositivo de encaixe de torretas em sequência. | E84: UNIDADE/DIÁRIA | F84: 1550 | H84: 500 | J84: 120 | K84: 100 | L84: =SUM(F84:K84) -> 2270 | M84: 66.84 | N84: =L84*M84 -> 151726.8 | O84: 4413 | P84: 1550 | Q84: 147 | R84: 45 | S84: =R84*P84 -> 69750 | T84: 203 | U84: 20 | V84: =U84*P84 -> 31000 | W84: 628 | X84: 40 | Y84: =X84*P84 -> 62000 | Z84: 6.16 | AA84: 20 | AB84: =AA84*P84 -> 31000 | AC84: 31 | AD84: 20 | AE84: =AD84*P84 -> 31000 | AF84: 30 | AG84: 70.47 | AH84: =AG84*P84 -> 109228.5 | AI84: 64 | AJ84: 47 | AK84: =AJ84*P84 -> 72850 | AL84: 287 | AM84: 4.64 | AN84: =AM84*P84 -> 7192 | AO84: 6.31 | AP84: 25 | AQ84: =AP84*P84 -> 38750 | AR84: 75 | AS84: 77 | AT84: =AS84*P84 -> 119350 | AU84: 75 | AV84: 350 | AW84: =AV84*F84 -> 542500 | AX84: 75 | AY84: 80 | AZ84: =AY84*F84 -> 124000 | BA84: 75 | BB84: 290.79 | BC84: =BB84*F84 -> 450724.5 | BE84: =MIN(AP84,AM84,AJ84,AG84,AD84,AA84,X84,U84,R84,AS84,AV84,AY84,BB84) -> 4.64 | BF84: =AVERAGE(AP84,AM84,AJ84,AG84,AD84,AA84,X84,U84,R84,AS84,AV84,AY84,BB84) -> 83.838462 | BG84: =MEDIAN(AP84,AM84,AJ84,AG84,AD84,AA84,X84,U84,R84,AS84,AV84,AY84,BB84) -> 45 | BH84: =MAX(AP84,AM84,AJ84,AG84,AD84,AA84,X84,U84,R84,AS84,AV84,AY84,BB84) -> 350 | BJ84: =BE84*$P84 -> 7192 | BK84: =BF84*$P84 -> 129949.62 | BL84: =BG84*$P84 -> 69750 | BM84: =(SUM(R84,U84,X84,AA84,AD84,AG84,AJ84,AM84,AP84,AS84,AV84,AY84,BB84)-MAX(R84,U84,X84,AA84,AD84,AG84,AJ84,AM84,AP84,AS84,AV84,AY84,BB84)-MIN(R84,U84,X84,AA84,AD84,AG84,AJ84,AM84,AP84,AS84,AV84,AY84,BB84))/(COUNT(R84,U84,X84,AA84,AD84,AG84,AJ84,AM84,AP84,AS84,AV84,AY84,BB84)-2) -> 66.841818
A85: 76 | B85: EQUIPAMENTOS | C85: Totem de recarga | D85: Totem destinado à recarga de dispositivos móveis, como smartphones e tablets, equipado com múltiplas portas de carregamento compatíveis com diferentes padrões de conectores (USB, USB-C, Lightning ou similares). Estrutura apropriada para uso em ambientes de evento, permitindo a recarga simultânea de diversos equipamentos, com sistema elétrico seguro e adequado para uso contínuo. | E85: UNIDADE/DIÁRIA | F85: 2000 | H85: 200 | J85: 10 | K85: 100 | L85: =SUM(F85:K85) -> 2310 | M85: 246 | N85: =L85*M85 -> 568260 | O85: 4571 | P85: 2000 | Q85: Não tem | S85: =R85*P85 -> 0 | T85: 263 | U85: 40 | V85: =U85*P85 -> 80000 | W85: 638 | X85: 120 | Y85: =X85*P85 -> 240000 | Z85: 6.31 | AA85: 60 | AB85: =AA85*P85 -> 120000 | AC85: 74 | AD85: 80 | AE85: =AD85*P85 -> 160000 | AF85: Não tem | AH85: =AG85*P85 -> 0 | AI85: Não tem | AK85: =AJ85*P85 -> 0 | AL85: 209 | AM85: 31.32 | AN85: =AM85*P85 -> 62640 | AO85: Não tem | AQ85: =AP85*P85 -> 0 | AR85: 76 | AS85: 672 | AT85: =AS85*P85 -> 1344000 | AU85: 76 | AV85: 400 | AW85: =AV85*F85 -> 800000 | AX85: 76 | AY85: 350 | AZ85: =AY85*F85 -> 700000 | BA85: 76 | BB85: 1615.51 | BC85: =BB85*F85 -> 3231020 | BE85: =MIN(AP85,AM85,AJ85,AG85,AD85,AA85,X85,U85,R85,AS85,AV85,AY85,BB85) -> 31.32 | BF85: =AVERAGE(AP85,AM85,AJ85,AG85,AD85,AA85,X85,U85,R85,AS85,AV85,AY85,BB85) -> 374.31444 | BG85: =MEDIAN(AP85,AM85,AJ85,AG85,AD85,AA85,X85,U85,R85,AS85,AV85,AY85,BB85) -> 120 | BH85: =MAX(AP85,AM85,AJ85,AG85,AD85,AA85,X85,U85,R85,AS85,AV85,AY85,BB85) -> 1615.51 | BJ85: =BE85*$P85 -> 62640 | BK85: =BF85*$P85 -> 748628.89 | BL85: =BG85*$P85 -> 240000 | BM85: =(SUM(R85,U85,X85,AA85,AD85,AG85,AJ85,AM85,AP85,AS85,AV85,AY85,BB85)-MAX(R85,U85,X85,AA85,AD85,AG85,AJ85,AM85,AP85,AS85,AV85,AY85,BB85)-MIN(R85,U85,X85,AA85,AD85,AG85,AJ85,AM85,AP85,AS85,AV85,AY85,BB85))/(COUNT(R85,U85,X85,AA85,AD85,AG85,AJ85,AM85,AP85,AS85,AV85,AY85,BB85)-2) -> 246
D86: TOTAL - EQUIPAMENTOS | N86: =SUM(N57:N85) -> 4139715.4 | BJ86: =SUM(BJ57:BJ85) -> 667709.9 | BK86: =SUM(BK57:BK85) -> 3643129 | BL86: =SUM(BL57:BL85) -> 2479716.1
D87: GRUPO V - INFRA AUDIOVISUAL
A88: 77 | B88: INFRA AUDIOVISUAL | C88: Arandela mínimo de 4000W | D88: Luminária tipo arandela para fixação em parede, com potência mínima equivalente a 4000 W, estrutura em alumínio ou aço com acabamento resistente, difusor em vidro ou policarbonato, alimentação bivolt (110/220 V) e fluxo luminoso adequado para iluminação cênica ou arquitetural de ambientes internos ou externos. | E88: UNIDADE/DIÁRIA | F88: 300 | H88: 60 | K88: 50 | L88: =SUM(F88:K88) -> 410 | M88: 157.5 | N88: =L88*M88 -> 64575 | O88: 1201 | P88: 300 | Q88: Não tem | S88: =R88*P88 -> 0 | T88: Não tem | V88: =U88*P88 -> 0 | W88: Não tem | Y88: =X88*P88 -> 0 | Z88: Não tem | AB88: =AA88*P88 -> 0 | AC88: Não tem | AE88: =AD88*P88 -> 0 | AF88: Não tem | AH88: =AG88*P88 -> 0 | AI88: Não tem | AK88: =AJ88*P88 -> 0 | AL88: Não tem | AN88: =AM88*P88 -> 0 | AO88: Não tem | AQ88: =AP88*P88 -> 0 | AR88: 77 | AS88: 112 | AT88: =AS88*P88 -> 33600 | AU88: 77 | AV88: 200 | AW88: =AV88*F88 -> 60000 | AX88: 77 | AY88: 115 | AZ88: =AY88*F88 -> 34500 | BA88: 77 | BB88: 565.43 | BC88: =BB88*F88 -> 169629 | BE88: =MIN(AP88,AM88,AJ88,AG88,AD88,AA88,X88,U88,R88,AS88,AV88,AY88,BB88) -> 112 | BF88: =AVERAGE(AP88,AM88,AJ88,AG88,AD88,AA88,X88,U88,R88,AS88,AV88,AY88,BB88) -> 248.1075 | BG88: =MEDIAN(AP88,AM88,AJ88,AG88,AD88,AA88,X88,U88,R88,AS88,AV88,AY88,BB88) -> 157.5 | BH88: =MAX(AP88,AM88,AJ88,AG88,AD88,AA88,X88,U88,R88,AS88,AV88,AY88,BB88) -> 565.43 | BJ88: =BE88*$P88 -> 33600 | BK88: =BF88*$P88 -> 74432.25 | BL88: =BG88*$P88 -> 47250 | BM88: =(SUM(R88,U88,X88,AA88,AD88,AG88,AJ88,AM88,AP88,AS88,AV88,AY88,BB88)-MAX(R88,U88,X88,AA88,AD88,AG88,AJ88,AM88,AP88,AS88,AV88,AY88,BB88)-MIN(R88,U88,X88,AA88,AD88,AG88,AJ88,AM88,AP88,AS88,AV88,AY88,BB88))/(COUNT(R88,U88,X88,AA88,AD88,AG88,AJ88,AM88,AP88,AS88,AV88,AY88,BB88)-2) -> 157.5
A89: 78 | B89: INFRA AUDIOVISUAL | C89: Caixa acústica 200 WRMS | D89: Caixa acústica com potência mínima de 200 WRMS, adequada para sonorização de ambientes em eventos, incluindo todos os cabos, suportes e conexões necessários para instalação e funcionamento, conforme as necessidades técnicas do evento. | E89: UNIDADE/DIÁRIA | F89: 100 | H89: 10 | K89: 30 | L89: =SUM(F89:K89) -> 140 | M89: 291.48 | N89: =L89*M89 -> 40807.2 | O89: 12556 | P89: 100 | Q89: Não tem | S89: =R89*P89 -> 0 | T89: 38 | U89: 100 | V89: =U89*P89 -> 10000 | W89: 679 | X89: 150 | Y89: =X89*P89 -> 15000 | Z89: Não tem | AB89: =AA89*P89 -> 0 | AC89: Não tem | AE89: =AD89*P89 -> 0 | AF89: Não tem | AH89: =AG89*P89 -> 0 | AI89: Não tem | AK89: =AJ89*P89 -> 0 | AL89: 136 | AM89: 539.4 | AN89: =AM89*P89 -> 53940 | AO89: Não tem | AQ89: =AP89*P89 -> 0 | AR89: 78 | AS89: 168 | AT89: =AS89*P89 -> 16800 | AU89: 78 | AV89: 450 | AW89: =AV89*F89 -> 45000 | AX89: 78 | AY89: 150 | AZ89: =AY89*F89 -> 15000 | BA89: 78 | BB89: 1453.96 | BC89: =BB89*F89 -> 145396 | BE89: =MIN(AP89,AM89,AJ89,AG89,AD89,AA89,X89,U89,R89,AS89,AV89,AY89,BB89) -> 100 | BF89: =AVERAGE(AP89,AM89,AJ89,AG89,AD89,AA89,X89,U89,R89,AS89,AV89,AY89,BB89) -> 430.19429 | BG89: =MEDIAN(AP89,AM89,AJ89,AG89,AD89,AA89,X89,U89,R89,AS89,AV89,AY89,BB89) -> 168 | BH89: =MAX(AP89,AM89,AJ89,AG89,AD89,AA89,X89,U89,R89,AS89,AV89,AY89,BB89) -> 1453.96 | BJ89: =BE89*$P89 -> 10000 | BK89: =BF89*$P89 -> 43019.429 | BL89: =BG89*$P89 -> 16800 | BM89: =(SUM(R89,U89,X89,AA89,AD89,AG89,AJ89,AM89,AP89,AS89,AV89,AY89,BB89)-MAX(R89,U89,X89,AA89,AD89,AG89,AJ89,AM89,AP89,AS89,AV89,AY89,BB89)-MIN(R89,U89,X89,AA89,AD89,AG89,AJ89,AM89,AP89,AS89,AV89,AY89,BB89))/(COUNT(R89,U89,X89,AA89,AD89,AG89,AJ89,AM89,AP89,AS89,AV89,AY89,BB89)-2) -> 291.48
A90: 79 | B90: INFRA AUDIOVISUAL | C90: Caixa acústica 400 WRMS | D90: Caixa acústica com potência mínima de 400 WRMS, adequada para sonorização de ambientes em eventos, incluindo cabos, suportes e demais conexões necessárias para instalação e pleno funcionamento, conforme as necessidades técnicas do evento. | E90: UNIDADE/DIÁRIA | F90: 100 | H90: 100 | K90: 30 | L90: =SUM(F90:K90) -> 230 | M90: 270.42 | N90: =L90*M90 -> 62196.6 | O90: 12556 | P90: 100 | Q90: Não tem | S90: =R90*P90 -> 0 | T90: 39 | U90: 80 | V90: =U90*P90 -> 8000 | W90: 679 | X90: 150 | Y90: =X90*P90 -> 15000 | Z90: Não tem | AB90: =AA90*P90 -> 0 | AC90: Não tem | AE90: =AD90*P90 -> 0 | AF90: Não tem | AH90: =AG90*P90 -> 0 | AI90: Não tem | AK90: =AJ90*P90 -> 0 | AL90: 137 | AM90: 200.1 | AN90: =AM90*P90 -> 20010 | AO90: Não tem | AQ90: =AP90*P90 -> 0 | AR90: 79 | AS90: 252 | AT90: =AS90*P90 -> 25200 | AU90: 79 | AV90: 500 | AW90: =AV90*F90 -> 50000 | AX90: 79 | AY90: 250 | AZ90: =AY90*F90 -> 25000 | BA90: 79 | BB90: 1453.96 | BC90: =BB90*F90 -> 145396 | BE90: =MIN(AP90,AM90,AJ90,AG90,AD90,AA90,X90,U90,R90,AS90,AV90,AY90,BB90) -> 80 | BF90: =AVERAGE(AP90,AM90,AJ90,AG90,AD90,AA90,X90,U90,R90,AS90,AV90,AY90,BB90) -> 412.29429 | BG90: =MEDIAN(AP90,AM90,AJ90,AG90,AD90,AA90,X90,U90,R90,AS90,AV90,AY90,BB90) -> 250 | BH90: =MAX(AP90,AM90,AJ90,AG90,AD90,AA90,X90,U90,R90,AS90,AV90,AY90,BB90) -> 1453.96 | BJ90: =BE90*$P90 -> 8000 | BK90: =BF90*$P90 -> 41229.429 | BL90: =BG90*$P90 -> 25000 | BM90: =(SUM(R90,U90,X90,AA90,AD90,AG90,AJ90,AM90,AP90,AS90,AV90,AY90,BB90)-MAX(R90,U90,X90,AA90,AD90,AG90,AJ90,AM90,AP90,AS90,AV90,AY90,BB90)-MIN(R90,U90,X90,AA90,AD90,AG90,AJ90,AM90,AP90,AS90,AV90,AY90,BB90))/(COUNT(R90,U90,X90,AA90,AD90,AG90,AJ90,AM90,AP90,AS90,AV90,AY90,BB90)-2) -> 270.42
A91: 80 | B91: INFRA AUDIOVISUAL | C91: Conjunto de equipamentos de sonorização para SHOW MUSICAL – Grande porte (1.500 a 3.000 pessoas) | D91: Sistema profissional completo de sonorização para realização de show musical com público estimado entre 1.500 e 3.000 pessoas, composto por no mínimo: 12 caixas acústicas PA em configuração line array suspenso (potência total mínima de 20.000W), 6 subwoofers em configuração cardioid ou end-fire, sistemas de delay fill e front fill, 12 microfones dinâmicos tipo bastão, 6 microfones condensadores, 6 DI boxes ativas e passivas, mesa de som digital com 48 canais (FOH), mesa de som digital com 32 canais para monitor, 2 computadores de alto desempenho, 6 monitores de palco tipo wedge, 2 side fills de alto porte, sistema de in-ear monitoring (IEM) para no mínimo 12 artistas, stagebox digital/analógico com cabo multicore de 48 vias, amplificadores multicanal de alta eficiência, processadores de sinal digital (Lake, XTA, BSS ou equivalentes), sistema de intercom entre FOH/monitor/backline e medidor de SPL certificado. O sistema deverá incluir todos os demais itens, contemplando todos os cabeamentos, conexões e acessórios necessários para pleno funcionamento. OBSERVAÇÃO: O serviço deverá incluir equipe técnica especializada em número suficiente para montagem, soundcheck e line check com a equipe técnica da atração, operação simultânea por técnico de FOH e técnico de monitores durante todo o show, e desmontagem ao término do evento. | E91: UNIDADE/DIÁRIA | F91: 3 | H91: 3 | K91: 2 | L91: =SUM(F91:K91) -> 8 | M91: 27788.49 | N91: =L91*M91 -> 222307.92 | O91: 12556 | P91: 3 | Q91: Não tem | S91: =R91*P91 -> 0 | T91: Não tem | V91: =U91*P91 -> 0 | W91: 681 | X91: 1500 | Y91: =X91*P91 -> 4500 | Z91: Não tem | AB91: =AA91*P91 -> 0 | AC91: 38 | AD91: 1100 | AE91: =AD91*P91 -> 3300 | AF91: Não tem | AH91: =AG91*P91 -> 0 | AI91: Não tem | AK91: =AJ91*P91 -> 0 | AL91: Não tem | AN91: =AM91*P91 -> 0 | AO91: Não tem | AQ91: =AP91*P91 -> 0 | AR91: 80 | AS91: 53200 | AT91: =AS91*P91 -> 159600 | AU91: 80 | AV91: 102000 | AW91: =AV91*F91 -> 306000 | AX91: 80 | AY91: 55000 | AZ91: =AY91*F91 -> 165000 | BA91: 80 | BB91: 1453.96 | BC91: =BB91*F91 -> 4361.88 | BE91: =MIN(AP91,AM91,AJ91,AG91,AD91,AA91,X91,U91,R91,AS91,AV91,AY91,BB91) -> 1100 | BF91: =AVERAGE(AP91,AM91,AJ91,AG91,AD91,AA91,X91,U91,R91,AS91,AV91,AY91,BB91) -> 35708.993 | BG91: =MEDIAN(AP91,AM91,AJ91,AG91,AD91,AA91,X91,U91,R91,AS91,AV91,AY91,BB91) -> 27350 | BH91: =MAX(AP91,AM91,AJ91,AG91,AD91,AA91,X91,U91,R91,AS91,AV91,AY91,BB91) -> 102000 | BJ91: =BE91*$P91 -> 3300 | BK91: =BF91*$P91 -> 107126.98 | BL91: =BG91*$P91 -> 82050 | BM91: =(SUM(R91,U91,X91,AA91,AD91,AG91,AJ91,AM91,AP91,AS91,AV91,AY91,BB91)-MAX(R91,U91,X91,AA91,AD91,AG91,AJ91,AM91,AP91,AS91,AV91,AY91,BB91)-MIN(R91,U91,X91,AA91,AD91,AG91,AJ91,AM91,AP91,AS91,AV91,AY91,BB91))/(COUNT(R91,U91,X91,AA91,AD91,AG91,AJ91,AM91,AP91,AS91,AV91,AY91,BB91)-2) -> 27788.49
A92: 81 | B92: INFRA AUDIOVISUAL | C92: Conjunto de equipamentos de sonorização para SHOW MUSICAL – Médio porte (500 a 1.500 pessoas) | D92: Sistema profissional completo de sonorização para realização de show musical com público estimado entre 500 e 1.500 pessoas, composto por no mínimo: 8 caixas acústicas PA em configuração line array ou cluster (potência total mínima de 10.000W), 4 subwoofers de alta potência, 8 microfones dinâmicos tipo bastão, 4 microfones condensadores, 4 DI boxes ativas/passivas, mesa de som digital com 32 canais (FOH), mesa de som digital adicional para operação de monitor, 2 computadores, 4 monitores de palco tipo wedge, 2 side fills, stagebox com cabo multicore de 24 vias, amplificadores de alta potência, processadores de sinal multicanal com compressores, gates e efeitos, patch bay para gerenciamento de sinal. O sistema deverá incluir todos os demais itens, contemplando todos os cabeamentos, conexões e acessórios necessários para pleno funcionamento. OBSERVAÇÃO: O serviço deverá incluir equipe técnica especializada em número suficiente para montagem, soundcheck, operação simultânea por técnico de FOH e técnico de monitores, e desmontagem ao término do evento. | E92: UNIDADE/DIÁRIA | F92: 5 | H92: 5 | K92: 2 | L92: =SUM(F92:K92) -> 12 | M92: 16188.49 | N92: =L92*M92 -> 194261.88 | O92: 12556 | P92: 5 | Q92: Não tem | S92: =R92*P92 -> 0 | T92: Não tem | V92: =U92*P92 -> 0 | W92: 681 | X92: 1500 | Y92: =X92*P92 -> 7500 | Z92: Não tem | AB92: =AA92*P92 -> 0 | AC92: 37 | AD92: 1100 | AE92: =AD92*P92 -> 5500 | AF92: Não tem | AH92: =AG92*P92 -> 0 | AI92: Não tem | AK92: =AJ92*P92 -> 0 | AL92: Não tem | AN92: =AM92*P92 -> 0 | AO92: Não tem | AQ92: =AP92*P92 -> 0 | AR92: 81 | AS92: 30800 | AT92: =AS92*P92 -> 154000 | AU92: 81 | AV92: 48000 | AW92: =AV92*F92 -> 240000 | AX92: 81 | AY92: 31000 | AZ92: =AY92*F92 -> 155000 | BA92: 81 | BB92: 1453.96 | BC92: =BB92*F92 -> 7269.8 | BE92: =MIN(AP92,AM92,AJ92,AG92,AD92,AA92,X92,U92,R92,AS92,AV92,AY92,BB92) -> 1100 | BF92: =AVERAGE(AP92,AM92,AJ92,AG92,AD92,AA92,X92,U92,R92,AS92,AV92,AY92,BB92) -> 18975.66 | BG92: =MEDIAN(AP92,AM92,AJ92,AG92,AD92,AA92,X92,U92,R92,AS92,AV92,AY92,BB92) -> 16150 | BH92: =MAX(AP92,AM92,AJ92,AG92,AD92,AA92,X92,U92,R92,AS92,AV92,AY92,BB92) -> 48000 | BJ92: =BE92*$P92 -> 5500 | BK92: =BF92*$P92 -> 94878.3 | BL92: =BG92*$P92 -> 80750 | BM92: =(SUM(R92,U92,X92,AA92,AD92,AG92,AJ92,AM92,AP92,AS92,AV92,AY92,BB92)-MAX(R92,U92,X92,AA92,AD92,AG92,AJ92,AM92,AP92,AS92,AV92,AY92,BB92)-MIN(R92,U92,X92,AA92,AD92,AG92,AJ92,AM92,AP92,AS92,AV92,AY92,BB92))/(COUNT(R92,U92,X92,AA92,AD92,AG92,AJ92,AM92,AP92,AS92,AV92,AY92,BB92)-2) -> 16188.49
A93: 82 | B93: INFRA AUDIOVISUAL | C93: Conjunto de equipamentos de sonorização para SHOW MUSICAL – Pequeno porte (até 500 pessoas) | D93: Sistema profissional completo de sonorização para realização de show musical com público estimado de até 500 pessoas, composto por no mínimo: 4 caixas acústicas PA (400W cada), 2 subwoofers, 4 microfones dinâmicos tipo bastão, 2 microfones condensadores, 2 DI boxes, mesa de som digital com 24 canais (FOH), 1 computador, 2 monitores de palco tipo wedge, stagebox com cabo multicore, amplificadores compatíveis, processador de sinal com compressores, reverb e delay digitais. O sistema deverá incluir todos os demais itens, contemplando todos os cabeamentos, conexões e acessórios necessários para pleno funcionamento. OBSERVAÇÃO: O serviço deverá incluir equipe técnica especializada em número suficiente para montagem, soundcheck, operação e desmontagem dos equipamentos durante a realização do evento. | E93: UNIDADE/DIÁRIA | F93: 10 | H93: 3 | K93: 5 | L93: =SUM(F93:K93) -> 18 | M93: 7763.49 | N93: =L93*M93 -> 139742.82 | O93: 12556 | P93: 10 | Q93: Não tem | S93: =R93*P93 -> 0 | T93: Não tem | V93: =U93*P93 -> 0 | W93: 681 | X93: 1500 | Y93: =X93*P93 -> 15000 | Z93: Não tem | AB93: =AA93*P93 -> 0 | AC93: 37 | AD93: 1100 | AE93: =AD93*P93 -> 11000 | AF93: Não tem | AH93: =AG93*P93 -> 0 | AI93: Não tem | AK93: =AJ93*P93 -> 0 | AL93: Não tem | AN93: =AM93*P93 -> 0 | AO93: Não tem | AQ93: =AP93*P93 -> 0 | AR93: 82 | AS93: 12600 | AT93: =AS93*P93 -> 126000 | AU93: 82 | AV93: 32000 | AW93: =AV93*F93 -> 320000 | AX93: 82 | AY93: 15500 | AZ93: =AY93*F93 -> 155000 | BA93: 82 | BB93: 1453.96 | BC93: =BB93*F93 -> 14539.6 | BE93: =MIN(AP93,AM93,AJ93,AG93,AD93,AA93,X93,U93,R93,AS93,AV93,AY93,BB93) -> 1100 | BF93: =AVERAGE(AP93,AM93,AJ93,AG93,AD93,AA93,X93,U93,R93,AS93,AV93,AY93,BB93) -> 10692.327 | BG93: =MEDIAN(AP93,AM93,AJ93,AG93,AD93,AA93,X93,U93,R93,AS93,AV93,AY93,BB93) -> 7050 | BH93: =MAX(AP93,AM93,AJ93,AG93,AD93,AA93,X93,U93,R93,AS93,AV93,AY93,BB93) -> 32000 | BJ93: =BE93*$P93 -> 11000 | BK93: =BF93*$P93 -> 106923.27 | BL93: =BG93*$P93 -> 70500 | BM93: =(SUM(R93,U93,X93,AA93,AD93,AG93,AJ93,AM93,AP93,AS93,AV93,AY93,BB93)-MAX(R93,U93,X93,AA93,AD93,AG93,AJ93,AM93,AP93,AS93,AV93,AY93,BB93)-MIN(R93,U93,X93,AA93,AD93,AG93,AJ93,AM93,AP93,AS93,AV93,AY93,BB93))/(COUNT(R93,U93,X93,AA93,AD93,AG93,AJ93,AM93,AP93,AS93,AV93,AY93,BB93)-2) -> 7763.49
A94: 83 | B94: INFRA AUDIOVISUAL | C94: Conjunto para videoconferência | D94: Conjunto completo para realização de videoconferências, composto por câmera Full HD, microfone de mesa, caixas de som, hub de conexão e computador para processamento e gerenciamento do sistema. OBSERVAÇÃO: O serviço deverá incluir instalação, configuração e operação por profissional capacitado durante o evento. | E94: UNIDADE/DIÁRIA | F94: 300 | H94: 10 | K94: 50 | L94: =SUM(F94:K94) -> 360 | M94: 817.09 | N94: =L94*M94 -> 294152.4 | O94: 12556 | P94: 300 | Q94: Não tem | S94: =R94*P94 -> 0 | T94: 87 | U94: 350 | V94: =U94*P94 -> 105000 | W94: 730 | X94: 1200 | Y94: =X94*P94 -> 360000 | Z94: Não tem | AB94: =AA94*P94 -> 0 | AC94: 48 | AD94: 800 | AE94: =AD94*P94 -> 240000 | AF94: Não tem | AH94: =AG94*P94 -> 0 | AI94: Não tem | AK94: =AJ94*P94 -> 0 | AL94: Não tem | AN94: =AM94*P94 -> 0 | AO94: Não tem | AQ94: =AP94*P94 -> 0 | AR94: 83 | AS94: 770 | AT94: =AS94*P94 -> 231000 | AU94: 83 | AV94: 3000 | AW94: =AV94*F94 -> 900000 | AX94: 83 | AY94: 750 | AZ94: =AY94*F94 -> 225000 | BA94: 83 | BB94: 565.43 | BC94: =BB94*F94 -> 169629 | BE94: =MIN(AP94,AM94,AJ94,AG94,AD94,AA94,X94,U94,R94,AS94,AV94,AY94,BB94) -> 350 | BF94: =AVERAGE(AP94,AM94,AJ94,AG94,AD94,AA94,X94,U94,R94,AS94,AV94,AY94,BB94) -> 1062.2043 | BG94: =MEDIAN(AP94,AM94,AJ94,AG94,AD94,AA94,X94,U94,R94,AS94,AV94,AY94,BB94) -> 770 | BH94: =MAX(AP94,AM94,AJ94,AG94,AD94,AA94,X94,U94,R94,AS94,AV94,AY94,BB94) -> 3000 | BJ94: =BE94*$P94 -> 105000 | BK94: =BF94*$P94 -> 318661.29 | BL94: =BG94*$P94 -> 231000 | BM94: =(SUM(R94,U94,X94,AA94,AD94,AG94,AJ94,AM94,AP94,AS94,AV94,AY94,BB94)-MAX(R94,U94,X94,AA94,AD94,AG94,AJ94,AM94,AP94,AS94,AV94,AY94,BB94)-MIN(R94,U94,X94,AA94,AD94,AG94,AJ94,AM94,AP94,AS94,AV94,AY94,BB94))/(COUNT(R94,U94,X94,AA94,AD94,AG94,AJ94,AM94,AP94,AS94,AV94,AY94,BB94)-2) -> 817.086
A95: 84 | B95: INFRA AUDIOVISUAL | C95: Controle remoto para apresentação de slides | D95: Controle remoto para apresentação de slides, compatível com notebooks e projetores multimídia, permitindo o avanço e retrocesso de apresentações, bem como outras funções de navegação. O equipamento deverá incluir receptor USB ou tecnologia equivalente e estar apto para utilização durante apresentações e palestras no evento. | E95: UNIDADE/DIÁRIA | F95: 365 | H95: 100 | K95: 10 | L95: =SUM(F95:K95) -> 475 | M95: 36.61 | N95: =L95*M95 -> 17389.75 | O95: 12556 | P95: 365 | Q95: 65 | R95: 55 | S95: =R95*P95 -> 20075 | T95: 80 | U95: 6 | V95: =U95*P95 -> 2190 | W95: 690 | X95: 36.95 | Y95: =X95*P95 -> 13486.75 | Z95: 7.32 | AA95: 4 | AB95: =AA95*P95 -> 1460 | AC95: 58 | AD95: 25 | AE95: =AD95*P95 -> 9125 | AF95: Não tem | AH95: =AG95*P95 -> 0 | AI95: 6 | AJ95: 20.89 | AK95: =AJ95*P95 -> 7624.85 | AL95: Não tem | AN95: =AM95*P95 -> 0 | AO95: Não tem | AQ95: =AP95*P95 -> 0 | AR95: 84 | AS95: 49 | AT95: =AS95*P95 -> 17885 | AU95: 84 | AV95: 50 | AW95: =AV95*F95 -> 18250 | AX95: 84 | AY95: 50 | AZ95: =AY95*F95 -> 18250 | BA95: 84 | BB95: 565.43 | BC95: =BB95*F95 -> 206381.95 | BE95: =MIN(AP95,AM95,AJ95,AG95,AD95,AA95,X95,U95,R95,AS95,AV95,AY95,BB95) -> 4 | BF95: =AVERAGE(AP95,AM95,AJ95,AG95,AD95,AA95,X95,U95,R95,AS95,AV95,AY95,BB95) -> 86.227 | BG95: =MEDIAN(AP95,AM95,AJ95,AG95,AD95,AA95,X95,U95,R95,AS95,AV95,AY95,BB95) -> 42.975 | BH95: =MAX(AP95,AM95,AJ95,AG95,AD95,AA95,X95,U95,R95,AS95,AV95,AY95,BB95) -> 565.43 | BJ95: =BE95*$P95 -> 1460 | BK95: =BF95*$P95 -> 31472.855 | BL95: =BG95*$P95 -> 15685.875 | BM95: =(SUM(R95,U95,X95,AA95,AD95,AG95,AJ95,AM95,AP95,AS95,AV95,AY95,BB95)-MAX(R95,U95,X95,AA95,AD95,AG95,AJ95,AM95,AP95,AS95,AV95,AY95,BB95)-MIN(R95,U95,X95,AA95,AD95,AG95,AJ95,AM95,AP95,AS95,AV95,AY95,BB95))/(COUNT(R95,U95,X95,AA95,AD95,AG95,AJ95,AM95,AP95,AS95,AV95,AY95,BB95)-2) -> 36.605
A96: 85 | B96: INFRA AUDIOVISUAL | C96: Equipamento de áudio para gravação de palestras | D96: Equipamento de áudio destinado à gravação de palestras e apresentações realizadas durante o evento, incluindo todos os dispositivos necessários para captação e armazenamento do conteúdo. O material gravado deverá ser disponibilizado em CD no formato MP3 ou em arquivo digital, conforme demanda do contratante. | E96: UNIDADE/DIÁRIA | F96: 300 | K96: 50 | L96: =SUM(F96:K96) -> 350 | M96: 716.85 | N96: =L96*M96 -> 250897.5 | O96: 12556 | P96: 300 | Q96: Não tem | S96: =R96*P96 -> 0 | T96: Não tem | V96: =U96*P96 -> 0 | W96: 416 | X96: 920.55 | Y96: =X96*P96 -> 276165 | Z96: Não tem | AB96: =AA96*P96 -> 0 | AC96: Não tem | AE96: =AD96*P96 -> 0 | AF96: Não tem | AH96: =AG96*P96 -> 0 | AI96: Não tem | AK96: =AJ96*P96 -> 0 | AL96: Não tem | AN96: =AM96*P96 -> 0 | AO96: Não tem | AQ96: =AP96*P96 -> 0 | AR96: 85 | AS96: 630 | AT96: =AS96*P96 -> 189000 | AU96: 85 | AV96: 4000 | AW96: =AV96*F96 -> 1200000 | AX96: 85 | AY96: 600 | AZ96: =AY96*F96 -> 180000 | BA96: 85 | BB96: 565.43 | BC96: =BB96*F96 -> 169629 | BE96: =MIN(AP96,AM96,AJ96,AG96,AD96,AA96,X96,U96,R96,AS96,AV96,AY96,BB96) -> 565.43 | BF96: =AVERAGE(AP96,AM96,AJ96,AG96,AD96,AA96,X96,U96,R96,AS96,AV96,AY96,BB96) -> 1343.196 | BG96: =MEDIAN(AP96,AM96,AJ96,AG96,AD96,AA96,X96,U96,R96,AS96,AV96,AY96,BB96) -> 630 | BH96: =MAX(AP96,AM96,AJ96,AG96,AD96,AA96,X96,U96,R96,AS96,AV96,AY96,BB96) -> 4000 | BJ96: =BE96*$P96 -> 169629 | BK96: =BF96*$P96 -> 402958.8 | BL96: =BG96*$P96 -> 189000 | BM96: =(SUM(R96,U96,X96,AA96,AD96,AG96,AJ96,AM96,AP96,AS96,AV96,AY96,BB96)-MAX(R96,U96,X96,AA96,AD96,AG96,AJ96,AM96,AP96,AS96,AV96,AY96,BB96)-MIN(R96,U96,X96,AA96,AD96,AG96,AJ96,AM96,AP96,AS96,AV96,AY96,BB96))/(COUNT(R96,U96,X96,AA96,AD96,AG96,AJ96,AM96,AP96,AS96,AV96,AY96,BB96)-2) -> 716.85
A97: 86 | B97: INFRA AUDIOVISUAL | C97: Estrutura metálica aérea para iluminação e sonorização | D97: Estrutura metálica aérea, suspensa no teto, destinada à fixação de equipamentos de iluminação, sonorização e demais elementos técnicos do evento. OBSERVAÇÃO: O serviço deverá contemplar todos os recursos necessários para instalação segura da estrutura, incluindo mão de obra especializada, andaimes, gruas, empilhadeiras e demais equipamentos de apoio necessários para montagem e fixação dos sistemas solicitados, conforme o projeto técnico. | E97: METRO LINEAR/DIÁRIA | F97: 600 | H97: 150 | K97: 100 | L97: =SUM(F97:K97) -> 850 | M97: 241.5 | N97: =L97*M97 -> 205275 | O97: 12556 | P97: 600 | Q97: Não tem | S97: =R97*P97 -> 0 | T97: Não tem | V97: =U97*P97 -> 0 | W97: Não tem | Y97: =X97*P97 -> 0 | Z97: Não tem | AB97: =AA97*P97 -> 0 | AC97: Não tem | AE97: =AD97*P97 -> 0 | AF97: Não tem | AH97: =AG97*P97 -> 0 | AI97: Não tem | AK97: =AJ97*P97 -> 0 | AL97: Não tem | AN97: =AM97*P97 -> 0 | AO97: Não tem | AQ97: =AP97*P97 -> 0 | AR97: 86 | AS97: 133 | AT97: =AS97*P97 -> 79800 | AU97: 86 | AV97: 350 | AW97: =AV97*F97 -> 210000 | AX97: 86 | AY97: 130 | AZ97: =AY97*F97 -> 78000 | BA97: 86 | BB97: 1453.96 | BC97: =BB97*F97 -> 872376 | BE97: =MIN(AP97,AM97,AJ97,AG97,AD97,AA97,X97,U97,R97,AS97,AV97,AY97,BB97) -> 130 | BF97: =AVERAGE(AP97,AM97,AJ97,AG97,AD97,AA97,X97,U97,R97,AS97,AV97,AY97,BB97) -> 516.74 | BG97: =MEDIAN(AP97,AM97,AJ97,AG97,AD97,AA97,X97,U97,R97,AS97,AV97,AY97,BB97) -> 241.5 | BH97: =MAX(AP97,AM97,AJ97,AG97,AD97,AA97,X97,U97,R97,AS97,AV97,AY97,BB97) -> 1453.96 | BJ97: =BE97*$P97 -> 78000 | BK97: =BF97*$P97 -> 310044 | BL97: =BG97*$P97 -> 144900 | BM97: =(SUM(R97,U97,X97,AA97,AD97,AG97,AJ97,AM97,AP97,AS97,AV97,AY97,BB97)-MAX(R97,U97,X97,AA97,AD97,AG97,AJ97,AM97,AP97,AS97,AV97,AY97,BB97)-MIN(R97,U97,X97,AA97,AD97,AG97,AJ97,AM97,AP97,AS97,AV97,AY97,BB97))/(COUNT(R97,U97,X97,AA97,AD97,AG97,AJ97,AM97,AP97,AS97,AV97,AY97,BB97)-2) -> 241.5
A98: 87 | B98: INFRA AUDIOVISUAL | C98: Estrutura Q15 (Box Truss) | D98: Estrutura modular em alumínio tipo Q15 (box truss), destinada à montagem de cenografia, suporte para iluminação, painéis, banners, telas ou demais elementos técnicos do evento, incluindo conexões, fixadores e acessórios necessários para montagem segura e adequada conforme o projeto técnico. | E98: METRO LINEAR/DIÁRIA | F98: 1500 | H98: 300 | K98: 500 | L98: =SUM(F98:K98) -> 2300 | M98: 80.85 | N98: =L98*M98 -> 185955 | O98: 13757 | P98: 1500 | Q98: 111 | R98: 55 | S98: =R98*P98 -> 82500 | T98: 186 | U98: 22 | V98: =U98*P98 -> 33000 | W98: Não tem | Y98: =X98*P98 -> 0 | Z98: Não tem | AB98: =AA98*P98 -> 0 | AC98: 8 | AD98: 17 | AE98: =AD98*P98 -> 25500 | AF98: Não tem | AH98: =AG98*P98 -> 0 | AI98: 50 | AJ98: 41.78 | AK98: =AJ98*P98 -> 62670 | AL98: 221 | AM98: 12.76 | AN98: =AM98*P98 -> 19140 | AO98: 6.13 | AP98: 22 | AQ98: =AP98*P98 -> 33000 | AR98: 87 | AS98: 119 | AT98: =AS98*P98 -> 178500 | AU98: 87 | AV98: 250 | AW98: =AV98*F98 -> 375000 | AX98: 87 | AY98: 120 | AZ98: =AY98*F98 -> 180000 | BA98: 87 | BB98: 565.43 | BC98: =BB98*F98 -> 848145 | BE98: =MIN(AP98,AM98,AJ98,AG98,AD98,AA98,X98,U98,R98,AS98,AV98,AY98,BB98) -> 12.76 | BF98: =AVERAGE(AP98,AM98,AJ98,AG98,AD98,AA98,X98,U98,R98,AS98,AV98,AY98,BB98) -> 122.497 | BG98: =MEDIAN(AP98,AM98,AJ98,AG98,AD98,AA98,X98,U98,R98,AS98,AV98,AY98,BB98) -> 48.39 | BH98: =MAX(AP98,AM98,AJ98,AG98,AD98,AA98,X98,U98,R98,AS98,AV98,AY98,BB98) -> 565.43 | BJ98: =BE98*$P98 -> 19140 | BK98: =BF98*$P98 -> 183745.5 | BL98: =BG98*$P98 -> 72585 | BM98: =(SUM(R98,U98,X98,AA98,AD98,AG98,AJ98,AM98,AP98,AS98,AV98,AY98,BB98)-MAX(R98,U98,X98,AA98,AD98,AG98,AJ98,AM98,AP98,AS98,AV98,AY98,BB98)-MIN(R98,U98,X98,AA98,AD98,AG98,AJ98,AM98,AP98,AS98,AV98,AY98,BB98))/(COUNT(R98,U98,X98,AA98,AD98,AG98,AJ98,AM98,AP98,AS98,AV98,AY98,BB98)-2) -> 80.8475
A99: 88 | B99: INFRA AUDIOVISUAL | C99: Estrutura Q30 (Box Truss) | D99: Estrutura modular em alumínio tipo Q30 (box truss), destinada à montagem de cenografia, suporte para iluminação, painéis, banners, telas ou demais elementos técnicos do evento, incluindo conexões, fixadores e acessórios necessários para montagem segura e adequada conforme o projeto técnico. | E99: METRO LINEAR/DIÁRIA | F99: 500 | H99: 200 | K99: 300 | L99: =SUM(F99:K99) -> 1000 | M99: 90.64 | N99: =L99*M99 -> 90640 | O99: 13757 | P99: 500 | Q99: 111 | R99: 55 | S99: =R99*P99 -> 27500 | T99: 186 | U99: 22 | V99: =U99*P99 -> 11000 | W99: 616 | X99: 40 | Y99: =X99*P99 -> 20000 | Z99: Não tem | AB99: =AA99*P99 -> 0 | AC99: 8 | AD99: 17 | AE99: =AD99*P99 -> 8500 | AF99: Não tem | AH99: =AG99*P99 -> 0 | AI99: 50 | AJ99: 41.78 | AK99: =AJ99*P99 -> 20890 | AL99: 222 | AM99: 9.86 | AN99: =AM99*P99 -> 4930 | AO99: 6.13 | AP99: 22 | AQ99: =AP99*P99 -> 11000 | AR99: 88 | AS99: 168 | AT99: =AS99*P99 -> 84000 | AU99: 88 | AV99: 300 | AW99: =AV99*F99 -> 150000 | AX99: 88 | AY99: 150 | AZ99: =AY99*F99 -> 75000 | BA99: 88 | BB99: 565.43 | BC99: =BB99*F99 -> 282715 | BE99: =MIN(AP99,AM99,AJ99,AG99,AD99,AA99,X99,U99,R99,AS99,AV99,AY99,BB99) -> 9.86 | BF99: =AVERAGE(AP99,AM99,AJ99,AG99,AD99,AA99,X99,U99,R99,AS99,AV99,AY99,BB99) -> 126.46091 | BG99: =MEDIAN(AP99,AM99,AJ99,AG99,AD99,AA99,X99,U99,R99,AS99,AV99,AY99,BB99) -> 41.78 | BH99: =MAX(AP99,AM99,AJ99,AG99,AD99,AA99,X99,U99,R99,AS99,AV99,AY99,BB99) -> 565.43 | BJ99: =BE99*$P99 -> 4930 | BK99: =BF99*$P99 -> 63230.455 | BL99: =BG99*$P99 -> 20890 | BM99: =(SUM(R99,U99,X99,AA99,AD99,AG99,AJ99,AM99,AP99,AS99,AV99,AY99,BB99)-MAX(R99,U99,X99,AA99,AD99,AG99,AJ99,AM99,AP99,AS99,AV99,AY99,BB99)-MIN(R99,U99,X99,AA99,AD99,AG99,AJ99,AM99,AP99,AS99,AV99,AY99,BB99))/(COUNT(R99,U99,X99,AA99,AD99,AG99,AJ99,AM99,AP99,AS99,AV99,AY99,BB99)-2) -> 90.642222
A100: 89 | B100: INFRA AUDIOVISUAL | C100: Estrutura Q50 (Box Truss) | D100: Estrutura modular em alumínio tipo Q50 (box truss), destinada à montagem de cenografia, suporte para iluminação, painéis, banners, telas ou demais elementos técnicos do evento, incluindo conexões, fixadores e acessórios necessários para montagem segura e adequada conforme o projeto técnico. | E100: METRO LINEAR/DIÁRIA | F100: 250 | H100: 10 | K100: 50 | L100: =SUM(F100:K100) -> 310 | M100: 301 | N100: =L100*M100 -> 93310 | O100: 13757 | P100: 250 | Q100: Não tem | S100: =R100*P100 -> 0 | T100: Não tem | V100: =U100*P100 -> 0 | W100: Não tem | Y100: =X100*P100 -> 0 | Z100: Não tem | AB100: =AA100*P100 -> 0 | AC100: Não tem | AE100: =AD100*P100 -> 0 | AF100: Não tem | AH100: =AG100*P100 -> 0 | AI100: Não tem | AK100: =AJ100*P100 -> 0 | AL100: Não tem | AN100: =AM100*P100 -> 0 | AO100: Não tem | AQ100: =AP100*P100 -> 0 | AR100: 89 | AS100: 252 | AT100: =AS100*P100 -> 63000 | AU100: 89 | AV100: 350 | AW100: =AV100*F100 -> 87500 | AX100: 89 | AY100: 250 | AZ100: =AY100*F100 -> 62500 | BA100: 89 | BB100: 565.43 | BC100: =BB100*F100 -> 141357.5 | BE100: =MIN(AP100,AM100,AJ100,AG100,AD100,AA100,X100,U100,R100,AS100,AV100,AY100,BB100) -> 250 | BF100: =AVERAGE(AP100,AM100,AJ100,AG100,AD100,AA100,X100,U100,R100,AS100,AV100,AY100,BB100) -> 354.3575 | BG100: =MEDIAN(AP100,AM100,AJ100,AG100,AD100,AA100,X100,U100,R100,AS100,AV100,AY100,BB100) -> 301 | BH100: =MAX(AP100,AM100,AJ100,AG100,AD100,AA100,X100,U100,R100,AS100,AV100,AY100,BB100) -> 565.43 | BJ100: =BE100*$P100 -> 62500 | BK100: =BF100*$P100 -> 88589.375 | BL100: =BG100*$P100 -> 75250 | BM100: =(SUM(R100,U100,X100,AA100,AD100,AG100,AJ100,AM100,AP100,AS100,AV100,AY100,BB100)-MAX(R100,U100,X100,AA100,AD100,AG100,AJ100,AM100,AP100,AS100,AV100,AY100,BB100)-MIN(R100,U100,X100,AA100,AD100,AG100,AJ100,AM100,AP100,AS100,AV100,AY100,BB100))/(COUNT(R100,U100,X100,AA100,AD100,AG100,AJ100,AM100,AP100,AS100,AV100,AY100,BB100)-2) -> 301
...

Sheet UASG 925175 - CONFEA
D1: PLANILHA ESTIMATIVA DE PREÇOS | H1: VALOR TOTAL | I1: =I24+I47+I55+I86+I141+I167+I227+I252+I265+I289+I311+I320+I323 -> 66714115
A2: ITEM | B2: GRUPO | C2: TIPO DE SERVIÇO OU PRODUTO | D2: ESPECIFICAÇÕES DETALHADAS | E2: UNIDADE | F2: QUANTIDADE CONFEA | G2: TOTAL | H2: VALOR UNITÁRIO | I2: VALOR TOTAL | J2: CATMAT | K2: QUANT. | L2: CONTRATO TCU | O2: ARP MIN. COMUNICAÇÕES | R2: ARP MIN. DO TRABALHO E EMPREGO | U2: CONTRATO CGU | X2: ARP MIN. DAS CIDADES | AA2: ARP POLÍCIA FEDERAL | AD2: ARP CONSELHO FEDERAL DE ENFERMAGEM - COFEN | AG2: ARP MGI | AJ2: ARP MDH | AM2: PROPOSTA IMPACTO PRODUTORA | AP2: PROPOSTA GRUPO RG | AS2: PROPOSTA RD7 | AV2: PROPOSTA AGOGÔ | AZ2: Valor unitário | BF2: Valor total
D3: GRUPO I - ALIMENTAÇÃO E BEBIDAS | J3: CATSER | L3: ITEM DO CONTRATO | M3: VALOR UNITÁRIO | N3: VALOR TOTAL | O3: ITEM DO ARP nº 2/2025 | P3: VALOR UNITÁRIO | Q3: VALOR TOTAL | R3: ITEM DO ARP nº 2/2025 | S3: VALOR UNITÁRIO | T3: VALOR TOTAL | U3: ITEM DO CONTRATO | V3: VALOR UNITÁRIO | W3: VALOR TOTAL | X3: ITEM DO ARP nº 8/2025 | Y3: VALOR UNITÁRIO | Z3: VALOR TOTAL | AA3: ITEM DO ARP nº 9/2025 | AB3: VALOR UNITÁRIO | AC3: VALOR TOTAL | AD3: ITEM DO ARP nº 10/2025 | AE3: VALOR UNITÁRIO | AF3: VALOR TOTAL | AG3: ITEM DO ARP nº 11/2025 | AH3: VALOR UNITÁRIO | AI3: VALOR TOTAL | AJ3: ITEM DO ARP nº 01/2026 | AK3: VALOR UNITÁRIO | AL3: VALOR TOTAL | AM3: ITEM | AN3: VALOR UNITÁRIO | AO3: VALOR TOTAL | AP3: ITEM | AQ3: VALOR UNITÁRIO | AR3: VALOR TOTAL | AS3: ITEM | AT3: VALOR UNITÁRIO | AU3: VALOR TOTAL | AV3: ITEM | AW3: VALOR UNITÁRIO | AX3: VALOR TOTAL | AZ3: Mínimo | BA3: Média | BB3: Mediana | BC3: Máximo | BE3: Mínimo | BF3: Média | BG3: Mediana | BH3: Média Aparada
A4: 1 | B4: ALIMENTAÇÃO E BEBIDAS | C4: Água mineral - copo 200 ml | D4: Fornecimento de água mineral em copo individual de 200 ml. OBSERVAÇÃO: A água deverá estar gelada, bandejas para atendimento a mesas diretoras e salas de apoio pelo período do evento. | E4: UNIDADE | F4: 25000 | G4: =SUM(F4:F4) -> 25000 | H4: 4.73 | I4: =G4*H4 -> 118250 | J4: 445484 | K4: 25000 | L4: Não tem | N4: =M4*K4 -> 0 | O4: 284 | P4: 3 | Q4: =P4*K4 -> 75000 | R4: Não tem | T4: =S4*K4 -> 0 | U4: Não tem | W4: =V4*K4 -> 0 | X4: 121 | Y4: 2.58 | Z4: =Y4*K4 -> 64500 | AA4: Não tem | AC4: =AB4*K4 -> 0 | AD4: Não tem | AF4: =AE4*K4 -> 0 | AG4: Não tem | AI4: =AH4*K4 -> 0 | AJ4: Não tem | AL4: =AK4*K4 -> 0 | AM4: 1 | AN4: 4.9 | AO4: =AN4*K4 -> 122500 | AP4: 1 | AQ4: 8 | AR4: =AQ4*F4 -> 200000 | AS4: 1 | AT4: 6.5 | AU4: =AT4*F4 -> 162500 | AV4: 1 | AW4: 4.52 | AX4: =AW4*F4 -> 113000 | AZ4: =MIN(AK4,AH4,AE4,AB4,Y4,V4,S4,P4,M4,AN4,AQ4,AT4,AW4) -> 2.58 | BA4: =AVERAGE(AK4,AH4,AE4,AB4,Y4,V4,S4,P4,M4,AN4,AQ4,AT4,AW4) -> 4.9166667 | BB4: =MEDIAN(AK4,AH4,AE4,AB4,Y4,V4,S4,P4,M4,AN4,AQ4,AT4,AW4) -> 4.71 | BC4: =MAX(AK4,AH4,AE4,AB4,Y4,V4,S4,P4,M4,AN4,AQ4,AT4,AW4) -> 8 | BE4: =AZ4*$K4 -> 64500 | BF4: =BA4*$K4 -> 122916.67 | BG4: =BB4*$K4 -> 117750 | BH4: =(SUM(M4,P4,S4,V4,Y4,AB4,AE4,AH4,AK4,AN4,AQ4,AT4,AW4)-MAX(M4,P4,S4,V4,Y4,AB4,AE4,AH4,AK4,AN4,AQ4,AT4,AW4)-MIN(M4,P4,S4,V4,Y4,AB4,AE4,AH4,AK4,AN4,AQ4,AT4,AW4))/(COUNT(M4,P4,S4,V4,Y4,AB4,AE4,AH4,AK4,AN4,AQ4,AT4,AW4)-2) -> 4.73
A5: 2 | B5: ALIMENTAÇÃO E BEBIDAS | C5: Água mineral – Garrafão 20 litros | D5: Fornecimento de garrafão de água mineral com capacidade de 20 litros, devidamente lacrado e apropriado para consumo, destinado ao abastecimento de bebedouros ou utilização em pontos de apoio durante a realização do evento, conforme demanda e quantitativo definido pelo contratante. OBSERVAÇÃO: Deve acompanhar porta copo ou mobiliário de apoio. Ver item "Bebedouro". | E5: UNIDADE | F5: 2450 | G5: =SUM(F5:F5) -> 2450 | H5: 35.68 | I5: =G5*H5 -> 87416 | J5: 445485 | K5: 2450 | L5: Não tem | N5: =M5*K5 -> 0 | O5: Não tem | Q5: =P5*K5 -> 0 | R5: 579 | S5: 30 | T5: =S5*K5 -> 73500 | U5: 4.9 | V5: 20 | W5: =V5*K5 -> 49000 | X5: Não tem | Z5: =Y5*K5 -> 0 | AA5: 2 | AB5: 21 | AC5: =AB5*K5 -> 51450 | AD5: 98 | AE5: 23.39 | AF5: =AE5*K5 -> 57305.5 | AG5: Não tem | AI5: =AH5*K5 -> 0 | AJ5: 4.2 | AK5: 15 | AL5: =AK5*K5 -> 36750 | AM5: 2 | AN5: 44.8 | AO5: =AN5*K5 -> 109760 | AP5: 2 | AQ5: 120 | AR5: =AQ5*F5 -> 294000 | AS5: 2 | AT5: 75 | AU5: =AT5*F5 -> 183750 | AV5: 2 | AW5: 35.54 | AX5: =AW5*F5 -> 87073 | AZ5: =MIN(AK5,AH5,AE5,AB5,Y5,V5,S5,P5,M5,AN5,AQ5,AT5,AW5) -> 15 | BA5: =AVERAGE(AK5,AH5,AE5,AB5,Y5,V5,S5,P5,M5,AN5,AQ5,AT5,AW5) -> 42.747778 | BB5: =MEDIAN(AK5,AH5,AE5,AB5,Y5,V5,S5,P5,M5,AN5,AQ5,AT5,AW5) -> 30 | BC5: =MAX(AK5,AH5,AE5,AB5,Y5,V5,S5,P5,M5,AN5,AQ5,AT5,AW5) -> 120 | BE5: =AZ5*$K5 -> 36750 | BF5: =BA5*$K5 -> 104732.06 | BG5: =BB5*$K5 -> 73500 | BH5: =(SUM(M5,P5,S5,V5,Y5,AB5,AE5,AH5,AK5,AN5,AQ5,AT5,AW5)-MAX(M5,P5,S5,V5,Y5,AB5,AE5,AH5,AK5,AN5,AQ5,AT5,AW5)-MIN(M5,P5,S5,V5,Y5,AB5,AE5,AH5,AK5,AN5,AQ5,AT5,AW5))/(COUNT(M5,P5,S5,V5,Y5,AB5,AE5,AH5,AK5,AN5,AQ5,AT5,AW5)-2) -> 35.675714
A6: 3 | B6: ALIMENTAÇÃO E BEBIDAS | C6: Água mineral com gás – 500 ml | D6: Fornecimento de água mineral natural com gás, acondicionada em garrafa individual de 500 ml, devidamente lacrada e própria para consumo humano, atendendo às normas sanitárias vigentes. OBSERVAÇÃO: A água deverá estar gelada, bandejas para atendimento a mesas diretoras e salas de apoio pelo período do evento. | E6: UNIDADE | F6: 12300 | G6: =SUM(F6:F6) -> 12300 | H6: 6.86 | I6: =G6*H6 -> 84378 | J6: 445479 | K6: 12300 | L6: Não tem | N6: =M6*K6 -> 0 | O6: 276 | P6: 3 | Q6: =P6*K6 -> 36900 | R6: 578 | S6: 2.55 | T6: =S6*K6 -> 31365 | U6: Não tem | W6: =V6*K6 -> 0 | X6: 121 | Y6: 2.58 | Z6: =Y6*K6 -> 31734 | AA6: Não tem | AC6: =AB6*K6 -> 0 | AD6: Não tem | AF6: =AE6*K6 -> 0 | AG6: Não tem | AI6: =AH6*K6 -> 0 | AJ6: Não tem | AL6: =AK6*K6 -> 0 | AM6: 3 | AN6: 7.7 | AO6: =AN6*K6 -> 94710 | AP6: 3 | AQ6: 12 | AR6: =AQ6*F6 -> 147600 | AS6: 3 | AT6: 9 | AU6: =AT6*F6 -> 110700 | AV6: 3 | AW6: 12.12 | AX6: =AW6*F6 -> 149076 | AZ6: =MIN(AK6,AH6,AE6,AB6,Y6,V6,S6,P6,M6,AN6,AQ6,AT6,AW6) -> 2.55 | BA6: =AVERAGE(AK6,AH6,AE6,AB6,Y6,V6,S6,P6,M6,AN6,AQ6,AT6,AW6) -> 6.9928571 | BB6: =MEDIAN(AK6,AH6,AE6,AB6,Y6,V6,S6,P6,M6,AN6,AQ6,AT6,AW6) -> 7.7 | BC6: =MAX(AK6,AH6,AE6,AB6,Y6,V6,S6,P6,M6,AN6,AQ6,AT6,AW6) -> 12.12 | BE6: =AZ6*$K6 -> 31365 | BF6: =BA6*$K6 -> 86012.143 | BG6: =BB6*$K6 -> 94710 | BH6: =(SUM(M6,P6,S6,V6,Y6,AB6,AE6,AH6,AK6,AN6,AQ6,AT6,AW6)-MAX(M6,P6,S6,V6,Y6,AB6,AE6,AH6,AK6,AN6,AQ6,AT6,AW6)-MIN(M6,P6,S6,V6,Y6,AB6,AE6,AH6,AK6,AN6,AQ6,AT6,AW6))/(COUNT(M6,P6,S6,V6,Y6,AB6,AE6,AH6,AK6,AN6,AQ6,AT6,AW6)-2) -> 6.856
A7: 4 | B7: ALIMENTAÇÃO E BEBIDAS | C7: Água mineral sem gás – 500 ml | D7: Fornecimento de água mineral natural sem gás, acondicionada em garrafa individual de 500 ml, devidamente lacrada e apropriada para consumo humano, conforme padrões sanitários vigentes. OBSERVAÇÃO: A água deverá estar gelada, bandejas para atendimento a mesas diretoras e salas de apoio pelo período do evento. | E7: UNIDADE | F7: 39000 | G7: =SUM(F7:F7) -> 39000 | H7: 4.74 | I7: =G7*H7 -> 184860 | J7: 445484 | K7: 39000 | L7: Não tem | N7: =M7*K7 -> 0 | O7: 276 | P7: 3 | Q7: =P7*K7 -> 117000 | R7: 577 | S7: 2.5 | T7: =S7*K7 -> 97500 | U7: Não tem | W7: =V7*K7 -> 0 | X7: 121 | Y7: 2.58 | Z7: =Y7*K7 -> 100620 | AA7: 1 | AB7: 3 | AC7: =AB7*K7 -> 117000 | AD7: 97 | AE7: 1.62 | AF7: =AE7*K7 -> 63180 | AG7: 106 | AH7: 0.47 | AI7: =AH7*K7 -> 18330 | AJ7: 4.1 | AK7: 5 | AL7: =AK7*K7 -> 195000 | AM7: 4 | AN7: 6.3 | AO7: =AN7*K7 -> 245700 | AP7: 4 | AQ7: 12 | AR7: =AQ7*F7 -> 468000 | AS7: 4 | AT7: 9 | AU7: =AT7*F7 -> 351000 | AV7: 4 | AW7: 9.69 | AX7: =AW7*F7 -> 377910 | AZ7: =MIN(AK7,AH7,AE7,AB7,Y7,V7,S7,P7,M7,AN7,AQ7,AT7,AW7) -> 0.47 | BA7: =AVERAGE(AK7,AH7,AE7,AB7,Y7,V7,S7,P7,M7,AN7,AQ7,AT7,AW7) -> 5.0145455 | BB7: =MEDIAN(AK7,AH7,AE7,AB7,Y7,V7,S7,P7,M7,AN7,AQ7,AT7,AW7) -> 3 | BC7: =MAX(AK7,AH7,AE7,AB7,Y7,V7,S7,P7,M7,AN7,AQ7,AT7,AW7) -> 12 | BE7: =AZ7*$K7 -> 18330 | BF7: =BA7*$K7 -> 195567.27 | BG7: =BB7*$K7 -> 117000 | BH7: =(SUM(M7,P7,S7,V7,Y7,AB7,AE7,AH7,AK7,AN7,AQ7,AT7,AW7)-MAX(M7,P7,S7,V7,Y7,AB7,AE7,AH7,AK7,AN7,AQ7,AT7,AW7)-MIN(M7,P7,S7,V7,Y7,AB7,AE7,AH7,AK7,AN7,AQ7,AT7,AW7))/(COUNT(M7,P7,S7,V7,Y7,AB7,AE7,AH7,AK7,AN7,AQ7,AT7,AW7)-2) -> 4.7433333
A8: 5 | B8: ALIMENTAÇÃO E BEBIDAS | C8: Almoço/Jantar em restaurante - Tipo 01 | D8: Em restaurante de padrão internacional, cardápio mínimo: 2 opções de entradas, saladas variadas, 2 opções de carne, 3 guarnições, 2 sobremesas. Bebidas não alcoólicas (água, suco ou refrigerante). Cafezinho expresso ou filtrado no final. Podendo o cardápio ser vegetariano. OBSERVAÇÃO: A CONTRATADA providenciará a alocação de equipes de empregados, bem como disponibilizará todo o material necessário para a realização dos serviços de alimentação, tais como: mesas, toalhas, copos, talheres, louças, sousplats, pratarias, balde de gelo, bandejas, réchauds, copos de vidro, xícaras, açúcar, adoçante e demais materiais necessários à prestação dos serviços), materiais de serviço e limpeza (guardanapos, gelo, caixa térmica, fornos, fogões, fritadeiras e outros), e os custos deverão estar inclusos nos preços. Toda a alimentação deverá estar de acordo com o guia de alimentação saudável e com a Portaria nº 1.274 de 07 de julho de 2016, do Ministério da Saúde. | E8: POR PESSOA | F8: 500 | G8: =SUM(F8:F8) -> 500 | H8: 253.96 | I8: =G8*H8 -> 126980 | J8: 12807 | K8: 500 | L8: 169 | M8: 336 | N8: =M8*K8 -> 168000 | O8: 270 | P8: 80 | Q8: =P8*K8 -> 40000 | R8: Não tem | T8: =S8*K8 -> 0 | U8: 4.13 | V8: 50 | W8: =V8*K8 -> 25000 | X8: Não tem | Z8: =Y8*K8 -> 0 | AA8: Não tem | AC8: =AB8*K8 -> 0 | AD8: Não tem | AF8: =AE8*K8 -> 0 | AG8: Não tem | AI8: =AH8*K8 -> 0 | AJ8: Não tem | AL8: =AK8*K8 -> 0 | AM8: 5 | AN8: 252 | AO8: =AN8*K8 -> 126000 | AP8: 5 | AQ8: 370 | AR8: =AQ8*F8 -> 185000 | AS8: 5 | AT8: 311 | AU8: =AT8*F8 -> 155500 | AV8: 5 | AW8: 290.79 | AX8: =AW8*F8 -> 145395 | AZ8: =MIN(AK8,AH8,AE8,AB8,Y8,V8,S8,P8,M8,AN8,AQ8,AT8,AW8) -> 50 | BA8: =AVERAGE(AK8,AH8,AE8,AB8,Y8,V8,S8,P8,M8,AN8,AQ8,AT8,AW8) -> 241.39857 | BB8: =MEDIAN(AK8,AH8,AE8,AB8,Y8,V8,S8,P8,M8,AN8,AQ8,AT8,AW8) -> 290.79 | BC8: =MAX(AK8,AH8,AE8,AB8,Y8,V8,S8,P8,M8,AN8,AQ8,AT8,AW8) -> 370 | BE8: =AZ8*$K8 -> 25000 | BF8: =BA8*$K8 -> 120699.29 | BG8: =BB8*$K8 -> 145395 | BH8: =(SUM(M8,P8,S8,V8,Y8,AB8,AE8,AH8,AK8,AN8,AQ8,AT8,AW8)-MAX(M8,P8,S8,V8,Y8,AB8,AE8,AH8,AK8,AN8,AQ8,AT8,AW8)-MIN(M8,P8,S8,V8,Y8,AB8,AE8,AH8,AK8,AN8,AQ8,AT8,AW8))/(COUNT(M8,P8,S8,V8,Y8,AB8,AE8,AH8,AK8,AN8,AQ8,AT8,AW8)-2) -> 253.958
A9: 6 | B9: ALIMENTAÇÃO E BEBIDAS | C9: Almoço/Jantar em restaurante - Tipo 02 | D9: Em restaurante de padrão internacional, cardápio mínimo: 2 opções de entradas, saladas variadas, 2 opções de carne, 3 guarnições, 2 sobremesas. Bebidas: Água mineral (com e sem gás), refrigerante (normal e zero), 2 opções de suco da fruta natural, cerveja ou chopp, vinho tinto e branco nacional de reconhecida qualidade. Cafezinho expresso ou filtrado no final. Podendo o cardápio ser vegetariano. OBSERVAÇÃO: A CONTRATADA providenciará a alocação de equipes de empregados, bem como disponibilizará todo o material necessário para a realização dos serviços de alimentação, tais como: mesas, toalhas, copos, talheres, louças, sousplats, pratarias, balde de gelo, bandejas, réchauds, copos de vidro, xícaras, açúcar, adoçante e demais materiais necessários à prestação dos serviços), materiais de serviço e limpeza (guardanapos, gelo, caixa térmica, fornos, fogões, fritadeiras e outros), e os custos deverão estar inclusos nos preços. Toda a alimentação deverá estar de acordo com o guia de alimentação saudável e com a Portaria nº 1.274 de 07 de julho de 2016, do Ministério da Saúde. | E9: POR PESSOA | F9: 500 | G9: =SUM(F9:F9) -> 500 | H9: 353.97 | I9: =G9*H9 -> 176985 | J9: 12807 | K9: 500 | L9: 170 | M9: 395 | N9: =M9*K9 -> 197500 | O9: Não tem | Q9: =P9*K9 -> 0 | R9: 590 | S9: 250 | T9: =S9*K9 -> 125000 | U9: Não tem | W9: =V9*K9 -> 0 | X9: Não tem | Z9: =Y9*K9 -> 0 | AA9: Não tem | AC9: =AB9*K9 -> 0 | AD9: Não tem | AF9: =AE9*K9 -> 0 | AG9: 97 | AH9: 290.42 | AI9: =AH9*K9 -> 145210 | AJ9: Não tem | AL9: =AK9*K9 -> 0 | AM9: 6 | AN9: 364 | AO9: =AN9*K9 -> 182000 | AP9: 6 | AQ9: 385 | AR9: =AQ9*F9 -> 192500 | AS9: 6 | AT9: 375 | AU9: =AT9*F9 -> 187500 | AV9: 6 | AW9: 355.41 | AX9: =AW9*F9 -> 177705 | AZ9: =MIN(AK9,AH9,AE9,AB9,Y9,V9,S9,P9,M9,AN9,AQ9,AT9,AW9) -> 250 | BA9: =AVERAGE(AK9,AH9,AE9,AB9,Y9,V9,S9,P9,M9,AN9,AQ9,AT9,AW9) -> 344.97571 | BB9: =MEDIAN(AK9,AH9,AE9,AB9,Y9,V9,S9,P9,M9,AN9,AQ9,AT9,AW9) -> 364 | BC9: =MAX(AK9,AH9,AE9,AB9,Y9,V9,S9,P9,M9,AN9,AQ9,AT9,AW9) -> 395 | BE9: =AZ9*$K9 -> 125000 | BF9: =BA9*$K9 -> 172487.86 | BG9: =BB9*$K9 -> 182000 | BH9: =(SUM(M9,P9,S9,V9,Y9,AB9,AE9,AH9,AK9,AN9,AQ9,AT9,AW9)-MAX(M9,P9,S9,V9,Y9,AB9,AE9,AH9,AK9,AN9,AQ9,AT9,AW9)-MIN(M9,P9,S9,V9,Y9,AB9,AE9,AH9,AK9,AN9,AQ9,AT9,AW9))/(COUNT(M9,P9,S9,V9,Y9,AB9,AE9,AH9,AK9,AN9,AQ9,AT9,AW9)-2) -> 353.966
A10: 7 | B10: ALIMENTAÇÃO E BEBIDAS | C10: Almoço/Jantar em restaurante - Tipo 03 | D10: Em restaurante de padrão internacional, cardápio mínimo: couvert, 2 opções de entrada, 2 pratos principais (opções de peixe, carne nobre ou massa, com respectivas guarnições), saladas variadas, 3 opções de sobremesa. Bebidas: Água mineral (com e sem gás), refrigerante (normal e zero), 2 opções de suco da fruta natural, deverão ser servidos vinhos tintos e brancos, espumantes do tipo brut. Deverá ser oferecido com serviço à francesa ou à inglesa, de acordo com a conveniência do contratante. Cafezinho expresso ou filtrado no final. Podendo o cardápio ser vegetariano. OBSERVAÇÃO: A CONTRATADA providenciará a alocação de equipes de empregados, bem como disponibilizará todo o material necessário para a realização dos serviços de alimentação, tais como: mesas, toalhas, copos, talheres, louças, sousplats, pratarias, balde de gelo, bandejas, réchauds, copos de vidro, xícaras, açúcar, adoçante e demais materiais necessários à prestação dos serviços), materiais de serviço e limpeza (guardanapos, gelo, caixa térmica, fornos, fogões, fritadeiras e outros), e os custos deverão estar inclusos nos preços. Toda a alimentação deverá estar de acordo com o guia de alimentação saudável e com a Portaria nº 1.274 de 07 de julho de 2016, do Ministério da Saúde. | E10: POR PESSOA | F10: 500 | G10: =SUM(F10:F10) -> 500 | H10: 473.59 | I10: =G10*H10 -> 236795 | J10: 12807 | K10: 500 | L10: 171 | M10: 558 | N10: =M10*K10 -> 279000 | O10: Não tem | Q10: =P10*K10 -> 0 | R10: Não tem | T10: =S10*K10 -> 0 | U10: Não tem | W10: =V10*K10 -> 0 | X10: Não tem | Z10: =Y10*K10 -> 0 | AA10: Não tem | AC10: =AB10*K10 -> 0 | AD10: Não tem | AF10: =AE10*K10 -> 0 | AG10: 98 | AH10: 385.4 | AI10: =AH10*K10 -> 192700 | AJ10: Não tem | AL10: =AK10*K10 -> 0 | AM10: 7 | AN10: 532 | AO10: =AN10*K10 -> 266000 | AP10: 7 | AQ10: 430 | AR10: =AQ10*F10 -> 215000 | AS10: 7 | AT10: 480 | AU10: =AT10*F10 -> 240000 | AV10: 7 | AW10: 452.34 | AX10: =AW10*F10 -> 226170 | AZ10: =MIN(AK10,AH10,AE10,AB10,Y10,V10,S10,P10,M10,AN10,AQ10,AT10,AW10) -> 385.4 | BA10: =AVERAGE(AK10,AH10,AE10,AB10,Y10,V10,S10,P10,M10,AN10,AQ10,AT10,AW10) -> 472.95667 | BB10: =MEDIAN(AK10,AH10,AE10,AB10,Y10,V10,S10,P10,M10,AN10,AQ10,AT10,AW10) -> 466.17 | BC10: =MAX(AK10,AH10,AE10,AB10,Y10,V10,S10,P10,M10,AN10,AQ10,AT10,AW10) -> 558 | BE10: =AZ10*$K10 -> 192700 | BF10: =BA10*$K10 -> 236478.33 | BG10: =BB10*$K10 -> 233085 | BH10: =(SUM(M10,P10,S10,V10,Y10,AB10,AE10,AH10,AK10,AN10,AQ10,AT10,AW10)-MAX(M10,P10,S10,V10,Y10,AB10,AE10,AH10,AK10,AN10,AQ10,AT10,AW10)-MIN(M10,P10,S10,V10,Y10,AB10,AE10,AH10,AK10,AN10,AQ10,AT10,AW10))/(COUNT(M10,P10,S10,V10,Y10,AB10,AE10,AH10,AK10,AN10,AQ10,AT10,AW10)-2) -> 473.585
